Workbook

Sheet Breakeven
B2: BREAKEVEN & RECOVERY
B3: Revision 7 · Livingstone, Zambia · new 20-suite encampment under a proposed government land partnership · no land rent or deposit · EUR reporting
B5: CONSERVATIVE YEAR 1 CASH BREAKEVEN | F5: OPERATING CASH POSITIVE | J5: STARTUP SPEND RECOVERED
B6: =IF(ISNUMBER(F14),ROUNDUP(F14,0),"Not feasible") -> 135 | F6: =C45 -> 5 | J6: =C47 -> 53
B8: =IF(ISNUMBER(F14),TEXT(ROUNDUP(F14,0)/Inputs!$D$16,"0.00%")&" of annual capacity","Threshold not feasible under current inputs: contribution per suite-week is not positive or the requirement exceeds capacity") -> 16.88% of annual capacity | F8: ="Project month "&D45&" · cumulative free cash "&TEXT(E45,"€#,##0") -> Project month 23 · cumulative free cash €61,089 | J8: ="Project month "&D47&" · total startup spend "&TEXT(E47,"€#,##0") -> Project month 71 · total startup spend €3,819,551
B11: VISIBLE CASH BREAKEVEN CALCULATION | H11: CASE COMPARISON
B12: Net package per paid suite-week | C12: ='Five Year'!D8 -> 6500 | E12: Fixed + mission floor | F12: =C19+C20 -> 544066.39 | H12: Case | I12: Cash threshold | J12: Rounded weeks | K12: Whole capacity | L12: EBITDA threshold | M12: EBITDA package at forecast
B13: Delivery per paid suite-week | C13: ='Five Year'!D11 -> 1153.3668 | E13: Cash contribution / paid suite-week | F13: =C12*(1-C14)-C13-C12*C16-C12*C17 -> 4046.6332 | H13: Conservative | I13: ='Five Year'!D32*Inputs!$D$16 -> 134.44915 | J13: =ROUNDUP(I13,0) -> 135 | K13: =J13/Inputs!$D$16 -> 0.16875 | L13: ='Five Year'!D30*Inputs!$D$16 -> 119.1395 | M13: ='Five Year'!D31 -> 3242.698
B14: Sales and payment rate | C14: ='Five Year'!D48 -> 0.12 | E14: Continuous cash breakeven | F14: =IF(OR(MIN(F27:F30)<=0,MAX(C27:C30)<=0,MAX(C27:C30)>C22),"Not feasible",MAX(C27:C30)) -> 134.44915 | H14: Middle | I14: =Average!D32*Inputs!$D$16 -> 126.01789 | J14: =ROUNDUP(I14,0) -> 127 | K14: =J14/Inputs!$D$16 -> 0.15875 | L14: =Average!D30*Inputs!$D$16 -> 112.05349 | M14: =Average!D31 -> 2912.4813
B15: Mission revenue share | C15: =Inputs!D51 -> 0.08 | E15: Whole paid suite-weeks | F15: =IF(ISNUMBER(F14),ROUNDUP(F14,0),"Not feasible") -> 135 | H15: High | I15: ='High Performance'!D32*Inputs!$D$16 -> 119.14906 | J15: =ROUNDUP(I15,0) -> 120 | K15: =J15/Inputs!$D$16 -> 0.15 | L15: ='High Performance'!D30*Inputs!$D$16 -> 106.24242 | M15: ='High Performance'!D31 -> 2717.9113
B16: Replacement rate | C16: =Inputs!D52 -> 0.03 | E16: Cash at one week below | F16: =C32 -> -1817.5321
B17: Initial Year 1 working-capital rate | C17: =Inputs!D53 -> 0.05 | E17: Cash at rounded threshold | F17: =C33 -> 2229.1011
B18: Modelled tax rate | C18: =Inputs!D54 -> 0.3 | E18: Threshold net sales | F18: =F15*C12 -> 877500 | H18: ACCOUNTING PROFIT BREAKEVEN | I18: =MAX(($C$19+$C$20+$C$21)/($C$12*(1-$C$14)-$C$13-$C$12*$C$16/10),($C$19+$C$21)/($C$12*(1-$C$14-$C$15)-$C$13-$C$12*$C$16/10)) -> 184.63597 | J18: =ROUNDUP(I18,0) -> 185 | K18: =J18/Inputs!$D$16 -> 0.23125
B19: Fixed site and central expenses | C19: ='Five Year'!D15+'Five Year'!D16 -> 444066.39 | E19: Threshold accounting profit | F19: =C35 -> -225701.37
B20: Mission floor | C20: =Inputs!D50 -> 100000 | E20: Threshold tax | F20: =C36 -> 0
B21: Initial annual depreciation, life-capped Year 1 | C21: ='Asset Register'!G25 -> 295497.97
B22: Annual capacity, suite-weeks | C22: =Inputs!D16 -> 800
B23: Development months before handover | C23: =COUNT(Development!$D$5:$U$5) -> 18
B25: DYNAMIC CASH THRESHOLD · FOUR STRAIGHT-LINE CASES
B26: Case | C26: Continuous paid suite-weeks | D26: Mission branch | E26: Tax branch | F26: Cash contribution slope
B27: Floor / non-taxable | C27: =(C19+C20)/(C12*(1-C14)-C13-C12*(C16+C17)) -> 134.44915 | D27: Mission floor | E27: Tax zero | F27: =C12*(1-C14)-C13-C12*(C16+C17) -> 4046.6332
B28: Share / non-taxable | C28: =C19/(C12*(1-C14-C15)-C13-C12*(C16+C17)) -> 125.91794 | D28: Revenue share | E28: Tax zero | F28: =C12*(1-C14-C15)-C13-C12*(C16+C17) -> 3526.6332
B29: Floor / taxable | C29: =((1-C18)*(C19+C20)-C18*C21)/((1-C18)*(C12*(1-C14)-C13)+C18*(C12*C16/10)-C12*(C16+C17)) -> 108.92742 | D29: Mission floor | E29: Tax applies | F29: =(1-C18)*(C12*(1-C14)-C13)+C18*(C12*C16/10)-C12*(C16+C17) -> 2682.4933
B30: Share / taxable | C30: =((1-C18)*C19-C18*C21)/((1-C18)*(C12*(1-C14-C15)-C13)+C18*(C12*C16/10)-C12*(C16+C17)) -> 95.836844 | D30: Revenue share | E30: Tax applies | F30: =(1-C18)*(C12*(1-C14-C15)-C13)+C18*(C12*C16/10)-C12*(C16+C17) -> 2318.4933
E31: Minimum slope (must be positive) | F31: =MIN(F27:F30) -> 2318.4933
B32: Cash at 134 paid suite-weeks | C32: =(($C$12*134-$C$13*134-$C$14*$C$12*134-MAX($C$20,$C$15*$C$12*134)-$C$19)-$C$18*MAX(0,($C$12*134-$C$13*134-$C$14*$C$12*134-MAX($C$20,$C$15*$C$12*134)-$C$19)-$C$21-$C$12*$C$16/10*134)-$C$12*($C$16+$C$17)*134) -> -1817.5321
B33: Cash at 135 paid suite-weeks | C33: =(($C$12*135-$C$13*135-$C$14*$C$12*135-MAX($C$20,$C$15*$C$12*135)-$C$19)-$C$18*MAX(0,($C$12*135-$C$13*135-$C$14*$C$12*135-MAX($C$20,$C$15*$C$12*135)-$C$19)-$C$21-$C$12*$C$16/10*135)-$C$12*($C$16+$C$17)*135) -> 2229.1011
B34: EBITDA at cash threshold | C34: =$C$12*$F$15-$C$13*$F$15-$C$14*$C$12*$F$15-MAX($C$20,$C$15*$C$12*$F$15)-$C$19 -> 72429.101
B35: Accounting profit at cash threshold | C35: =C34-$C$21-$C$12*$C$16/10*$F$15 -> -225701.37
B36: Tax at cash threshold | C36: =$C$18*MAX(0,C35) -> 0
B40: CONSERVATIVE RECOVERY MILESTONES
B41: Milestone | C41: Operating month | D41: Project month | E41: Amount / threshold | F41: Meaning
B43: First individual monthly cash surplus (that month’s flow) | C43: =MATCH(TRUE(),D54:D112-D53:D111>0,0)+1 -> 3 | D43: =C43+$C$23 -> 21 | E43: =INDEX(D53:D112,C43)-INDEX(D53:D112,C43-1) -> 65518.774 | F43: That month's own cash flow, not cumulative cash
B45: Cumulative operating free cash first positive | C45: =MATCH(TRUE(),D53:D112>0,0) -> 5 | D45: =C45+$C$23 -> 23 | E45: =INDEX(D53:D112,C45) -> 61089.345 | F45: Generated since operations began; excludes opening reserve
B47: Total capital + pre-opening use recovered | C47: =MATCH(TRUE(),D53:D112>=Capital!$D$36,0) -> 53 | D47: =C47+$C$23 -> 71 | E47: =Capital!$D$36 -> 3819550.8 | F47: Startup-spend comparison; not investor payout or IRR
B48: Base committed funding exceeded | C48: =MATCH(TRUE(),D53:D112>=Capital!$D$37,0) -> 58 | D48: =C48+$C$23 -> 76 | E48: =Capital!$D$37 -> 4619550.8 | F48: Capital-commitment comparison only
B49: Stress-covered funding recovered | C49: =IFERROR(MATCH(TRUE(),D53:D112>=Capital!$D$41,0),"Not within 5 operating years") -> Not within 5 operating years | D49: =IF(ISNUMBER(C49),C49+$C$23,"—") -> — | E49: =Capital!$D$41 -> 5829550.8 | F49: Five-year cumulative free cash is below this threshold
B51: Operating month | C51: Project month | D51: Cumulative operating free cash | E51: Startup spend | F51: Base funding | G51: Stress-covered funding
B53: 1 | C53: =B53+$C$23 -> 19 | D53: =Stress!D53-Capital!$D$39 -> -67733.489 | E53: =Capital!$D$36 -> 3819550.8 | F53: =Capital!$D$37 -> 4619550.8 | G53: =Capital!$D$41 -> 5829550.8
B54: 2 | C54: =B54+$C$23 -> 20 | D54: =Stress!E53-Capital!$D$39 -> -135466.98 | E54: =Capital!$D$36 -> 3819550.8 | F54: =Capital!$D$37 -> 4619550.8 | G54: =Capital!$D$41 -> 5829550.8
B55: 3 | C55: =B55+$C$23 -> 21 | D55: =Stress!F53-Capital!$D$39 -> -69948.204 | E55: =Capital!$D$36 -> 3819550.8 | F55: =Capital!$D$37 -> 4619550.8 | G55: =Capital!$D$41 -> 5829550.8
B56: 4 | C56: =B56+$C$23 -> 22 | D56: =Stress!G53-Capital!$D$39 -> -4429.4292 | E56: =Capital!$D$36 -> 3819550.8 | F56: =Capital!$D$37 -> 4619550.8 | G56: =Capital!$D$41 -> 5829550.8
B57: 5 | C57: =B57+$C$23 -> 23 | D57: =Stress!H53-Capital!$D$39 -> 61089.345 | E57: =Capital!$D$36 -> 3819550.8 | F57: =Capital!$D$37 -> 4619550.8 | G57: =Capital!$D$41 -> 5829550.8
B58: 6 | C58: =B58+$C$23 -> 24 | D58: =Stress!I53-Capital!$D$39 -> 126608.12 | E58: =Capital!$D$36 -> 3819550.8 | F58: =Capital!$D$37 -> 4619550.8 | G58: =Capital!$D$41 -> 5829550.8
B59: 7 | C59: =B59+$C$23 -> 25 | D59: =Stress!J53-Capital!$D$39 -> 192126.89 | E59: =Capital!$D$36 -> 3819550.8 | F59: =Capital!$D$37 -> 4619550.8 | G59: =Capital!$D$41 -> 5829550.8
B60: 8 | C60: =B60+$C$23 -> 26 | D60: =Stress!K53-Capital!$D$39 -> 257645.67 | E60: =Capital!$D$36 -> 3819550.8 | F60: =Capital!$D$37 -> 4619550.8 | G60: =Capital!$D$41 -> 5829550.8
B61: 9 | C61: =B61+$C$23 -> 27 | D61: =Stress!L53-Capital!$D$39 -> 323164.44 | E61: =Capital!$D$36 -> 3819550.8 | F61: =Capital!$D$37 -> 4619550.8 | G61: =Capital!$D$41 -> 5829550.8
B62: 10 | C62: =B62+$C$23 -> 28 | D62: =Stress!M53-Capital!$D$39 -> 388683.22 | E62: =Capital!$D$36 -> 3819550.8 | F62: =Capital!$D$37 -> 4619550.8 | G62: =Capital!$D$41 -> 5829550.8
B63: 11 | C63: =B63+$C$23 -> 29 | D63: =Stress!N53-Capital!$D$39 -> 454201.99 | E63: =Capital!$D$36 -> 3819550.8 | F63: =Capital!$D$37 -> 4619550.8 | G63: =Capital!$D$41 -> 5829550.8
B64: 12 | C64: =B64+$C$23 -> 30 | D64: =Stress!O53-Capital!$D$39 -> 519720.77 | E64: =Capital!$D$36 -> 3819550.8 | F64: =Capital!$D$37 -> 4619550.8 | G64: =Capital!$D$41 -> 5829550.8
B65: 13 | C65: =B65+$C$23 -> 31 | D65: =Stress!D54-Capital!$D$39 -> 447982.84 | E65: =Capital!$D$36 -> 3819550.8 | F65: =Capital!$D$37 -> 4619550.8 | G65: =Capital!$D$41 -> 5829550.8
B66: 14 | C66: =B66+$C$23 -> 32 | D66: =Stress!E54-Capital!$D$39 -> 376244.91 | E66: =Capital!$D$36 -> 3819550.8 | F66: =Capital!$D$37 -> 4619550.8 | G66: =Capital!$D$41 -> 5829550.8
B67: 15 | C67: =B67+$C$23 -> 33 | D67: =Stress!F54-Capital!$D$39 -> 472447.86 | E67: =Capital!$D$36 -> 3819550.8 | F67: =Capital!$D$37 -> 4619550.8 | G67: =Capital!$D$41 -> 5829550.8
B68: 16 | C68: =B68+$C$23 -> 34 | D68: =Stress!G54-Capital!$D$39 -> 568650.8 | E68: =Capital!$D$36 -> 3819550.8 | F68: =Capital!$D$37 -> 4619550.8 | G68: =Capital!$D$41 -> 5829550.8
B69: 17 | C69: =B69+$C$23 -> 35 | D69: =Stress!H54-Capital!$D$39 -> 664853.75 | E69: =Capital!$D$36 -> 3819550.8 | F69: =Capital!$D$37 -> 4619550.8 | G69: =Capital!$D$41 -> 5829550.8
B70: 18 | C70: =B70+$C$23 -> 36 | D70: =Stress!I54-Capital!$D$39 -> 761056.7 | E70: =Capital!$D$36 -> 3819550.8 | F70: =Capital!$D$37 -> 4619550.8 | G70: =Capital!$D$41 -> 5829550.8
B71: 19 | C71: =B71+$C$23 -> 37 | D71: =Stress!J54-Capital!$D$39 -> 857259.65 | E71: =Capital!$D$36 -> 3819550.8 | F71: =Capital!$D$37 -> 4619550.8 | G71: =Capital!$D$41 -> 5829550.8
B72: 20 | C72: =B72+$C$23 -> 38 | D72: =Stress!K54-Capital!$D$39 -> 953462.6 | E72: =Capital!$D$36 -> 3819550.8 | F72: =Capital!$D$37 -> 4619550.8 | G72: =Capital!$D$41 -> 5829550.8
B73: 21 | C73: =B73+$C$23 -> 39 | D73: =Stress!L54-Capital!$D$39 -> 1049665.6 | E73: =Capital!$D$36 -> 3819550.8 | F73: =Capital!$D$37 -> 4619550.8 | G73: =Capital!$D$41 -> 5829550.8
B74: 22 | C74: =B74+$C$23 -> 40 | D74: =Stress!M54-Capital!$D$39 -> 1145868.5 | E74: =Capital!$D$36 -> 3819550.8 | F74: =Capital!$D$37 -> 4619550.8 | G74: =Capital!$D$41 -> 5829550.8
B75: 23 | C75: =B75+$C$23 -> 41 | D75: =Stress!N54-Capital!$D$39 -> 1242071.4 | E75: =Capital!$D$36 -> 3819550.8 | F75: =Capital!$D$37 -> 4619550.8 | G75: =Capital!$D$41 -> 5829550.8
B76: 24 | C76: =B76+$C$23 -> 42 | D76: =Stress!O54-Capital!$D$39 -> 1338274.4 | E76: =Capital!$D$36 -> 3819550.8 | F76: =Capital!$D$37 -> 4619550.8 | G76: =Capital!$D$41 -> 5829550.8
B77: 25 | C77: =B77+$C$23 -> 43 | D77: =Stress!D55-Capital!$D$39 -> 1256096.9 | E77: =Capital!$D$36 -> 3819550.8 | F77: =Capital!$D$37 -> 4619550.8 | G77: =Capital!$D$41 -> 5829550.8
B78: 26 | C78: =B78+$C$23 -> 44 | D78: =Stress!E55-Capital!$D$39 -> 1173919.3 | E78: =Capital!$D$36 -> 3819550.8 | F78: =Capital!$D$37 -> 4619550.8 | G78: =Capital!$D$41 -> 5829550.8
B79: 27 | C79: =B79+$C$23 -> 45 | D79: =Stress!F55-Capital!$D$39 -> 1294838.5 | E79: =Capital!$D$36 -> 3819550.8 | F79: =Capital!$D$37 -> 4619550.8 | G79: =Capital!$D$41 -> 5829550.8
B80: 28 | C80: =B80+$C$23 -> 46 | D80: =Stress!G55-Capital!$D$39 -> 1415757.6 | E80: =Capital!$D$36 -> 3819550.8 | F80: =Capital!$D$37 -> 4619550.8 | G80: =Capital!$D$41 -> 5829550.8
B81: 29 | C81: =B81+$C$23 -> 47 | D81: =Stress!H55-Capital!$D$39 -> 1536676.8 | E81: =Capital!$D$36 -> 3819550.8 | F81: =Capital!$D$37 -> 4619550.8 | G81: =Capital!$D$41 -> 5829550.8
B82: 30 | C82: =B82+$C$23 -> 48 | D82: =Stress!I55-Capital!$D$39 -> 1657595.9 | E82: =Capital!$D$36 -> 3819550.8 | F82: =Capital!$D$37 -> 4619550.8 | G82: =Capital!$D$41 -> 5829550.8
B83: 31 | C83: =B83+$C$23 -> 49 | D83: =Stress!J55-Capital!$D$39 -> 1778515.1 | E83: =Capital!$D$36 -> 3819550.8 | F83: =Capital!$D$37 -> 4619550.8 | G83: =Capital!$D$41 -> 5829550.8
B84: 32 | C84: =B84+$C$23 -> 50 | D84: =Stress!K55-Capital!$D$39 -> 1899434.2 | E84: =Capital!$D$36 -> 3819550.8 | F84: =Capital!$D$37 -> 4619550.8 | G84: =Capital!$D$41 -> 5829550.8
B85: 33 | C85: =B85+$C$23 -> 51 | D85: =Stress!L55-Capital!$D$39 -> 2020353.4 | E85: =Capital!$D$36 -> 3819550.8 | F85: =Capital!$D$37 -> 4619550.8 | G85: =Capital!$D$41 -> 5829550.8
B86: 34 | C86: =B86+$C$23 -> 52 | D86: =Stress!M55-Capital!$D$39 -> 2141272.5 | E86: =Capital!$D$36 -> 3819550.8 | F86: =Capital!$D$37 -> 4619550.8 | G86: =Capital!$D$41 -> 5829550.8
B87: 35 | C87: =B87+$C$23 -> 53 | D87: =Stress!N55-Capital!$D$39 -> 2262191.7 | E87: =Capital!$D$36 -> 3819550.8 | F87: =Capital!$D$37 -> 4619550.8 | G87: =Capital!$D$41 -> 5829550.8
B88: 36 | C88: =B88+$C$23 -> 54 | D88: =Stress!O55-Capital!$D$39 -> 2383110.8 | E88: =Capital!$D$36 -> 3819550.8 | F88: =Capital!$D$37 -> 4619550.8 | G88: =Capital!$D$41 -> 5829550.8
B89: 37 | C89: =B89+$C$23 -> 55 | D89: =Stress!D56-Capital!$D$39 -> 2291712.4 | E89: =Capital!$D$36 -> 3819550.8 | F89: =Capital!$D$37 -> 4619550.8 | G89: =Capital!$D$41 -> 5829550.8
B90: 38 | C90: =B90+$C$23 -> 56 | D90: =Stress!E56-Capital!$D$39 -> 2200314 | E90: =Capital!$D$36 -> 3819550.8 | F90: =Capital!$D$37 -> 4619550.8 | G90: =Capital!$D$41 -> 5829550.8
B91: 39 | C91: =B91+$C$23 -> 57 | D91: =Stress!F56-Capital!$D$39 -> 2343574.3 | E91: =Capital!$D$36 -> 3819550.8 | F91: =Capital!$D$37 -> 4619550.8 | G91: =Capital!$D$41 -> 5829550.8
B92: 40 | C92: =B92+$C$23 -> 58 | D92: =Stress!G56-Capital!$D$39 -> 2486834.7 | E92: =Capital!$D$36 -> 3819550.8 | F92: =Capital!$D$37 -> 4619550.8 | G92: =Capital!$D$41 -> 5829550.8
B93: 41 | C93: =B93+$C$23 -> 59 | D93: =Stress!H56-Capital!$D$39 -> 2630095.1 | E93: =Capital!$D$36 -> 3819550.8 | F93: =Capital!$D$37 -> 4619550.8 | G93: =Capital!$D$41 -> 5829550.8
B94: 42 | C94: =B94+$C$23 -> 60 | D94: =Stress!I56-Capital!$D$39 -> 2773355.4 | E94: =Capital!$D$36 -> 3819550.8 | F94: =Capital!$D$37 -> 4619550.8 | G94: =Capital!$D$41 -> 5829550.8
B95: 43 | C95: =B95+$C$23 -> 61 | D95: =Stress!J56-Capital!$D$39 -> 2916615.8 | E95: =Capital!$D$36 -> 3819550.8 | F95: =Capital!$D$37 -> 4619550.8 | G95: =Capital!$D$41 -> 5829550.8
B96: 44 | C96: =B96+$C$23 -> 62 | D96: =Stress!K56-Capital!$D$39 -> 3059876.2 | E96: =Capital!$D$36 -> 3819550.8 | F96: =Capital!$D$37 -> 4619550.8 | G96: =Capital!$D$41 -> 5829550.8
B97: 45 | C97: =B97+$C$23 -> 63 | D97: =Stress!L56-Capital!$D$39 -> 3203136.5 | E97: =Capital!$D$36 -> 3819550.8 | F97: =Capital!$D$37 -> 4619550.8 | G97: =Capital!$D$41 -> 5829550.8
B98: 46 | C98: =B98+$C$23 -> 64 | D98: =Stress!M56-Capital!$D$39 -> 3346396.9 | E98: =Capital!$D$36 -> 3819550.8 | F98: =Capital!$D$37 -> 4619550.8 | G98: =Capital!$D$41 -> 5829550.8
B99: 47 | C99: =B99+$C$23 -> 65 | D99: =Stress!N56-Capital!$D$39 -> 3489657.3 | E99: =Capital!$D$36 -> 3819550.8 | F99: =Capital!$D$37 -> 4619550.8 | G99: =Capital!$D$41 -> 5829550.8
B100: 48 | C100: =B100+$C$23 -> 66 | D100: =Stress!O56-Capital!$D$39 -> 3632917.6 | E100: =Capital!$D$36 -> 3819550.8 | F100: =Capital!$D$37 -> 4619550.8 | G100: =Capital!$D$41 -> 5829550.8
B101: 49 | C101: =B101+$C$23 -> 67 | D101: =Stress!D57-Capital!$D$39 -> 3530963.9 | E101: =Capital!$D$36 -> 3819550.8 | F101: =Capital!$D$37 -> 4619550.8 | G101: =Capital!$D$41 -> 5829550.8
B102: 50 | C102: =B102+$C$23 -> 68 | D102: =Stress!E57-Capital!$D$39 -> 3429010.2 | E102: =Capital!$D$36 -> 3819550.8 | F102: =Capital!$D$37 -> 4619550.8 | G102: =Capital!$D$41 -> 5829550.8
B103: 51 | C103: =B103+$C$23 -> 69 | D103: =Stress!F57-Capital!$D$39 -> 3596508.5 | E103: =Capital!$D$36 -> 3819550.8 | F103: =Capital!$D$37 -> 4619550.8 | G103: =Capital!$D$41 -> 5829550.8
B104: 52 | C104: =B104+$C$23 -> 70 | D104: =Stress!G57-Capital!$D$39 -> 3764006.7 | E104: =Capital!$D$36 -> 3819550.8 | F104: =Capital!$D$37 -> 4619550.8 | G104: =Capital!$D$41 -> 5829550.8
B105: 53 | C105: =B105+$C$23 -> 71 | D105: =Stress!H57-Capital!$D$39 -> 3931505 | E105: =Capital!$D$36 -> 3819550.8 | F105: =Capital!$D$37 -> 4619550.8 | G105: =Capital!$D$41 -> 5829550.8
B106: 54 | C106: =B106+$C$23 -> 72 | D106: =Stress!I57-Capital!$D$39 -> 4099003.3 | E106: =Capital!$D$36 -> 3819550.8 | F106: =Capital!$D$37 -> 4619550.8 | G106: =Capital!$D$41 -> 5829550.8
B107: 55 | C107: =B107+$C$23 -> 73 | D107: =Stress!J57-Capital!$D$39 -> 4266501.5 | E107: =Capital!$D$36 -> 3819550.8 | F107: =Capital!$D$37 -> 4619550.8 | G107: =Capital!$D$41 -> 5829550.8
B108: 56 | C108: =B108+$C$23 -> 74 | D108: =Stress!K57-Capital!$D$39 -> 4433999.8 | E108: =Capital!$D$36 -> 3819550.8 | F108: =Capital!$D$37 -> 4619550.8 | G108: =Capital!$D$41 -> 5829550.8
B109: 57 | C109: =B109+$C$23 -> 75 | D109: =Stress!L57-Capital!$D$39 -> 4601498 | E109: =Capital!$D$36 -> 3819550.8 | F109: =Capital!$D$37 -> 4619550.8 | G109: =Capital!$D$41 -> 5829550.8
B110: 58 | C110: =B110+$C$23 -> 76 | D110: =Stress!M57-Capital!$D$39 -> 4768996.3 | E110: =Capital!$D$36 -> 3819550.8 | F110: =Capital!$D$37 -> 4619550.8 | G110: =Capital!$D$41 -> 5829550.8
B111: 59 | C111: =B111+$C$23 -> 77 | D111: =Stress!N57-Capital!$D$39 -> 4936494.5 | E111: =Capital!$D$36 -> 3819550.8 | F111: =Capital!$D$37 -> 4619550.8 | G111: =Capital!$D$41 -> 5829550.8
B112: 60 | C112: =B112+$C$23 -> 78 | D112: =Stress!O57-Capital!$D$39 -> 5103992.8 | E112: =Capital!$D$36 -> 3819550.8 | F112: =Capital!$D$37 -> 4619550.8 | G112: =Capital!$D$41 -> 5829550.8
B114: Planning assumptions only. Milestones are conditional on demand, costs and schedule. Operating free cash excludes the €800,000 opening reserve; recovery comparisons are not investor payouts, IRR or promised returns.
B115: Feasibility guard: if the cash contribution per paid suite-week is not positive, or the requirement exceeds annual capacity, the summary reports "Not feasible" instead of a misleading zero or negative threshold.

Sheet Scenario Comparison
B2: Revision 7 scenario comparison — Livingstone, Zambia new-build encampment under a proposed government land partnership
D4: Conservative | E4: Middle | F4: High performance
B5: Year 1 net stay revenue | D5: ='Five Year'!D10 -> 2080000 | E5: =Average!D10 -> 2800000 | F5: ='High Performance'!D10 -> 3600000 | I5: Higher price and higher occupancy have to be achieved together. No probability of success is assigned to any column.
B6: Year 1 EBITDA | D6: ='Five Year'!D17 -> 850856.25 | E6: =Average!D17 -> 1331156.7 | F6: ='High Performance'!D17 -> 1882230.1
B7: Year 1 EBITDA margin | D7: ='Five Year'!D18 -> 0.4090655 | E7: =Average!D18 -> 0.47541309 | F7: ='High Performance'!D18 -> 0.5228417
B8: Year 1 net cash movement | D8: ='Five Year'!D25 -> 519720.77 | E8: =Average!D25 -> 798979.05 | F8: ='High Performance'!D25 -> 1121450.5
B9: Year 5 net stay revenue | D9: ='Five Year'!H10 -> 4267172.1 | E9: =Average!H10 -> 5302403.2 | F9: ='High Performance'!H10 -> 6438632.5
B10: Year 5 EBITDA | D10: ='Five Year'!H17 -> 2161687.4 | E10: =Average!H17 -> 2890971.2 | F10: ='High Performance'!H17 -> 3710244.3
B11: Year 5 EBITDA margin | D11: ='Five Year'!H18 -> 0.50658546 | E11: =Average!H18 -> 0.54521903 | F11: ='High Performance'!H18 -> 0.57624726
B12: Year 5 net cash movement | D12: ='Five Year'!H25 -> 1471075.1 | E12: =Average!H25 -> 1960814.3 | F12: ='High Performance'!H25 -> 2504021
B13: Year 5 closing cash | D13: ='Five Year'!H26 -> 5903992.8 | E13: =Average!H26 -> 8041837.6 | F13: ='High Performance'!H26 -> 10273407
B14: Five-year cumulative net cash | D14: ='Five Year'!D28 -> 5103992.8 | E14: =Average!D28 -> 7241837.6 | F14: ='High Performance'!D28 -> 9473406.6
B15: Five-year cumulative mission spend | D15: ='Five Year'!D29 -> 1273791.8 | E15: =Average!D29 -> 1659587.9 | F15: ='High Performance'!D29 -> 2048710.3
B16: Break-even occupancy, Year 1 | D16: ='Five Year'!D30 -> 0.14892437 | E16: =Average!D30 -> 0.14006686 | F16: ='High Performance'!D30 -> 0.13280302
B17: Break-even net package, Year 1 | D17: ='Five Year'!D31 -> 3242.698 | E17: =Average!D31 -> 2912.4813 | F17: ='High Performance'!D31 -> 2717.9113
B20: Committed funding (base) | D20: =Capital!D37 -> 4619550.8
B21: Additional stress liquidity disclosed | D21: =Capital!D40 -> 1210000
B22: Stress-covered committed funding | D22: =Capital!D41 -> 5829550.8

Sheet Five Year
B2: Conservative case — Livingstone, Zambia · 20 suites · 40 planned weeks · EUR nominal
B3: Illustrative planning case. Not achieved results, not a forecast of demand and not a promised margin.
D5: Year 1 | E5: Year 2 | F5: Year 3 | G5: Year 4 | H5: Year 5
B7: Paid occupancy | D7: =MAX(0,D$50-0) -> 0.4 | E7: =MAX(0,E$50-0) -> 0.48 | F7: =MAX(0,F$50-0) -> 0.55 | G7: =MAX(0,G$50-0) -> 0.6 | H7: =MAX(0,H$50-0) -> 0.65 | J7: Net operating revenue convention: prices are NET of VAT and the tourism levy, which are charged separately to guests and are pass-through, not revenue.
B8: Net package per suite-week (EUR) | D8: =$D$49*1*(1+Inputs!$D$49)^0 -> 6500 | E8: =$D$49*1*(1+Inputs!$D$49)^1 -> 6890 | F8: =$D$49*1*(1+Inputs!$D$49)^2 -> 7303.4 | G8: =$D$49*1*(1+Inputs!$D$49)^3 -> 7741.604 | H8: =$D$49*1*(1+Inputs!$D$49)^4 -> 8206.1002
B9: Occupied suite-weeks | D9: =Inputs!$D$16*D7 -> 320 | E9: =Inputs!$D$16*E7 -> 384 | F9: =Inputs!$D$16*F7 -> 440 | G9: =Inputs!$D$16*G7 -> 480 | H9: =Inputs!$D$16*H7 -> 520
B10: Net stay revenue | D10: =D9*D8 -> 2080000 | E10: =E9*E8 -> 2645760 | F10: =F9*F8 -> 3213496 | G10: =G9*G8 -> 3715969.9 | H10: =H9*H8 -> 4267172.1
B11: Variable cost per occupied suite-week | D11: =((Inputs!$E$41*$D$46/Capital!$D$6)*(1+Inputs!$D$47)^0+Inputs!$E$42*$D$46*(1+Inputs!$D$48)^0)*1 -> 1153.3668 | E11: =((Inputs!$E$41*$D$46/Capital!$D$6)*(1+Inputs!$D$47)^1+Inputs!$E$42*$D$46*(1+Inputs!$D$48)^1)*1 -> 1200.0688 | F11: =((Inputs!$E$41*$D$46/Capital!$D$6)*(1+Inputs!$D$47)^2+Inputs!$E$42*$D$46*(1+Inputs!$D$48)^2)*1 -> 1248.8979 | G11: =((Inputs!$E$41*$D$46/Capital!$D$6)*(1+Inputs!$D$47)^3+Inputs!$E$42*$D$46*(1+Inputs!$D$48)^3)*1 -> 1299.9615 | H11: =((Inputs!$E$41*$D$46/Capital!$D$6)*(1+Inputs!$D$47)^4+Inputs!$E$42*$D$46*(1+Inputs!$D$48)^4)*1 -> 1353.3729
B12: Variable delivery cost | D12: =D11*D9 -> 369077.37 | E12: =E11*E9 -> 460826.41 | F12: =F11*F9 -> 549515.08 | G12: =G11*G9 -> 623981.53 | H12: =H11*H9 -> 703753.89
B13: Sales and payment costs | D13: =D10*$D$48 -> 249600 | E13: =E10*$D$48 -> 317491.2 | F13: =F10*$D$48 -> 385619.52 | G13: =G10*$D$48 -> 445916.39 | H13: =H10*$D$48 -> 512060.65
B14: Mission budget | D14: =MAX(Inputs!$D$50*1*(1+Inputs!$D$48)^0,Inputs!$D$51*D10) -> 166400 | E14: =MAX(Inputs!$D$50*1*(1+Inputs!$D$48)^1,Inputs!$D$51*E10) -> 211660.8 | F14: =MAX(Inputs!$D$50*1*(1+Inputs!$D$48)^2,Inputs!$D$51*F10) -> 257079.68 | G14: =MAX(Inputs!$D$50*1*(1+Inputs!$D$48)^3,Inputs!$D$51*G10) -> 297277.59 | H14: =MAX(Inputs!$D$50*1*(1+Inputs!$D$48)^4,Inputs!$D$51*H10) -> 341373.77
B15: Fixed site cost | D15: =((Inputs!$E$28*$D$47/Capital!$D$6)*(1+Inputs!$D$47)^0+Inputs!$E$29*$D$47*(1+Inputs!$D$48)^0)*1 -> 384066.39 | E15: =((Inputs!$E$28*$D$47/Capital!$D$6)*(1+Inputs!$D$47)^1+Inputs!$E$29*$D$47*(1+Inputs!$D$48)^1)*1 -> 406210.37 | F15: =((Inputs!$E$28*$D$47/Capital!$D$6)*(1+Inputs!$D$47)^2+Inputs!$E$29*$D$47*(1+Inputs!$D$48)^2)*1 -> 429655.99 | G15: =((Inputs!$E$28*$D$47/Capital!$D$6)*(1+Inputs!$D$47)^3+Inputs!$E$29*$D$47*(1+Inputs!$D$48)^3)*1 -> 454480.54 | H15: =((Inputs!$E$28*$D$47/Capital!$D$6)*(1+Inputs!$D$47)^4+Inputs!$E$29*$D$47*(1+Inputs!$D$48)^4)*1 -> 480765.92
B16: Central support | D16: =Inputs!$E$30*$D$47*(1+Inputs!$D$48)^0*1 -> 60000 | E16: =Inputs!$E$30*$D$47*(1+Inputs!$D$48)^1*1 -> 61800 | F16: =Inputs!$E$30*$D$47*(1+Inputs!$D$48)^2*1 -> 63654 | G16: =Inputs!$E$30*$D$47*(1+Inputs!$D$48)^3*1 -> 65563.62 | H16: =Inputs!$E$30*$D$47*(1+Inputs!$D$48)^4*1 -> 67530.529
B17: Operating profit / EBITDA | D17: =D10-D12-D13-D14-D15-D16 -> 850856.25 | E17: =E10-E12-E13-E14-E15-E16 -> 1187771.2 | F17: =F10-F12-F13-F14-F15-F16 -> 1527971.7 | G17: =G10-G12-G13-G14-G15-G16 -> 1828750.2 | H17: =H10-H12-H13-H14-H15-H16 -> 2161687.4
B18: EBITDA margin | D18: =IF(D10=0,0,D17/D10) -> 0.4090655 | E18: =IF(E10=0,0,E17/E10) -> 0.44893385 | F18: =IF(F10=0,0,F17/F10) -> 0.47548581 | G18: =IF(G10=0,0,G17/G10) -> 0.49213268 | H18: =IF(H10=0,0,H17/H10) -> 0.50658546
B19: Replacement capex | D19: =D10*Inputs!$D$52 -> 62400 | E19: =E10*Inputs!$D$52 -> 79372.8 | F19: =F10*Inputs!$D$52 -> 96404.88 | G19: =G10*Inputs!$D$52 -> 111479.1 | H19: =H10*Inputs!$D$52 -> 128015.16
B20: Depreciation | D20: ='Asset Register'!$G$25+0/5+D19/10 -> 301737.97 | E20: ='Asset Register'!$G$26+SUM($D19:D19)/5+E19/10 -> 315915.25 | F20: ='Asset Register'!$G$27+SUM($D19:E19)/5+F19/10 -> 333493.02 | G20: ='Asset Register'!$G$28+SUM($D19:F19)/5+G19/10 -> 354281.42 | H20: ='Asset Register'!$G$29+SUM($D19:G19)/5+H19/10 -> 378230.84
B21: Accounting profit before tax | D21: =D17-D20 -> 549118.28 | E21: =E17-E20 -> 871855.97 | F21: =F17-F20 -> 1194478.7 | G21: =G17-G20 -> 1474468.8 | H21: =H17-H20 -> 1783456.5
B22: Tax at 30% of positive profit | D22: =MAX(0,D21)*Inputs!$D$54 -> 164735.48 | E22: =MAX(0,E21)*Inputs!$D$54 -> 261556.79 | F22: =MAX(0,F21)*Inputs!$D$54 -> 358343.61 | G22: =MAX(0,G21)*Inputs!$D$54 -> 442340.65 | H22: =MAX(0,H21)*Inputs!$D$54 -> 535036.96
B23: Net accounting profit | D23: =D21-D22 -> 384382.79 | E23: =E21-E22 -> 610299.18 | F23: =F21-F22 -> 836135.1 | G23: =G21-G22 -> 1032128.2 | H23: =H21-H22 -> 1248419.6
B24: Working capital movement | D24: =(D10-0)*Inputs!$D$53 -> 104000 | E24: =(E10-D10)*Inputs!$D$53 -> 28288 | F24: =(F10-E10)*Inputs!$D$53 -> 28386.8 | G24: =(G10-F10)*Inputs!$D$53 -> 25123.696 | H24: =(H10-G10)*Inputs!$D$53 -> 27560.11
B25: Net cash movement | D25: =D17-D22-D19-D24 -> 519720.77 | E25: =E17-E22-E19-E24 -> 818553.63 | F25: =F17-F22-F19-F24 -> 1044836.4 | G25: =G17-G22-G19-G24 -> 1249806.8 | H25: =H17-H22-H19-H24 -> 1471075.1
B26: Closing cash | D26: =Capital!$D$39+D25 -> 1319720.8 | E26: =D26+E25 -> 2138274.4 | F26: =E26+F25 -> 3183110.8 | G26: =F26+G25 -> 4432917.6 | H26: =G26+H25 -> 5903992.8
B28: Five-year cumulative net cash | D28: =SUM(D25:H25) -> 5103992.8
B29: Five-year cumulative mission spend | D29: =SUM(D14:H14) -> 1273791.8
B30: Year 1 EBITDA breakeven occupancy (excludes replacement, working capital and tax) | D30: =IF(OR(D8*(1-$D$48)-D11<=0,D8*(1-$D$48-Inputs!$D$51)-D11<=0),"Infeasible",IF(MAX((D15+D16+Inputs!$D$50)/(D8*(1-$D$48)-D11),(D15+D16)/(D8*(1-$D$48-Inputs!$D$51)-D11))>Inputs!$D$16,"Above capacity",MAX((D15+D16+Inputs!$D$50)/(D8*(1-$D$48)-D11),(D15+D16)/(D8*(1-$D$48-Inputs!$D$51)-D11))/Inputs!$D$16)) -> 0.14892437
B31: Year 1 EBITDA breakeven net package at forecast paid suite-weeks | D31: =IF(OR(D9<=0,1-$D$48<=0,1-$D$48-Inputs!$D$51<=0),"Infeasible",MAX((D15+D16+D11*D9+Inputs!$D$50)/(D9*(1-$D$48)),(D15+D16+D11*D9)/(D9*(1-$D$48-Inputs!$D$51)))) -> 3242.698
B32: Year 1 cash breakeven occupancy (tax, replacement and initial working capital included) | D32: =IF(OR(D8*(1-$D$48)-D11-D8*(Inputs!$D$52+Inputs!$D$53)<=0,D8*(1-$D$48-Inputs!$D$51)-D11-D8*(Inputs!$D$52+Inputs!$D$53)<=0,(1-Inputs!$D$54)*(D8*(1-$D$48)-D11)+Inputs!$D$54*D8*Inputs!$D$52/10-D8*(Inputs!$D$52+Inputs!$D$53)<=0,(1-Inputs!$D$54)*(D8*(1-$D$48-Inputs!$D$51)-D11)+Inputs!$D$54*D8*Inputs!$D$52/10-D8*(Inputs!$D$52+Inputs!$D$53)<=0),"Infeasible",IF(MAX((D15+D16+Inputs!$D$50)/(D8*(1-$D$48)-D11-D8*(Inputs!$D$52+Inputs!$D$53)),(D15+D16)/(D8*(1-$D$48-Inputs!$D$51)-D11-D8*(Inputs!$D$52+Inputs!$D$53)),((1-Inputs!$D$54)*(D15+D16+Inputs!$D$50)-Inputs!$D$54*'Asset Register'!$G$25)/((1-Inputs!$D$54)*(D8*(1-$D$48)-D11)+Inputs!$D$54*D8*Inputs!$D$52/10-D8*(Inputs!$D$52+Inputs!$D$53)),((1-Inputs!$D$54)*(D15+D16)-Inputs!$D$54*'Asset Register'!$G$25)/((1-Inputs!$D$54)*(D8*(1-$D$48-Inputs!$D$51)-D11)+Inputs!$D$54*D8*Inputs!$D$52/10-D8*(Inputs!$D$52+Inputs!$D$53)))>Inputs!$D$16,"Above capacity",MAX(0,(D15+D16+Inputs!$D$50)/(D8*(1-$D$48)-D11-D8*(Inputs!$D$52+Inputs!$D$53)),(D15+D16)/(D8*(1-$D$48-Inputs!$D$51)-D11-D8*(Inputs!$D$52+Inputs!$D$53)),((1-Inputs!$D$54)*(D15+D16+Inputs!$D$50)-Inputs!$D$54*'Asset Register'!$G$25)/((1-Inputs!$D$54)*(D8*(1-$D$48)-D11)+Inputs!$D$54*D8*Inputs!$D$52/10-D8*(Inputs!$D$52+Inputs!$D$53)),((1-Inputs!$D$54)*(D15+D16)-Inputs!$D$54*'Asset Register'!$G$25)/((1-Inputs!$D$54)*(D8*(1-$D$48-Inputs!$D$51)-D11)+Inputs!$D$54*D8*Inputs!$D$52/10-D8*(Inputs!$D$52+Inputs!$D$53)))/Inputs!$D$16)) -> 0.16806143
B45: Scenario switches
B46: Variable cost multiplier | D46: 1
B47: Fixed and central multiplier | D47: 1
B48: Sales and payments share of revenue | D48: 0.12
B49: Year 1 net package | D49: 6500
B50: Paid occupancy by year | D50: 0.4 | E50: 0.48 | F50: 0.55 | G50: 0.6 | H50: 0.65

Sheet Average
B2: Middle case — Livingstone, Zambia · 20 suites · 40 planned weeks · EUR nominal
B3: Illustrative planning case. Not achieved results, not a forecast of demand and not a promised margin.
D5: Year 1 | E5: Year 2 | F5: Year 3 | G5: Year 4 | H5: Year 5
B7: Paid occupancy | D7: =MAX(0,D$50-0) -> 0.5 | E7: =MAX(0,E$50-0) -> 0.6 | F7: =MAX(0,F$50-0) -> 0.68 | G7: =MAX(0,G$50-0) -> 0.72 | H7: =MAX(0,H$50-0) -> 0.75 | J7: Net operating revenue convention: prices are NET of VAT and the tourism levy, which are charged separately to guests and are pass-through, not revenue.
B8: Net package per suite-week (EUR) | D8: =$D$49*1*(1+Inputs!$D$49)^0 -> 7000 | E8: =$D$49*1*(1+Inputs!$D$49)^1 -> 7420 | F8: =$D$49*1*(1+Inputs!$D$49)^2 -> 7865.2 | G8: =$D$49*1*(1+Inputs!$D$49)^3 -> 8337.112 | H8: =$D$49*1*(1+Inputs!$D$49)^4 -> 8837.3387
B9: Occupied suite-weeks | D9: =Inputs!$D$16*D7 -> 400 | E9: =Inputs!$D$16*E7 -> 480 | F9: =Inputs!$D$16*F7 -> 544 | G9: =Inputs!$D$16*G7 -> 576 | H9: =Inputs!$D$16*H7 -> 600
B10: Net stay revenue | D10: =D9*D8 -> 2800000 | E10: =E9*E8 -> 3561600 | F10: =F9*F8 -> 4278668.8 | G10: =G9*G8 -> 4802176.5 | H10: =H9*H8 -> 5302403.2
B11: Variable cost per occupied suite-week | D11: =((Inputs!$E$41*$D$46/Capital!$D$6)*(1+Inputs!$D$47)^0+Inputs!$E$42*$D$46*(1+Inputs!$D$48)^0)*1 -> 1176.4341 | E11: =((Inputs!$E$41*$D$46/Capital!$D$6)*(1+Inputs!$D$47)^1+Inputs!$E$42*$D$46*(1+Inputs!$D$48)^1)*1 -> 1224.0701 | F11: =((Inputs!$E$41*$D$46/Capital!$D$6)*(1+Inputs!$D$47)^2+Inputs!$E$42*$D$46*(1+Inputs!$D$48)^2)*1 -> 1273.8759 | G11: =((Inputs!$E$41*$D$46/Capital!$D$6)*(1+Inputs!$D$47)^3+Inputs!$E$42*$D$46*(1+Inputs!$D$48)^3)*1 -> 1325.9608 | H11: =((Inputs!$E$41*$D$46/Capital!$D$6)*(1+Inputs!$D$47)^4+Inputs!$E$42*$D$46*(1+Inputs!$D$48)^4)*1 -> 1380.4403
B12: Variable delivery cost | D12: =D11*D9 -> 470573.64 | E12: =E11*E9 -> 587553.67 | F12: =F11*F9 -> 692988.47 | G12: =G11*G9 -> 763753.39 | H12: =H11*H9 -> 828264.19
B13: Sales and payment costs | D13: =D10*$D$48 -> 308000 | E13: =E10*$D$48 -> 391776 | F13: =F10*$D$48 -> 470653.57 | G13: =G10*$D$48 -> 528239.42 | H13: =H10*$D$48 -> 583264.36
B14: Mission budget | D14: =MAX(Inputs!$D$50*1*(1+Inputs!$D$48)^0,Inputs!$D$51*D10) -> 224000 | E14: =MAX(Inputs!$D$50*1*(1+Inputs!$D$48)^1,Inputs!$D$51*E10) -> 284928 | F14: =MAX(Inputs!$D$50*1*(1+Inputs!$D$48)^2,Inputs!$D$51*F10) -> 342293.5 | G14: =MAX(Inputs!$D$50*1*(1+Inputs!$D$48)^3,Inputs!$D$51*G10) -> 384174.12 | H14: =MAX(Inputs!$D$50*1*(1+Inputs!$D$48)^4,Inputs!$D$51*H10) -> 424192.26
B15: Fixed site cost | D15: =((Inputs!$E$28*$D$47/Capital!$D$6)*(1+Inputs!$D$47)^0+Inputs!$E$29*$D$47*(1+Inputs!$D$48)^0)*1 -> 403269.7 | E15: =((Inputs!$E$28*$D$47/Capital!$D$6)*(1+Inputs!$D$47)^1+Inputs!$E$29*$D$47*(1+Inputs!$D$48)^1)*1 -> 426520.89 | F15: =((Inputs!$E$28*$D$47/Capital!$D$6)*(1+Inputs!$D$47)^2+Inputs!$E$29*$D$47*(1+Inputs!$D$48)^2)*1 -> 451138.79 | G15: =((Inputs!$E$28*$D$47/Capital!$D$6)*(1+Inputs!$D$47)^3+Inputs!$E$29*$D$47*(1+Inputs!$D$48)^3)*1 -> 477204.57 | H15: =((Inputs!$E$28*$D$47/Capital!$D$6)*(1+Inputs!$D$47)^4+Inputs!$E$29*$D$47*(1+Inputs!$D$48)^4)*1 -> 504804.21
B16: Central support | D16: =Inputs!$E$30*$D$47*(1+Inputs!$D$48)^0*1 -> 63000 | E16: =Inputs!$E$30*$D$47*(1+Inputs!$D$48)^1*1 -> 64890 | F16: =Inputs!$E$30*$D$47*(1+Inputs!$D$48)^2*1 -> 66836.7 | G16: =Inputs!$E$30*$D$47*(1+Inputs!$D$48)^3*1 -> 68841.801 | H16: =Inputs!$E$30*$D$47*(1+Inputs!$D$48)^4*1 -> 70907.055
B17: Operating profit / EBITDA | D17: =D10-D12-D13-D14-D15-D16 -> 1331156.7 | E17: =E10-E12-E13-E14-E15-E16 -> 1805931.4 | F17: =F10-F12-F13-F14-F15-F16 -> 2254757.8 | G17: =G10-G12-G13-G14-G15-G16 -> 2579963.2 | H17: =H10-H12-H13-H14-H15-H16 -> 2890971.2
B18: EBITDA margin | D18: =IF(D10=0,0,D17/D10) -> 0.47541309 | E18: =IF(E10=0,0,E17/E10) -> 0.50705622 | F18: =IF(F10=0,0,F17/F10) -> 0.52697647 | G18: =IF(G10=0,0,G17/G10) -> 0.53724873 | H18: =IF(H10=0,0,H17/H10) -> 0.54521903
B19: Replacement capex | D19: =D10*Inputs!$D$52 -> 84000 | E19: =E10*Inputs!$D$52 -> 106848 | F19: =F10*Inputs!$D$52 -> 128360.06 | G19: =G10*Inputs!$D$52 -> 144065.3 | H19: =H10*Inputs!$D$52 -> 159072.1
B20: Depreciation | D20: ='Asset Register'!$G$25+0/5+D19/10 -> 303897.97 | E20: ='Asset Register'!$G$26+SUM($D19:D19)/5+E19/10 -> 322982.77 | F20: ='Asset Register'!$G$27+SUM($D19:E19)/5+F19/10 -> 346503.58 | G20: ='Asset Register'!$G$28+SUM($D19:F19)/5+G19/10 -> 373746.12 | H20: ='Asset Register'!$G$29+SUM($D19:G19)/5+H19/10 -> 404059.85
B21: Accounting profit before tax | D21: =D17-D20 -> 1027258.7 | E21: =E17-E20 -> 1482948.7 | F21: =F17-F20 -> 1908254.2 | G21: =G17-G20 -> 2206217.1 | H21: =H17-H20 -> 2486911.3
B22: Tax at 30% of positive profit | D22: =MAX(0,D21)*Inputs!$D$54 -> 308177.6 | E22: =MAX(0,E21)*Inputs!$D$54 -> 444884.6 | F22: =MAX(0,F21)*Inputs!$D$54 -> 572476.26 | G22: =MAX(0,G21)*Inputs!$D$54 -> 661865.13 | H22: =MAX(0,H21)*Inputs!$D$54 -> 746073.39
B23: Net accounting profit | D23: =D21-D22 -> 719081.08 | E23: =E21-E22 -> 1038064.1 | F23: =F21-F22 -> 1335777.9 | G23: =G21-G22 -> 1544352 | H23: =H21-H22 -> 1740837.9
B24: Working capital movement | D24: =(D10-0)*Inputs!$D$53 -> 140000 | E24: =(E10-D10)*Inputs!$D$53 -> 38080 | F24: =(F10-E10)*Inputs!$D$53 -> 35853.44 | G24: =(G10-F10)*Inputs!$D$53 -> 26175.386 | H24: =(H10-G10)*Inputs!$D$53 -> 25011.336
B25: Net cash movement | D25: =D17-D22-D19-D24 -> 798979.05 | E25: =E17-E22-E19-E24 -> 1216118.8 | F25: =F17-F22-F19-F24 -> 1518068 | G25: =G17-G22-G19-G24 -> 1747857.4 | H25: =H17-H22-H19-H24 -> 1960814.3
B26: Closing cash | D26: =Capital!$D$39+D25 -> 1598979 | E26: =D26+E25 -> 2815097.9 | F26: =E26+F25 -> 4333165.9 | G26: =F26+G25 -> 6081023.3 | H26: =G26+H25 -> 8041837.6
B28: Five-year cumulative net cash | D28: =SUM(D25:H25) -> 7241837.6
B29: Five-year cumulative mission spend | D29: =SUM(D14:H14) -> 1659587.9
B30: Year 1 EBITDA breakeven occupancy (excludes replacement, working capital and tax) | D30: =IF(OR(D8*(1-$D$48)-D11<=0,D8*(1-$D$48-Inputs!$D$51)-D11<=0),"Infeasible",IF(MAX((D15+D16+Inputs!$D$50)/(D8*(1-$D$48)-D11),(D15+D16)/(D8*(1-$D$48-Inputs!$D$51)-D11))>Inputs!$D$16,"Above capacity",MAX((D15+D16+Inputs!$D$50)/(D8*(1-$D$48)-D11),(D15+D16)/(D8*(1-$D$48-Inputs!$D$51)-D11))/Inputs!$D$16)) -> 0.14006686
B31: Year 1 EBITDA breakeven net package at forecast paid suite-weeks | D31: =IF(OR(D9<=0,1-$D$48<=0,1-$D$48-Inputs!$D$51<=0),"Infeasible",MAX((D15+D16+D11*D9+Inputs!$D$50)/(D9*(1-$D$48)),(D15+D16+D11*D9)/(D9*(1-$D$48-Inputs!$D$51)))) -> 2912.4813
B32: Year 1 cash breakeven occupancy (tax, replacement and initial working capital included) | D32: =IF(OR(D8*(1-$D$48)-D11-D8*(Inputs!$D$52+Inputs!$D$53)<=0,D8*(1-$D$48-Inputs!$D$51)-D11-D8*(Inputs!$D$52+Inputs!$D$53)<=0,(1-Inputs!$D$54)*(D8*(1-$D$48)-D11)+Inputs!$D$54*D8*Inputs!$D$52/10-D8*(Inputs!$D$52+Inputs!$D$53)<=0,(1-Inputs!$D$54)*(D8*(1-$D$48-Inputs!$D$51)-D11)+Inputs!$D$54*D8*Inputs!$D$52/10-D8*(Inputs!$D$52+Inputs!$D$53)<=0),"Infeasible",IF(MAX((D15+D16+Inputs!$D$50)/(D8*(1-$D$48)-D11-D8*(Inputs!$D$52+Inputs!$D$53)),(D15+D16)/(D8*(1-$D$48-Inputs!$D$51)-D11-D8*(Inputs!$D$52+Inputs!$D$53)),((1-Inputs!$D$54)*(D15+D16+Inputs!$D$50)-Inputs!$D$54*'Asset Register'!$G$25)/((1-Inputs!$D$54)*(D8*(1-$D$48)-D11)+Inputs!$D$54*D8*Inputs!$D$52/10-D8*(Inputs!$D$52+Inputs!$D$53)),((1-Inputs!$D$54)*(D15+D16)-Inputs!$D$54*'Asset Register'!$G$25)/((1-Inputs!$D$54)*(D8*(1-$D$48-Inputs!$D$51)-D11)+Inputs!$D$54*D8*Inputs!$D$52/10-D8*(Inputs!$D$52+Inputs!$D$53)))>Inputs!$D$16,"Above capacity",MAX(0,(D15+D16+Inputs!$D$50)/(D8*(1-$D$48)-D11-D8*(Inputs!$D$52+Inputs!$D$53)),(D15+D16)/(D8*(1-$D$48-Inputs!$D$51)-D11-D8*(Inputs!$D$52+Inputs!$D$53)),((1-Inputs!$D$54)*(D15+D16+Inputs!$D$50)-Inputs!$D$54*'Asset Register'!$G$25)/((1-Inputs!$D$54)*(D8*(1-$D$48)-D11)+Inputs!$D$54*D8*Inputs!$D$52/10-D8*(Inputs!$D$52+Inputs!$D$53)),((1-Inputs!$D$54)*(D15+D16)-Inputs!$D$54*'Asset Register'!$G$25)/((1-Inputs!$D$54)*(D8*(1-$D$48-Inputs!$D$51)-D11)+Inputs!$D$54*D8*Inputs!$D$52/10-D8*(Inputs!$D$52+Inputs!$D$53)))/Inputs!$D$16)) -> 0.15752237
B45: Scenario switches
B46: Variable cost multiplier | D46: 1.02
B47: Fixed and central multiplier | D47: 1.05
B48: Sales and payments share of revenue | D48: 0.11
B49: Year 1 net package | D49: 7000
B50: Paid occupancy by year | D50: 0.5 | E50: 0.6 | F50: 0.68 | G50: 0.72 | H50: 0.75

Sheet High Performance
B2: High performance case — Livingstone, Zambia · 20 suites · 40 planned weeks · EUR nominal
B3: Illustrative planning case. Not achieved results, not a forecast of demand and not a promised margin.
D5: Year 1 | E5: Year 2 | F5: Year 3 | G5: Year 4 | H5: Year 5
B7: Paid occupancy | D7: =MAX(0,D$50-0) -> 0.6 | E7: =MAX(0,E$50-0) -> 0.7 | F7: =MAX(0,F$50-0) -> 0.78 | G7: =MAX(0,G$50-0) -> 0.82 | H7: =MAX(0,H$50-0) -> 0.85 | J7: Net operating revenue convention: prices are NET of VAT and the tourism levy, which are charged separately to guests and are pass-through, not revenue.
B8: Net package per suite-week (EUR) | D8: =$D$49*1*(1+Inputs!$D$49)^0 -> 7500 | E8: =$D$49*1*(1+Inputs!$D$49)^1 -> 7950 | F8: =$D$49*1*(1+Inputs!$D$49)^2 -> 8427 | G8: =$D$49*1*(1+Inputs!$D$49)^3 -> 8932.62 | H8: =$D$49*1*(1+Inputs!$D$49)^4 -> 9468.5772
B9: Occupied suite-weeks | D9: =Inputs!$D$16*D7 -> 480 | E9: =Inputs!$D$16*E7 -> 560 | F9: =Inputs!$D$16*F7 -> 624 | G9: =Inputs!$D$16*G7 -> 656 | H9: =Inputs!$D$16*H7 -> 680
B10: Net stay revenue | D10: =D9*D8 -> 3600000 | E10: =E9*E8 -> 4452000 | F10: =F9*F8 -> 5258448 | G10: =G9*G8 -> 5859798.7 | H10: =H9*H8 -> 6438632.5
B11: Variable cost per occupied suite-week | D11: =((Inputs!$E$41*$D$46/Capital!$D$6)*(1+Inputs!$D$47)^0+Inputs!$E$42*$D$46*(1+Inputs!$D$48)^0)*1 -> 1211.0351 | E11: =((Inputs!$E$41*$D$46/Capital!$D$6)*(1+Inputs!$D$47)^1+Inputs!$E$42*$D$46*(1+Inputs!$D$48)^1)*1 -> 1260.0722 | F11: =((Inputs!$E$41*$D$46/Capital!$D$6)*(1+Inputs!$D$47)^2+Inputs!$E$42*$D$46*(1+Inputs!$D$48)^2)*1 -> 1311.3428 | G11: =((Inputs!$E$41*$D$46/Capital!$D$6)*(1+Inputs!$D$47)^3+Inputs!$E$42*$D$46*(1+Inputs!$D$48)^3)*1 -> 1364.9596 | H11: =((Inputs!$E$41*$D$46/Capital!$D$6)*(1+Inputs!$D$47)^4+Inputs!$E$42*$D$46*(1+Inputs!$D$48)^4)*1 -> 1421.0415
B12: Variable delivery cost | D12: =D11*D9 -> 581296.85 | E12: =E11*E9 -> 705640.44 | F12: =F11*F9 -> 818277.9 | G12: =G11*G9 -> 895413.5 | H12: =H11*H9 -> 966308.22
B13: Sales and payment costs | D13: =D10*$D$48 -> 360000 | E13: =E10*$D$48 -> 445200 | F13: =F10*$D$48 -> 525844.8 | G13: =G10*$D$48 -> 585979.87 | H13: =H10*$D$48 -> 643863.25
B14: Mission budget | D14: =MAX(Inputs!$D$50*1*(1+Inputs!$D$48)^0,Inputs!$D$51*D10) -> 288000 | E14: =MAX(Inputs!$D$50*1*(1+Inputs!$D$48)^1,Inputs!$D$51*E10) -> 356160 | F14: =MAX(Inputs!$D$50*1*(1+Inputs!$D$48)^2,Inputs!$D$51*F10) -> 420675.84 | G14: =MAX(Inputs!$D$50*1*(1+Inputs!$D$48)^3,Inputs!$D$51*G10) -> 468783.9 | H14: =MAX(Inputs!$D$50*1*(1+Inputs!$D$48)^4,Inputs!$D$51*H10) -> 515090.6
B15: Fixed site cost | D15: =((Inputs!$E$28*$D$47/Capital!$D$6)*(1+Inputs!$D$47)^0+Inputs!$E$29*$D$47*(1+Inputs!$D$48)^0)*1 -> 422473.02 | E15: =((Inputs!$E$28*$D$47/Capital!$D$6)*(1+Inputs!$D$47)^1+Inputs!$E$29*$D$47*(1+Inputs!$D$48)^1)*1 -> 446831.41 | F15: =((Inputs!$E$28*$D$47/Capital!$D$6)*(1+Inputs!$D$47)^2+Inputs!$E$29*$D$47*(1+Inputs!$D$48)^2)*1 -> 472621.59 | G15: =((Inputs!$E$28*$D$47/Capital!$D$6)*(1+Inputs!$D$47)^3+Inputs!$E$29*$D$47*(1+Inputs!$D$48)^3)*1 -> 499928.59 | H15: =((Inputs!$E$28*$D$47/Capital!$D$6)*(1+Inputs!$D$47)^4+Inputs!$E$29*$D$47*(1+Inputs!$D$48)^4)*1 -> 528842.51
B16: Central support | D16: =Inputs!$E$30*$D$47*(1+Inputs!$D$48)^0*1 -> 66000 | E16: =Inputs!$E$30*$D$47*(1+Inputs!$D$48)^1*1 -> 67980 | F16: =Inputs!$E$30*$D$47*(1+Inputs!$D$48)^2*1 -> 70019.4 | G16: =Inputs!$E$30*$D$47*(1+Inputs!$D$48)^3*1 -> 72119.982 | H16: =Inputs!$E$30*$D$47*(1+Inputs!$D$48)^4*1 -> 74283.581
B17: Operating profit / EBITDA | D17: =D10-D12-D13-D14-D15-D16 -> 1882230.1 | E17: =E10-E12-E13-E14-E15-E16 -> 2430188.2 | F17: =F10-F12-F13-F14-F15-F16 -> 2951008.5 | G17: =G10-G12-G13-G14-G15-G16 -> 3337572.9 | H17: =H10-H12-H13-H14-H15-H16 -> 3710244.3
B18: EBITDA margin | D18: =IF(D10=0,0,D17/D10) -> 0.5228417 | E18: =IF(E10=0,0,E17/E10) -> 0.54586437 | F18: =IF(F10=0,0,F17/F10) -> 0.56119381 | G18: =IF(G10=0,0,G17/G10) -> 0.56957125 | H18: =IF(H10=0,0,H17/H10) -> 0.57624726
B19: Replacement capex | D19: =D10*Inputs!$D$52 -> 108000 | E19: =E10*Inputs!$D$52 -> 133560 | F19: =F10*Inputs!$D$52 -> 157753.44 | G19: =G10*Inputs!$D$52 -> 175793.96 | H19: =H10*Inputs!$D$52 -> 193158.97
B20: Depreciation | D20: ='Asset Register'!$G$25+0/5+D19/10 -> 306297.97 | E20: ='Asset Register'!$G$26+SUM($D19:D19)/5+E19/10 -> 330453.97 | F20: ='Asset Register'!$G$27+SUM($D19:E19)/5+F19/10 -> 359585.32 | G20: ='Asset Register'!$G$28+SUM($D19:F19)/5+G19/10 -> 392940.06 | H20: ='Asset Register'!$G$29+SUM($D19:G19)/5+H19/10 -> 429835.35
B21: Accounting profit before tax | D21: =D17-D20 -> 1575932.2 | E21: =E17-E20 -> 2099734.2 | F21: =F17-F20 -> 2591423.1 | G21: =G17-G20 -> 2944632.8 | H21: =H17-H20 -> 3280409
B22: Tax at 30% of positive profit | D22: =MAX(0,D21)*Inputs!$D$54 -> 472779.65 | E22: =MAX(0,E21)*Inputs!$D$54 -> 629920.25 | F22: =MAX(0,F21)*Inputs!$D$54 -> 777426.94 | G22: =MAX(0,G21)*Inputs!$D$54 -> 883389.85 | H22: =MAX(0,H21)*Inputs!$D$54 -> 984122.7
B23: Net accounting profit | D23: =D21-D22 -> 1103152.5 | E23: =E21-E22 -> 1469813.9 | F23: =F21-F22 -> 1813996.2 | G23: =G21-G22 -> 2061243 | H23: =H21-H22 -> 2296286.3
B24: Working capital movement | D24: =(D10-0)*Inputs!$D$53 -> 180000 | E24: =(E10-D10)*Inputs!$D$53 -> 42600 | F24: =(F10-E10)*Inputs!$D$53 -> 40322.4 | G24: =(G10-F10)*Inputs!$D$53 -> 30067.536 | H24: =(H10-G10)*Inputs!$D$53 -> 28941.689
B25: Net cash movement | D25: =D17-D22-D19-D24 -> 1121450.5 | E25: =E17-E22-E19-E24 -> 1624107.9 | F25: =F17-F22-F19-F24 -> 1975505.7 | G25: =G17-G22-G19-G24 -> 2248321.5 | H25: =H17-H22-H19-H24 -> 2504021
B26: Closing cash | D26: =Capital!$D$39+D25 -> 1921450.5 | E26: =D26+E25 -> 3545558.4 | F26: =E26+F25 -> 5521064.1 | G26: =F26+G25 -> 7769385.6 | H26: =G26+H25 -> 10273407
B28: Five-year cumulative net cash | D28: =SUM(D25:H25) -> 9473406.6
B29: Five-year cumulative mission spend | D29: =SUM(D14:H14) -> 2048710.3
B30: Year 1 EBITDA breakeven occupancy (excludes replacement, working capital and tax) | D30: =IF(OR(D8*(1-$D$48)-D11<=0,D8*(1-$D$48-Inputs!$D$51)-D11<=0),"Infeasible",IF(MAX((D15+D16+Inputs!$D$50)/(D8*(1-$D$48)-D11),(D15+D16)/(D8*(1-$D$48-Inputs!$D$51)-D11))>Inputs!$D$16,"Above capacity",MAX((D15+D16+Inputs!$D$50)/(D8*(1-$D$48)-D11),(D15+D16)/(D8*(1-$D$48-Inputs!$D$51)-D11))/Inputs!$D$16)) -> 0.13280302
B31: Year 1 EBITDA breakeven net package at forecast paid suite-weeks | D31: =IF(OR(D9<=0,1-$D$48<=0,1-$D$48-Inputs!$D$51<=0),"Infeasible",MAX((D15+D16+D11*D9+Inputs!$D$50)/(D9*(1-$D$48)),(D15+D16+D11*D9)/(D9*(1-$D$48-Inputs!$D$51)))) -> 2717.9113
B32: Year 1 cash breakeven occupancy (tax, replacement and initial working capital included) | D32: =IF(OR(D8*(1-$D$48)-D11-D8*(Inputs!$D$52+Inputs!$D$53)<=0,D8*(1-$D$48-Inputs!$D$51)-D11-D8*(Inputs!$D$52+Inputs!$D$53)<=0,(1-Inputs!$D$54)*(D8*(1-$D$48)-D11)+Inputs!$D$54*D8*Inputs!$D$52/10-D8*(Inputs!$D$52+Inputs!$D$53)<=0,(1-Inputs!$D$54)*(D8*(1-$D$48-Inputs!$D$51)-D11)+Inputs!$D$54*D8*Inputs!$D$52/10-D8*(Inputs!$D$52+Inputs!$D$53)<=0),"Infeasible",IF(MAX((D15+D16+Inputs!$D$50)/(D8*(1-$D$48)-D11-D8*(Inputs!$D$52+Inputs!$D$53)),(D15+D16)/(D8*(1-$D$48-Inputs!$D$51)-D11-D8*(Inputs!$D$52+Inputs!$D$53)),((1-Inputs!$D$54)*(D15+D16+Inputs!$D$50)-Inputs!$D$54*'Asset Register'!$G$25)/((1-Inputs!$D$54)*(D8*(1-$D$48)-D11)+Inputs!$D$54*D8*Inputs!$D$52/10-D8*(Inputs!$D$52+Inputs!$D$53)),((1-Inputs!$D$54)*(D15+D16)-Inputs!$D$54*'Asset Register'!$G$25)/((1-Inputs!$D$54)*(D8*(1-$D$48-Inputs!$D$51)-D11)+Inputs!$D$54*D8*Inputs!$D$52/10-D8*(Inputs!$D$52+Inputs!$D$53)))>Inputs!$D$16,"Above capacity",MAX(0,(D15+D16+Inputs!$D$50)/(D8*(1-$D$48)-D11-D8*(Inputs!$D$52+Inputs!$D$53)),(D15+D16)/(D8*(1-$D$48-Inputs!$D$51)-D11-D8*(Inputs!$D$52+Inputs!$D$53)),((1-Inputs!$D$54)*(D15+D16+Inputs!$D$50)-Inputs!$D$54*'Asset Register'!$G$25)/((1-Inputs!$D$54)*(D8*(1-$D$48)-D11)+Inputs!$D$54*D8*Inputs!$D$52/10-D8*(Inputs!$D$52+Inputs!$D$53)),((1-Inputs!$D$54)*(D15+D16)-Inputs!$D$54*'Asset Register'!$G$25)/((1-Inputs!$D$54)*(D8*(1-$D$48-Inputs!$D$51)-D11)+Inputs!$D$54*D8*Inputs!$D$52/10-D8*(Inputs!$D$52+Inputs!$D$53)))/Inputs!$D$16)) -> 0.14893632
B45: Scenario switches
B46: Variable cost multiplier | D46: 1.05
B47: Fixed and central multiplier | D47: 1.1
B48: Sales and payments share of revenue | D48: 0.1
B49: Year 1 net package | D49: 7500
B50: Paid occupancy by year | D50: 0.6 | E50: 0.7 | F50: 0.78 | G50: 0.82 | H50: 0.85

Sheet Monthly Year 1
B2: Conservative Year 1 monthly cash — 0 bookable weeks in January and February, 4 weeks March to December
B3: Tax is spread evenly as a planning timing convention. It is NOT the statutory payment calendar.
D5: Jan | E5: Feb | F5: Mar | G5: Apr | H5: May | I5: Jun | J5: Jul | K5: Aug | L5: Sep | M5: Oct | N5: Nov | O5: Dec | Q5: Year 1 total
B6: Bookable weeks | D6: =Regions!G8 -> 0 | E6: =Regions!H8 -> 0 | F6: =Regions!I8 -> 4 | G6: =Regions!J8 -> 4 | H6: =Regions!K8 -> 4 | I6: =Regions!L8 -> 4 | J6: =Regions!M8 -> 4 | K6: =Regions!N8 -> 4 | ... O6: =Regions!R8 -> 4 | Q6: =SUM(D6:O6) -> 40
B7: Occupied suite-weeks | D7: =IF($Q$6=0,0,'Five Year'!$D$9*D6/$Q$6) -> 0 | E7: =IF($Q$6=0,0,'Five Year'!$D$9*E6/$Q$6) -> 0 | F7: =IF($Q$6=0,0,'Five Year'!$D$9*F6/$Q$6) -> 32 | G7: =IF($Q$6=0,0,'Five Year'!$D$9*G6/$Q$6) -> 32 | H7: =IF($Q$6=0,0,'Five Year'!$D$9*H6/$Q$6) -> 32 | I7: =IF($Q$6=0,0,'Five Year'!$D$9*I6/$Q$6) -> 32 | J7: =IF($Q$6=0,0,'Five Year'!$D$9*J6/$Q$6) -> 32 | K7: =IF($Q$6=0,0,'Five Year'!$D$9*K6/$Q$6) -> 32 | ... O7: =IF($Q$6=0,0,'Five Year'!$D$9*O6/$Q$6) -> 32 | Q7: =SUM(D7:O7) -> 320 | S7: January and February carry full fixed cost, the monthly mission floor, planning tax and working capital with no revenue.
B8: Net stay revenue | D8: =D7*'Five Year'!$D$8 -> 0 | E8: =E7*'Five Year'!$D$8 -> 0 | F8: =F7*'Five Year'!$D$8 -> 208000 | G8: =G7*'Five Year'!$D$8 -> 208000 | H8: =H7*'Five Year'!$D$8 -> 208000 | I8: =I7*'Five Year'!$D$8 -> 208000 | J8: =J7*'Five Year'!$D$8 -> 208000 | K8: =K7*'Five Year'!$D$8 -> 208000 | ... O8: =O7*'Five Year'!$D$8 -> 208000 | Q8: =SUM(D8:O8) -> 2080000
B9: Variable delivery cost | D9: =D7*'Five Year'!$D$11 -> 0 | E9: =E7*'Five Year'!$D$11 -> 0 | F9: =F7*'Five Year'!$D$11 -> 36907.737 | G9: =G7*'Five Year'!$D$11 -> 36907.737 | H9: =H7*'Five Year'!$D$11 -> 36907.737 | I9: =I7*'Five Year'!$D$11 -> 36907.737 | J9: =J7*'Five Year'!$D$11 -> 36907.737 | K9: =K7*'Five Year'!$D$11 -> 36907.737 | ... O9: =O7*'Five Year'!$D$11 -> 36907.737 | Q9: =SUM(D9:O9) -> 369077.37
B10: Sales and payment costs | D10: =D8*'Five Year'!$D$48 -> 0 | E10: =E8*'Five Year'!$D$48 -> 0 | F10: =F8*'Five Year'!$D$48 -> 24960 | G10: =G8*'Five Year'!$D$48 -> 24960 | H10: =H8*'Five Year'!$D$48 -> 24960 | I10: =I8*'Five Year'!$D$48 -> 24960 | J10: =J8*'Five Year'!$D$48 -> 24960 | K10: =K8*'Five Year'!$D$48 -> 24960 | ... O10: =O8*'Five Year'!$D$48 -> 24960 | Q10: =SUM(D10:O10) -> 249600
B11: Mission spend | D11: =Inputs!$D$50/12+IF(D6>0,('Five Year'!$D$14-Inputs!$D$50)/COUNTIF($D$6:$O$6,">0"),0) -> 8333.3333 | E11: =Inputs!$D$50/12+IF(E6>0,('Five Year'!$D$14-Inputs!$D$50)/COUNTIF($D$6:$O$6,">0"),0) -> 8333.3333 | F11: =Inputs!$D$50/12+IF(F6>0,('Five Year'!$D$14-Inputs!$D$50)/COUNTIF($D$6:$O$6,">0"),0) -> 14973.333 | G11: =Inputs!$D$50/12+IF(G6>0,('Five Year'!$D$14-Inputs!$D$50)/COUNTIF($D$6:$O$6,">0"),0) -> 14973.333 | H11: =Inputs!$D$50/12+IF(H6>0,('Five Year'!$D$14-Inputs!$D$50)/COUNTIF($D$6:$O$6,">0"),0) -> 14973.333 | I11: =Inputs!$D$50/12+IF(I6>0,('Five Year'!$D$14-Inputs!$D$50)/COUNTIF($D$6:$O$6,">0"),0) -> 14973.333 | J11: =Inputs!$D$50/12+IF(J6>0,('Five Year'!$D$14-Inputs!$D$50)/COUNTIF($D$6:$O$6,">0"),0) -> 14973.333 | K11: =Inputs!$D$50/12+IF(K6>0,('Five Year'!$D$14-Inputs!$D$50)/COUNTIF($D$6:$O$6,">0"),0) -> 14973.333 | ... O11: =Inputs!$D$50/12+IF(O6>0,('Five Year'!$D$14-Inputs!$D$50)/COUNTIF($D$6:$O$6,">0"),0) -> 14973.333 | Q11: =SUM(D11:O11) -> 166400
B12: Fixed site cost | D12: ='Five Year'!$D$15/12 -> 32005.532 | E12: ='Five Year'!$D$15/12 -> 32005.532 | F12: ='Five Year'!$D$15/12 -> 32005.532 | G12: ='Five Year'!$D$15/12 -> 32005.532 | H12: ='Five Year'!$D$15/12 -> 32005.532 | I12: ='Five Year'!$D$15/12 -> 32005.532 | J12: ='Five Year'!$D$15/12 -> 32005.532 | K12: ='Five Year'!$D$15/12 -> 32005.532 | ... O12: ='Five Year'!$D$15/12 -> 32005.532 | Q12: =SUM(D12:O12) -> 384066.39
B13: Central support | D13: ='Five Year'!$D$16/12 -> 5000 | E13: ='Five Year'!$D$16/12 -> 5000 | F13: ='Five Year'!$D$16/12 -> 5000 | G13: ='Five Year'!$D$16/12 -> 5000 | H13: ='Five Year'!$D$16/12 -> 5000 | I13: ='Five Year'!$D$16/12 -> 5000 | J13: ='Five Year'!$D$16/12 -> 5000 | K13: ='Five Year'!$D$16/12 -> 5000 | ... O13: ='Five Year'!$D$16/12 -> 5000 | Q13: =SUM(D13:O13) -> 60000
B14: Tax (planning timing) | D14: ='Five Year'!$D$22/12 -> 13727.957 | E14: ='Five Year'!$D$22/12 -> 13727.957 | F14: ='Five Year'!$D$22/12 -> 13727.957 | G14: ='Five Year'!$D$22/12 -> 13727.957 | H14: ='Five Year'!$D$22/12 -> 13727.957 | I14: ='Five Year'!$D$22/12 -> 13727.957 | J14: ='Five Year'!$D$22/12 -> 13727.957 | K14: ='Five Year'!$D$22/12 -> 13727.957 | ... O14: ='Five Year'!$D$22/12 -> 13727.957 | Q14: =SUM(D14:O14) -> 164735.48
B15: Working capital movement | D15: ='Five Year'!$D$24/12 -> 8666.6667 | E15: ='Five Year'!$D$24/12 -> 8666.6667 | F15: ='Five Year'!$D$24/12 -> 8666.6667 | G15: ='Five Year'!$D$24/12 -> 8666.6667 | H15: ='Five Year'!$D$24/12 -> 8666.6667 | I15: ='Five Year'!$D$24/12 -> 8666.6667 | J15: ='Five Year'!$D$24/12 -> 8666.6667 | K15: ='Five Year'!$D$24/12 -> 8666.6667 | ... O15: ='Five Year'!$D$24/12 -> 8666.6667 | Q15: =SUM(D15:O15) -> 104000
B16: Replacement capex | D16: =D8*Inputs!$D$52 -> 0 | E16: =E8*Inputs!$D$52 -> 0 | F16: =F8*Inputs!$D$52 -> 6240 | G16: =G8*Inputs!$D$52 -> 6240 | H16: =H8*Inputs!$D$52 -> 6240 | I16: =I8*Inputs!$D$52 -> 6240 | J16: =J8*Inputs!$D$52 -> 6240 | K16: =K8*Inputs!$D$52 -> 6240 | ... O16: =O8*Inputs!$D$52 -> 6240 | Q16: =SUM(D16:O16) -> 62400
B17: Net cash movement | D17: =D8-D9-D10-D11-D12-D13-D14-D15-D16 -> -67733.489 | E17: =E8-E9-E10-E11-E12-E13-E14-E15-E16 -> -67733.489 | F17: =F8-F9-F10-F11-F12-F13-F14-F15-F16 -> 65518.774 | G17: =G8-G9-G10-G11-G12-G13-G14-G15-G16 -> 65518.774 | H17: =H8-H9-H10-H11-H12-H13-H14-H15-H16 -> 65518.774 | I17: =I8-I9-I10-I11-I12-I13-I14-I15-I16 -> 65518.774 | J17: =J8-J9-J10-J11-J12-J13-J14-J15-J16 -> 65518.774 | K17: =K8-K9-K10-K11-K12-K13-K14-K15-K16 -> 65518.774 | ... O17: =O8-O9-O10-O11-O12-O13-O14-O15-O16 -> 65518.774 | Q17: =SUM(D17:O17) -> 519720.77
B18: Closing cash | D18: =Capital!$D$39+D17 -> 732266.51 | E18: =D18+E17 -> 664533.02 | F18: =E18+F17 -> 730051.8 | G18: =F18+G17 -> 795570.57 | H18: =G18+H17 -> 861089.35 | I18: =H18+I17 -> 926608.12 | J18: =I18+J17 -> 992126.89 | K18: =J18+K17 -> 1057645.7 | L18: =K18+L17 -> 1123164.4 | ... O18: =N18+O17 -> 1319720.8
B20: Lowest monthly cash in Year 1 | D20: =MIN(D18:O18) -> 664533.02
B21: Cash floor | D21: =Inputs!D56 -> 300000

Sheet Stress
B2: Stress tests — conservative demand case, committed funding held fixed at the base case
B3: Never presented as all-pass. The capital overrun, combined and delay-combined stresses fall below the cash floor and require additional committed liquidity.
D5: Base | E5: Commercial downside | F5: 20% stronger Kwacha | G5: 20% capex + local overrun | H5: Combined stress | I5: Six-month construction delay | J5: Combined stress plus delay
B6: Occupancy reduction (percentage points) | D6: 0 | E6: 0.1 | F6: 0 | G6: 0 | H6: 0.1 | I6: 0 | J6: 0.1 | Q6: =SUM(Regions!G8:R8) -> 40
B7: Price multiplier | D7: 1 | E7: 0.9 | F7: 1 | G7: 1 | H7: 0.9 | I7: 1 | J7: 0.9
B8: Cash cost multiplier | D8: 1 | E8: 1.1 | F8: 1 | G8: 1 | H8: 1.1 | I8: 1 | J8: 1.1
B9: Mission floor multiplier | D9: 1 | E9: 1.1 | F9: 1 | G9: 1 | H9: 1.1 | I9: 1 | J9: 1.1
B10: Local cost overrun multiplier | D10: 1 | E10: 1 | F10: 1 | G10: 1.2 | H10: 1.2 | I10: 1 | J10: 1.2
B11: ZMW per EUR applied | D11: =Capital!D6 -> 22.3122 | E11: =Capital!E6 -> 22.3122 | F11: =Capital!F6 -> 18.5935 | G11: =Capital!G6 -> 22.3122 | H11: =Capital!H6 -> 18.5935 | I11: =Capital!I6 -> 22.3122 | J11: =Capital!J6 -> 18.5935
B12: Capex overrun multiplier | D12: =Capital!D7 -> 1 | E12: =Capital!E7 -> 1 | F12: =Capital!F7 -> 1 | G12: =Capital!G7 -> 1.2 | H12: =Capital!H7 -> 1.2 | I12: =Capital!I7 -> 1 | J12: =Capital!J7 -> 1.2
B14: Cash available at handover (negative is an unfunded gap) | D14: =Capital!D39 -> 800000 | E14: =Capital!E39 -> 800000 | F14: =Capital!F39 -> 297136.1 | G14: =Capital!G39 -> 92359.191 | H14: =Capital!H39 -> -504623.63 | I14: =Capital!I39 -> 587855.31 | J14: =Capital!J39 -> -760750.38
B15: Year 1 net cash movement | D15: =D48 -> 519720.77 | E15: =D90 -> 208759.7 | F15: =D132 -> 461007.02 | G15: =D174 -> 469810.52 | H15: =D216 -> -305.06467 | I15: =D258 -> 521848.35 | J15: =D300 -> -305.06467
B16: Year 5 closing cash | D16: =H49 -> 5903992.8 | E16: =H91 -> 3717942.2 | F16: =H133 -> 5028001.9 | G16: =H175 -> 4867242.4 | H16: =H217 -> 1504336.8 | I16: =H259 -> 5702486 | J16: =H301 -> 1256640.6
B17: Five-year cumulative net cash | D17: =SUM(D48:H48) -> 5103992.8 | E17: =SUM(D90:H90) -> 2917942.2 | F17: =SUM(D132:H132) -> 4730865.8 | G17: =SUM(D174:H174) -> 4774883.3 | H17: =SUM(D216:H216) -> 2008960.4 | I17: =SUM(D258:H258) -> 5114630.7 | J17: =SUM(D300:H300) -> 2017390.9
B18: Lowest month across five years | D18: =D58 -> 664533.02 | E18: =D100 -> 687028.09 | F18: =D142 -> 156186.07 | G18: =D184 -> -47123.582 | H18: =D226 -> -644630.48 | I18: =D268 -> 452742.93 | J18: =D310 -> -900757.24
B19: Cash floor breach | D19: =MAX(0,Inputs!$D$56-D18) -> 0 | E19: =MAX(0,Inputs!$D$56-E18) -> 0 | F19: =MAX(0,Inputs!$D$56-F18) -> 143813.93 | G19: =MAX(0,Inputs!$D$56-G18) -> 347123.58 | H19: =MAX(0,Inputs!$D$56-H18) -> 944630.48 | I19: =MAX(0,Inputs!$D$56-I18) -> 0 | J19: =MAX(0,Inputs!$D$56-J18) -> 1200757.2 | L19: The worst shortfall against the EUR 300,000 floor drives the additional committed liquidity disclosed below. Not every stress passes.
B21: Additional committed liquidity disclosed | D21: =Capital!D40 -> 1210000
B22: Stress-covered committed funding | D22: =Capital!D41 -> 5829550.8
B28: Base — five-year detail
D29: Year 1 | E29: Year 2 | F29: Year 3 | G29: Year 4 | H29: Year 5
B30: Paid occupancy | D30: =MAX(0,'Five Year'!D$50-$D$6) -> 0.4 | E30: =MAX(0,'Five Year'!E$50-$D$6) -> 0.48 | F30: =MAX(0,'Five Year'!F$50-$D$6) -> 0.55 | G30: =MAX(0,'Five Year'!G$50-$D$6) -> 0.6 | H30: =MAX(0,'Five Year'!H$50-$D$6) -> 0.65
B31: Net package per suite-week (EUR) | D31: ='Five Year'!$D$49*$D$7*(1+Inputs!$D$49)^0 -> 6500 | E31: ='Five Year'!$D$49*$D$7*(1+Inputs!$D$49)^1 -> 6890 | F31: ='Five Year'!$D$49*$D$7*(1+Inputs!$D$49)^2 -> 7303.4 | G31: ='Five Year'!$D$49*$D$7*(1+Inputs!$D$49)^3 -> 7741.604 | H31: ='Five Year'!$D$49*$D$7*(1+Inputs!$D$49)^4 -> 8206.1002
B32: Occupied suite-weeks | D32: =Inputs!$D$16*D30 -> 320 | E32: =Inputs!$D$16*E30 -> 384 | F32: =Inputs!$D$16*F30 -> 440 | G32: =Inputs!$D$16*G30 -> 480 | H32: =Inputs!$D$16*H30 -> 520
B33: Net stay revenue | D33: =D32*D31 -> 2080000 | E33: =E32*E31 -> 2645760 | F33: =F32*F31 -> 3213496 | G33: =G32*G31 -> 3715969.9 | H33: =H32*H31 -> 4267172.1
B34: Variable cost per occupied suite-week | D34: =((Inputs!$E$41*'Five Year'!$D$46*$D$10/Capital!$D$6)*(1+Inputs!$D$47)^0+Inputs!$E$42*'Five Year'!$D$46*(1+Inputs!$D$48)^0)*$D$8 -> 1153.3668 | E34: =((Inputs!$E$41*'Five Year'!$D$46*$D$10/Capital!$D$6)*(1+Inputs!$D$47)^1+Inputs!$E$42*'Five Year'!$D$46*(1+Inputs!$D$48)^1)*$D$8 -> 1200.0688 | F34: =((Inputs!$E$41*'Five Year'!$D$46*$D$10/Capital!$D$6)*(1+Inputs!$D$47)^2+Inputs!$E$42*'Five Year'!$D$46*(1+Inputs!$D$48)^2)*$D$8 -> 1248.8979 | G34: =((Inputs!$E$41*'Five Year'!$D$46*$D$10/Capital!$D$6)*(1+Inputs!$D$47)^3+Inputs!$E$42*'Five Year'!$D$46*(1+Inputs!$D$48)^3)*$D$8 -> 1299.9615 | H34: =((Inputs!$E$41*'Five Year'!$D$46*$D$10/Capital!$D$6)*(1+Inputs!$D$47)^4+Inputs!$E$42*'Five Year'!$D$46*(1+Inputs!$D$48)^4)*$D$8 -> 1353.3729
B35: Variable delivery cost | D35: =D34*D32 -> 369077.37 | E35: =E34*E32 -> 460826.41 | F35: =F34*F32 -> 549515.08 | G35: =G34*G32 -> 623981.53 | H35: =H34*H32 -> 703753.89
B36: Sales and payment costs | D36: =D33*'Five Year'!$D$48 -> 249600 | E36: =E33*'Five Year'!$D$48 -> 317491.2 | F36: =F33*'Five Year'!$D$48 -> 385619.52 | G36: =G33*'Five Year'!$D$48 -> 445916.39 | H36: =H33*'Five Year'!$D$48 -> 512060.65
B37: Mission budget | D37: =MAX(Inputs!$D$50*$D$9*(1+Inputs!$D$48)^0,Inputs!$D$51*D33) -> 166400 | E37: =MAX(Inputs!$D$50*$D$9*(1+Inputs!$D$48)^1,Inputs!$D$51*E33) -> 211660.8 | F37: =MAX(Inputs!$D$50*$D$9*(1+Inputs!$D$48)^2,Inputs!$D$51*F33) -> 257079.68 | G37: =MAX(Inputs!$D$50*$D$9*(1+Inputs!$D$48)^3,Inputs!$D$51*G33) -> 297277.59 | H37: =MAX(Inputs!$D$50*$D$9*(1+Inputs!$D$48)^4,Inputs!$D$51*H33) -> 341373.77
B38: Fixed site cost | D38: =((Inputs!$E$28*'Five Year'!$D$47*$D$10/Capital!$D$6)*(1+Inputs!$D$47)^0+Inputs!$E$29*'Five Year'!$D$47*(1+Inputs!$D$48)^0)*$D$8 -> 384066.39 | E38: =((Inputs!$E$28*'Five Year'!$D$47*$D$10/Capital!$D$6)*(1+Inputs!$D$47)^1+Inputs!$E$29*'Five Year'!$D$47*(1+Inputs!$D$48)^1)*$D$8 -> 406210.37 | F38: =((Inputs!$E$28*'Five Year'!$D$47*$D$10/Capital!$D$6)*(1+Inputs!$D$47)^2+Inputs!$E$29*'Five Year'!$D$47*(1+Inputs!$D$48)^2)*$D$8 -> 429655.99 | G38: =((Inputs!$E$28*'Five Year'!$D$47*$D$10/Capital!$D$6)*(1+Inputs!$D$47)^3+Inputs!$E$29*'Five Year'!$D$47*(1+Inputs!$D$48)^3)*$D$8 -> 454480.54 | H38: =((Inputs!$E$28*'Five Year'!$D$47*$D$10/Capital!$D$6)*(1+Inputs!$D$47)^4+Inputs!$E$29*'Five Year'!$D$47*(1+Inputs!$D$48)^4)*$D$8 -> 480765.92
B39: Central support | D39: =Inputs!$E$30*'Five Year'!$D$47*(1+Inputs!$D$48)^0*$D$8 -> 60000 | E39: =Inputs!$E$30*'Five Year'!$D$47*(1+Inputs!$D$48)^1*$D$8 -> 61800 | F39: =Inputs!$E$30*'Five Year'!$D$47*(1+Inputs!$D$48)^2*$D$8 -> 63654 | G39: =Inputs!$E$30*'Five Year'!$D$47*(1+Inputs!$D$48)^3*$D$8 -> 65563.62 | H39: =Inputs!$E$30*'Five Year'!$D$47*(1+Inputs!$D$48)^4*$D$8 -> 67530.529
B40: Operating profit / EBITDA | D40: =D33-D35-D36-D37-D38-D39 -> 850856.25 | E40: =E33-E35-E36-E37-E38-E39 -> 1187771.2 | F40: =F33-F35-F36-F37-F38-F39 -> 1527971.7 | G40: =G33-G35-G36-G37-G38-G39 -> 1828750.2 | H40: =H33-H35-H36-H37-H38-H39 -> 2161687.4
B41: EBITDA margin | D41: =IF(D33=0,0,D40/D33) -> 0.4090655 | E41: =IF(E33=0,0,E40/E33) -> 0.44893385 | F41: =IF(F33=0,0,F40/F33) -> 0.47548581 | G41: =IF(G33=0,0,G40/G33) -> 0.49213268 | H41: =IF(H33=0,0,H40/H33) -> 0.50658546
B42: Replacement capex | D42: =D33*Inputs!$D$52 -> 62400 | E42: =E33*Inputs!$D$52 -> 79372.8 | F42: =F33*Inputs!$D$52 -> 96404.88 | G42: =G33*Inputs!$D$52 -> 111479.1 | H42: =H33*Inputs!$D$52 -> 128015.16
B43: Depreciation | D43: ='Asset Register'!$G$25+0/5+D42/10 -> 301737.97 | E43: ='Asset Register'!$G$26+SUM($D42:D42)/5+E42/10 -> 315915.25 | F43: ='Asset Register'!$G$27+SUM($D42:E42)/5+F42/10 -> 333493.02 | G43: ='Asset Register'!$G$28+SUM($D42:F42)/5+G42/10 -> 354281.42 | H43: ='Asset Register'!$G$29+SUM($D42:G42)/5+H42/10 -> 378230.84
B44: Accounting profit before tax | D44: =D40-D43 -> 549118.28 | E44: =E40-E43 -> 871855.97 | F44: =F40-F43 -> 1194478.7 | G44: =G40-G43 -> 1474468.8 | H44: =H40-H43 -> 1783456.5
B45: Tax at 30% of positive profit | D45: =MAX(0,D44)*Inputs!$D$54 -> 164735.48 | E45: =MAX(0,E44)*Inputs!$D$54 -> 261556.79 | F45: =MAX(0,F44)*Inputs!$D$54 -> 358343.61 | G45: =MAX(0,G44)*Inputs!$D$54 -> 442340.65 | H45: =MAX(0,H44)*Inputs!$D$54 -> 535036.96
B46: Net accounting profit | D46: =D44-D45 -> 384382.79 | E46: =E44-E45 -> 610299.18 | F46: =F44-F45 -> 836135.1 | G46: =G44-G45 -> 1032128.2 | H46: =H44-H45 -> 1248419.6
B47: Working capital movement | D47: =(D33-0)*Inputs!$D$53 -> 104000 | E47: =(E33-D33)*Inputs!$D$53 -> 28288 | F47: =(F33-E33)*Inputs!$D$53 -> 28386.8 | G47: =(G33-F33)*Inputs!$D$53 -> 25123.696 | H47: =(H33-G33)*Inputs!$D$53 -> 27560.11
B48: Net cash movement | D48: =D40-D45-D42-D47 -> 519720.77 | E48: =E40-E45-E42-E47 -> 818553.63 | F48: =F40-F45-F42-F47 -> 1044836.4 | G48: =G40-G45-G42-G47 -> 1249806.8 | H48: =H40-H45-H42-H47 -> 1471075.1
B49: Closing cash | D49: =Capital!$D$39+D48 -> 1319720.8 | E49: =D49+E48 -> 2138274.4 | F49: =E49+F48 -> 3183110.8 | G49: =F49+G48 -> 4432917.6 | H49: =G49+H48 -> 5903992.8
B52: Monthly closing cash, five years (lowest shown above)
B53: Year 1 monthly minimum | D53: =Capital!$D$39+(IF($Q$6=0,0,D33*Regions!G8/$Q$6))-(IF($Q$6=0,0,D34*D32*Regions!G8/$Q$6))-((IF($Q$6=0,0,D33*Regions!G8/$Q$6))*'Five Year'!$D$48)-(Inputs!$D$50*$D$9*(1+Inputs!$D$48)^0/12+IF(Regions!G8>0,(D37-Inputs!$D$50*$D$9*(1+Inputs!$D$48)^0)/COUNTIF(Regions!$G$8:$R$8,">0"),0))-D38/12-D39/12-D45/12-D47/12-(IF($Q$6=0,0,D33*Regions!G8/$Q$6))*Inputs!$D$52 -> 732266.51 | E53: =D53+(IF($Q$6=0,0,D33*Regions!H8/$Q$6))-(IF($Q$6=0,0,D34*D32*Regions!H8/$Q$6))-((IF($Q$6=0,0,D33*Regions!H8/$Q$6))*'Five Year'!$D$48)-(Inputs!$D$50*$D$9*(1+Inputs!$D$48)^0/12+IF(Regions!H8>0,(D37-Inputs!$D$50*$D$9*(1+Inputs!$D$48)^0)/COUNTIF(Regions!$G$8:$R$8,">0"),0))-D38/12-D39/12-D45/12-D47/12-(IF($Q$6=0,0,D33*Regions!H8/$Q$6))*Inputs!$D$52 -> 664533.02 | F53: =E53+(IF($Q$6=0,0,D33*Regions!I8/$Q$6))-(IF($Q$6=0,0,D34*D32*Regions!I8/$Q$6))-((IF($Q$6=0,0,D33*Regions!I8/$Q$6))*'Five Year'!$D$48)-(Inputs!$D$50*$D$9*(1+Inputs!$D$48)^0/12+IF(Regions!I8>0,(D37-Inputs!$D$50*$D$9*(1+Inputs!$D$48)^0)/COUNTIF(Regions!$G$8:$R$8,">0"),0))-D38/12-D39/12-D45/12-D47/12-(IF($Q$6=0,0,D33*Regions!I8/$Q$6))*Inputs!$D$52 -> 730051.8 | G53: =F53+(IF($Q$6=0,0,D33*Regions!J8/$Q$6))-(IF($Q$6=0,0,D34*D32*Regions!J8/$Q$6))-((IF($Q$6=0,0,D33*Regions!J8/$Q$6))*'Five Year'!$D$48)-(Inputs!$D$50*$D$9*(1+Inputs!$D$48)^0/12+IF(Regions!J8>0,(D37-Inputs!$D$50*$D$9*(1+Inputs!$D$48)^0)/COUNTIF(Regions!$G$8:$R$8,">0"),0))-D38/12-D39/12-D45/12-D47/12-(IF($Q$6=0,0,D33*Regions!J8/$Q$6))*Inputs!$D$52 -> 795570.57 | H53: =G53+(IF($Q$6=0,0,D33*Regions!K8/$Q$6))-(IF($Q$6=0,0,D34*D32*Regions!K8/$Q$6))-((IF($Q$6=0,0,D33*Regions!K8/$Q$6))*'Five Year'!$D$48)-(Inputs!$D$50*$D$9*(1+Inputs!$D$48)^0/12+IF(Regions!K8>0,(D37-Inputs!$D$50*$D$9*(1+Inputs!$D$48)^0)/COUNTIF(Regions!$G$8:$R$8,">0"),0))-D38/12-D39/12-D45/12-D47/12-(IF($Q$6=0,0,D33*Regions!K8/$Q$6))*Inputs!$D$52 -> 861089.35 | I53: =H53+(IF($Q$6=0,0,D33*Regions!L8/$Q$6))-(IF($Q$6=0,0,D34*D32*Regions!L8/$Q$6))-((IF($Q$6=0,0,D33*Regions!L8/$Q$6))*'Five Year'!$D$48)-(Inputs!$D$50*$D$9*(1+Inputs!$D$48)^0/12+IF(Regions!L8>0,(D37-Inputs!$D$50*$D$9*(1+Inputs!$D$48)^0)/COUNTIF(Regions!$G$8:$R$8,">0"),0))-D38/12-D39/12-D45/12-D47/12-(IF($Q$6=0,0,D33*Regions!L8/$Q$6))*Inputs!$D$52 -> 926608.12 | J53: =I53+(IF($Q$6=0,0,D33*Regions!M8/$Q$6))-(IF($Q$6=0,0,D34*D32*Regions!M8/$Q$6))-((IF($Q$6=0,0,D33*Regions!M8/$Q$6))*'Five Year'!$D$48)-(Inputs!$D$50*$D$9*(1+Inputs!$D$48)^0/12+IF(Regions!M8>0,(D37-Inputs!$D$50*$D$9*(1+Inputs!$D$48)^0)/COUNTIF(Regions!$G$8:$R$8,">0"),0))-D38/12-D39/12-D45/12-D47/12-(IF($Q$6=0,0,D33*Regions!M8/$Q$6))*Inputs!$D$52 -> 992126.89 | K53: =J53+(IF($Q$6=0,0,D33*Regions!N8/$Q$6))-(IF($Q$6=0,0,D34*D32*Regions!N8/$Q$6))-((IF($Q$6=0,0,D33*Regions!N8/$Q$6))*'Five Year'!$D$48)-(Inputs!$D$50*$D$9*(1+Inputs!$D$48)^0/12+IF(Regions!N8>0,(D37-Inputs!$D$50*$D$9*(1+Inputs!$D$48)^0)/COUNTIF(Regions!$G$8:$R$8,">0"),0))-D38/12-D39/12-D45/12-D47/12-(IF($Q$6=0,0,D33*Regions!N8/$Q$6))*Inputs!$D$52 -> 1057645.7 | L53: =K53+(IF($Q$6=0,0,D33*Regions!O8/$Q$6))-(IF($Q$6=0,0,D34*D32*Regions!O8/$Q$6))-((IF($Q$6=0,0,D33*Regions!O8/$Q$6))*'Five Year'!$D$48)-(Inputs!$D$50*$D$9*(1+Inputs!$D$48)^0/12+IF(Regions!O8>0,(D37-Inputs!$D$50*$D$9*(1+Inputs!$D$48)^0)/COUNTIF(Regions!$G$8:$R$8,">0"),0))-D38/12-D39/12-D45/12-D47/12-(IF($Q$6=0,0,D33*Regions!O8/$Q$6))*Inputs!$D$52 -> 1123164.4 | M53: =L53+(IF($Q$6=0,0,D33*Regions!P8/$Q$6))-(IF($Q$6=0,0,D34*D32*Regions!P8/$Q$6))-((IF($Q$6=0,0,D33*Regions!P8/$Q$6))*'Five Year'!$D$48)-(Inputs!$D$50*$D$9*(1+Inputs!$D$48)^0/12+IF(Regions!P8>0,(D37-Inputs!$D$50*$D$9*(1+Inputs!$D$48)^0)/COUNTIF(Regions!$G$8:$R$8,">0"),0))-D38/12-D39/12-D45/12-D47/12-(IF($Q$6=0,0,D33*Regions!P8/$Q$6))*Inputs!$D$52 -> 1188683.2 | N53: =M53+(IF($Q$6=0,0,D33*Regions!Q8/$Q$6))-(IF($Q$6=0,0,D34*D32*Regions!Q8/$Q$6))-((IF($Q$6=0,0,D33*Regions!Q8/$Q$6))*'Five Year'!$D$48)-(Inputs!$D$50*$D$9*(1+Inputs!$D$48)^0/12+IF(Regions!Q8>0,(D37-Inputs!$D$50*$D$9*(1+Inputs!$D$48)^0)/COUNTIF(Regions!$G$8:$R$8,">0"),0))-D38/12-D39/12-D45/12-D47/12-(IF($Q$6=0,0,D33*Regions!Q8/$Q$6))*Inputs!$D$52 -> 1254202 | O53: =N53+(IF($Q$6=0,0,D33*Regions!R8/$Q$6))-(IF($Q$6=0,0,D34*D32*Regions!R8/$Q$6))-((IF($Q$6=0,0,D33*Regions!R8/$Q$6))*'Five Year'!$D$48)-(Inputs!$D$50*$D$9*(1+Inputs!$D$48)^0/12+IF(Regions!R8>0,(D37-Inputs!$D$50*$D$9*(1+Inputs!$D$48)^0)/COUNTIF(Regions!$G$8:$R$8,">0"),0))-D38/12-D39/12-D45/12-D47/12-(IF($Q$6=0,0,D33*Regions!R8/$Q$6))*Inputs!$D$52 -> 1319720.8 | Q53: =O53 -> 1319720.8 | R53: =MIN(D53:O53) -> 664533.02
B54: Year 2 monthly minimum | D54: =$Q53+(IF($Q$6=0,0,E33*Regions!G8/$Q$6))-(IF($Q$6=0,0,E34*E32*Regions!G8/$Q$6))-((IF($Q$6=0,0,E33*Regions!G8/$Q$6))*'Five Year'!$D$48)-(Inputs!$D$50*$D$9*(1+Inputs!$D$48)^1/12+IF(Regions!G8>0,(E37-Inputs!$D$50*$D$9*(1+Inputs!$D$48)^1)/COUNTIF(Regions!$G$8:$R$8,">0"),0))-E38/12-E39/12-E45/12-E47/12-(IF($Q$6=0,0,E33*Regions!G8/$Q$6))*Inputs!$D$52 -> 1247982.8 | E54: =D54+(IF($Q$6=0,0,E33*Regions!H8/$Q$6))-(IF($Q$6=0,0,E34*E32*Regions!H8/$Q$6))-((IF($Q$6=0,0,E33*Regions!H8/$Q$6))*'Five Year'!$D$48)-(Inputs!$D$50*$D$9*(1+Inputs!$D$48)^1/12+IF(Regions!H8>0,(E37-Inputs!$D$50*$D$9*(1+Inputs!$D$48)^1)/COUNTIF(Regions!$G$8:$R$8,">0"),0))-E38/12-E39/12-E45/12-E47/12-(IF($Q$6=0,0,E33*Regions!H8/$Q$6))*Inputs!$D$52 -> 1176244.9 | F54: =E54+(IF($Q$6=0,0,E33*Regions!I8/$Q$6))-(IF($Q$6=0,0,E34*E32*Regions!I8/$Q$6))-((IF($Q$6=0,0,E33*Regions!I8/$Q$6))*'Five Year'!$D$48)-(Inputs!$D$50*$D$9*(1+Inputs!$D$48)^1/12+IF(Regions!I8>0,(E37-Inputs!$D$50*$D$9*(1+Inputs!$D$48)^1)/COUNTIF(Regions!$G$8:$R$8,">0"),0))-E38/12-E39/12-E45/12-E47/12-(IF($Q$6=0,0,E33*Regions!I8/$Q$6))*Inputs!$D$52 -> 1272447.9 | G54: =F54+(IF($Q$6=0,0,E33*Regions!J8/$Q$6))-(IF($Q$6=0,0,E34*E32*Regions!J8/$Q$6))-((IF($Q$6=0,0,E33*Regions!J8/$Q$6))*'Five Year'!$D$48)-(Inputs!$D$50*$D$9*(1+Inputs!$D$48)^1/12+IF(Regions!J8>0,(E37-Inputs!$D$50*$D$9*(1+Inputs!$D$48)^1)/COUNTIF(Regions!$G$8:$R$8,">0"),0))-E38/12-E39/12-E45/12-E47/12-(IF($Q$6=0,0,E33*Regions!J8/$Q$6))*Inputs!$D$52 -> 1368650.8 | H54: =G54+(IF($Q$6=0,0,E33*Regions!K8/$Q$6))-(IF($Q$6=0,0,E34*E32*Regions!K8/$Q$6))-((IF($Q$6=0,0,E33*Regions!K8/$Q$6))*'Five Year'!$D$48)-(Inputs!$D$50*$D$9*(1+Inputs!$D$48)^1/12+IF(Regions!K8>0,(E37-Inputs!$D$50*$D$9*(1+Inputs!$D$48)^1)/COUNTIF(Regions!$G$8:$R$8,">0"),0))-E38/12-E39/12-E45/12-E47/12-(IF($Q$6=0,0,E33*Regions!K8/$Q$6))*Inputs!$D$52 -> 1464853.8 | I54: =H54+(IF($Q$6=0,0,E33*Regions!L8/$Q$6))-(IF($Q$6=0,0,E34*E32*Regions!L8/$Q$6))-((IF($Q$6=0,0,E33*Regions!L8/$Q$6))*'Five Year'!$D$48)-(Inputs!$D$50*$D$9*(1+Inputs!$D$48)^1/12+IF(Regions!L8>0,(E37-Inputs!$D$50*$D$9*(1+Inputs!$D$48)^1)/COUNTIF(Regions!$G$8:$R$8,">0"),0))-E38/12-E39/12-E45/12-E47/12-(IF($Q$6=0,0,E33*Regions!L8/$Q$6))*Inputs!$D$52 -> 1561056.7 | J54: =I54+(IF($Q$6=0,0,E33*Regions!M8/$Q$6))-(IF($Q$6=0,0,E34*E32*Regions!M8/$Q$6))-((IF($Q$6=0,0,E33*Regions!M8/$Q$6))*'Five Year'!$D$48)-(Inputs!$D$50*$D$9*(1+Inputs!$D$48)^1/12+IF(Regions!M8>0,(E37-Inputs!$D$50*$D$9*(1+Inputs!$D$48)^1)/COUNTIF(Regions!$G$8:$R$8,">0"),0))-E38/12-E39/12-E45/12-E47/12-(IF($Q$6=0,0,E33*Regions!M8/$Q$6))*Inputs!$D$52 -> 1657259.7 | K54: =J54+(IF($Q$6=0,0,E33*Regions!N8/$Q$6))-(IF($Q$6=0,0,E34*E32*Regions!N8/$Q$6))-((IF($Q$6=0,0,E33*Regions!N8/$Q$6))*'Five Year'!$D$48)-(Inputs!$D$50*$D$9*(1+Inputs!$D$48)^1/12+IF(Regions!N8>0,(E37-Inputs!$D$50*$D$9*(1+Inputs!$D$48)^1)/COUNTIF(Regions!$G$8:$R$8,">0"),0))-E38/12-E39/12-E45/12-E47/12-(IF($Q$6=0,0,E33*Regions!N8/$Q$6))*Inputs!$D$52 -> 1753462.6 | L54: =K54+(IF($Q$6=0,0,E33*Regions!O8/$Q$6))-(IF($Q$6=0,0,E34*E32*Regions!O8/$Q$6))-((IF($Q$6=0,0,E33*Regions!O8/$Q$6))*'Five Year'!$D$48)-(Inputs!$D$50*$D$9*(1+Inputs!$D$48)^1/12+IF(Regions!O8>0,(E37-Inputs!$D$50*$D$9*(1+Inputs!$D$48)^1)/COUNTIF(Regions!$G$8:$R$8,">0"),0))-E38/12-E39/12-E45/12-E47/12-(IF($Q$6=0,0,E33*Regions!O8/$Q$6))*Inputs!$D$52 -> 1849665.6 | M54: =L54+(IF($Q$6=0,0,E33*Regions!P8/$Q$6))-(IF($Q$6=0,0,E34*E32*Regions!P8/$Q$6))-((IF($Q$6=0,0,E33*Regions!P8/$Q$6))*'Five Year'!$D$48)-(Inputs!$D$50*$D$9*(1+Inputs!$D$48)^1/12+IF(Regions!P8>0,(E37-Inputs!$D$50*$D$9*(1+Inputs!$D$48)^1)/COUNTIF(Regions!$G$8:$R$8,">0"),0))-E38/12-E39/12-E45/12-E47/12-(IF($Q$6=0,0,E33*Regions!P8/$Q$6))*Inputs!$D$52 -> 1945868.5 | N54: =M54+(IF($Q$6=0,0,E33*Regions!Q8/$Q$6))-(IF($Q$6=0,0,E34*E32*Regions!Q8/$Q$6))-((IF($Q$6=0,0,E33*Regions!Q8/$Q$6))*'Five Year'!$D$48)-(Inputs!$D$50*$D$9*(1+Inputs!$D$48)^1/12+IF(Regions!Q8>0,(E37-Inputs!$D$50*$D$9*(1+Inputs!$D$48)^1)/COUNTIF(Regions!$G$8:$R$8,">0"),0))-E38/12-E39/12-E45/12-E47/12-(IF($Q$6=0,0,E33*Regions!Q8/$Q$6))*Inputs!$D$52 -> 2042071.4 | O54: =N54+(IF($Q$6=0,0,E33*Regions!R8/$Q$6))-(IF($Q$6=0,0,E34*E32*Regions!R8/$Q$6))-((IF($Q$6=0,0,E33*Regions!R8/$Q$6))*'Five Year'!$D$48)-(Inputs!$D$50*$D$9*(1+Inputs!$D$48)^1/12+IF(Regions!R8>0,(E37-Inputs!$D$50*$D$9*(1+Inputs!$D$48)^1)/COUNTIF(Regions!$G$8:$R$8,">0"),0))-E38/12-E39/12-E45/12-E47/12-(IF($Q$6=0,0,E33*Regions!R8/$Q$6))*Inputs!$D$52 -> 2138274.4 | Q54: =O54 -> 2138274.4 | R54: =MIN(D54:O54) -> 1176244.9
B55: Year 3 monthly minimum | D55: =$Q54+(IF($Q$6=0,0,F33*Regions!G8/$Q$6))-(IF($Q$6=0,0,F34*F32*Regions!G8/$Q$6))-((IF($Q$6=0,0,F33*Regions!G8/$Q$6))*'Five Year'!$D$48)-(Inputs!$D$50*$D$9*(1+Inputs!$D$48)^2/12+IF(Regions!G8>0,(F37-Inputs!$D$50*$D$9*(1+Inputs!$D$48)^2)/COUNTIF(Regions!$G$8:$R$8,">0"),0))-F38/12-F39/12-F45/12-F47/12-(IF($Q$6=0,0,F33*Regions!G8/$Q$6))*Inputs!$D$52 -> 2056096.9 | E55: =D55+(IF($Q$6=0,0,F33*Regions!H8/$Q$6))-(IF($Q$6=0,0,F34*F32*Regions!H8/$Q$6))-((IF($Q$6=0,0,F33*Regions!H8/$Q$6))*'Five Year'!$D$48)-(Inputs!$D$50*$D$9*(1+Inputs!$D$48)^2/12+IF(Regions!H8>0,(F37-Inputs!$D$50*$D$9*(1+Inputs!$D$48)^2)/COUNTIF(Regions!$G$8:$R$8,">0"),0))-F38/12-F39/12-F45/12-F47/12-(IF($Q$6=0,0,F33*Regions!H8/$Q$6))*Inputs!$D$52 -> 1973919.3 | F55: =E55+(IF($Q$6=0,0,F33*Regions!I8/$Q$6))-(IF($Q$6=0,0,F34*F32*Regions!I8/$Q$6))-((IF($Q$6=0,0,F33*Regions!I8/$Q$6))*'Five Year'!$D$48)-(Inputs!$D$50*$D$9*(1+Inputs!$D$48)^2/12+IF(Regions!I8>0,(F37-Inputs!$D$50*$D$9*(1+Inputs!$D$48)^2)/COUNTIF(Regions!$G$8:$R$8,">0"),0))-F38/12-F39/12-F45/12-F47/12-(IF($Q$6=0,0,F33*Regions!I8/$Q$6))*Inputs!$D$52 -> 2094838.5 | G55: =F55+(IF($Q$6=0,0,F33*Regions!J8/$Q$6))-(IF($Q$6=0,0,F34*F32*Regions!J8/$Q$6))-((IF($Q$6=0,0,F33*Regions!J8/$Q$6))*'Five Year'!$D$48)-(Inputs!$D$50*$D$9*(1+Inputs!$D$48)^2/12+IF(Regions!J8>0,(F37-Inputs!$D$50*$D$9*(1+Inputs!$D$48)^2)/COUNTIF(Regions!$G$8:$R$8,">0"),0))-F38/12-F39/12-F45/12-F47/12-(IF($Q$6=0,0,F33*Regions!J8/$Q$6))*Inputs!$D$52 -> 2215757.6 | H55: =G55+(IF($Q$6=0,0,F33*Regions!K8/$Q$6))-(IF($Q$6=0,0,F34*F32*Regions!K8/$Q$6))-((IF($Q$6=0,0,F33*Regions!K8/$Q$6))*'Five Year'!$D$48)-(Inputs!$D$50*$D$9*(1+Inputs!$D$48)^2/12+IF(Regions!K8>0,(F37-Inputs!$D$50*$D$9*(1+Inputs!$D$48)^2)/COUNTIF(Regions!$G$8:$R$8,">0"),0))-F38/12-F39/12-F45/12-F47/12-(IF($Q$6=0,0,F33*Regions!K8/$Q$6))*Inputs!$D$52 -> 2336676.8 | I55: =H55+(IF($Q$6=0,0,F33*Regions!L8/$Q$6))-(IF($Q$6=0,0,F34*F32*Regions!L8/$Q$6))-((IF($Q$6=0,0,F33*Regions!L8/$Q$6))*'Five Year'!$D$48)-(Inputs!$D$50*$D$9*(1+Inputs!$D$48)^2/12+IF(Regions!L8>0,(F37-Inputs!$D$50*$D$9*(1+Inputs!$D$48)^2)/COUNTIF(Regions!$G$8:$R$8,">0"),0))-F38/12-F39/12-F45/12-F47/12-(IF($Q$6=0,0,F33*Regions!L8/$Q$6))*Inputs!$D$52 -> 2457595.9 | J55: =I55+(IF($Q$6=0,0,F33*Regions!M8/$Q$6))-(IF($Q$6=0,0,F34*F32*Regions!M8/$Q$6))-((IF($Q$6=0,0,F33*Regions!M8/$Q$6))*'Five Year'!$D$48)-(Inputs!$D$50*$D$9*(1+Inputs!$D$48)^2/12+IF(Regions!M8>0,(F37-Inputs!$D$50*$D$9*(1+Inputs!$D$48)^2)/COUNTIF(Regions!$G$8:$R$8,">0"),0))-F38/12-F39/12-F45/12-F47/12-(IF($Q$6=0,0,F33*Regions!M8/$Q$6))*Inputs!$D$52 -> 2578515.1 | K55: =J55+(IF($Q$6=0,0,F33*Regions!N8/$Q$6))-(IF($Q$6=0,0,F34*F32*Regions!N8/$Q$6))-((IF($Q$6=0,0,F33*Regions!N8/$Q$6))*'Five Year'!$D$48)-(Inputs!$D$50*$D$9*(1+Inputs!$D$48)^2/12+IF(Regions!N8>0,(F37-Inputs!$D$50*$D$9*(1+Inputs!$D$48)^2)/COUNTIF(Regions!$G$8:$R$8,">0"),0))-F38/12-F39/12-F45/12-F47/12-(IF($Q$6=0,0,F33*Regions!N8/$Q$6))*Inputs!$D$52 -> 2699434.2 | L55: =K55+(IF($Q$6=0,0,F33*Regions!O8/$Q$6))-(IF($Q$6=0,0,F34*F32*Regions!O8/$Q$6))-((IF($Q$6=0,0,F33*Regions!O8/$Q$6))*'Five Year'!$D$48)-(Inputs!$D$50*$D$9*(1+Inputs!$D$48)^2/12+IF(Regions!O8>0,(F37-Inputs!$D$50*$D$9*(1+Inputs!$D$48)^2)/COUNTIF(Regions!$G$8:$R$8,">0"),0))-F38/12-F39/12-F45/12-F47/12-(IF($Q$6=0,0,F33*Regions!O8/$Q$6))*Inputs!$D$52 -> 2820353.4 | M55: =L55+(IF($Q$6=0,0,F33*Regions!P8/$Q$6))-(IF($Q$6=0,0,F34*F32*Regions!P8/$Q$6))-((IF($Q$6=0,0,F33*Regions!P8/$Q$6))*'Five Year'!$D$48)-(Inputs!$D$50*$D$9*(1+Inputs!$D$48)^2/12+IF(Regions!P8>0,(F37-Inputs!$D$50*$D$9*(1+Inputs!$D$48)^2)/COUNTIF(Regions!$G$8:$R$8,">0"),0))-F38/12-F39/12-F45/12-F47/12-(IF($Q$6=0,0,F33*Regions!P8/$Q$6))*Inputs!$D$52 -> 2941272.5 | N55: =M55+(IF($Q$6=0,0,F33*Regions!Q8/$Q$6))-(IF($Q$6=0,0,F34*F32*Regions!Q8/$Q$6))-((IF($Q$6=0,0,F33*Regions!Q8/$Q$6))*'Five Year'!$D$48)-(Inputs!$D$50*$D$9*(1+Inputs!$D$48)^2/12+IF(Regions!Q8>0,(F37-Inputs!$D$50*$D$9*(1+Inputs!$D$48)^2)/COUNTIF(Regions!$G$8:$R$8,">0"),0))-F38/12-F39/12-F45/12-F47/12-(IF($Q$6=0,0,F33*Regions!Q8/$Q$6))*Inputs!$D$52 -> 3062191.7 | O55: =N55+(IF($Q$6=0,0,F33*Regions!R8/$Q$6))-(IF($Q$6=0,0,F34*F32*Regions!R8/$Q$6))-((IF($Q$6=0,0,F33*Regions!R8/$Q$6))*'Five Year'!$D$48)-(Inputs!$D$50*$D$9*(1+Inputs!$D$48)^2/12+IF(Regions!R8>0,(F37-Inputs!$D$50*$D$9*(1+Inputs!$D$48)^2)/COUNTIF(Regions!$G$8:$R$8,">0"),0))-F38/12-F39/12-F45/12-F47/12-(IF($Q$6=0,0,F33*Regions!R8/$Q$6))*Inputs!$D$52 -> 3183110.8 | Q55: =O55 -> 3183110.8 | R55: =MIN(D55:O55) -> 1973919.3
B56: Year 4 monthly minimum | D56: =$Q55+(IF($Q$6=0,0,G33*Regions!G8/$Q$6))-(IF($Q$6=0,0,G34*G32*Regions!G8/$Q$6))-((IF($Q$6=0,0,G33*Regions!G8/$Q$6))*'Five Year'!$D$48)-(Inputs!$D$50*$D$9*(1+Inputs!$D$48)^3/12+IF(Regions!G8>0,(G37-Inputs!$D$50*$D$9*(1+Inputs!$D$48)^3)/COUNTIF(Regions!$G$8:$R$8,">0"),0))-G38/12-G39/12-G45/12-G47/12-(IF($Q$6=0,0,G33*Regions!G8/$Q$6))*Inputs!$D$52 -> 3091712.4 | E56: =D56+(IF($Q$6=0,0,G33*Regions!H8/$Q$6))-(IF($Q$6=0,0,G34*G32*Regions!H8/$Q$6))-((IF($Q$6=0,0,G33*Regions!H8/$Q$6))*'Five Year'!$D$48)-(Inputs!$D$50*$D$9*(1+Inputs!$D$48)^3/12+IF(Regions!H8>0,(G37-Inputs!$D$50*$D$9*(1+Inputs!$D$48)^3)/COUNTIF(Regions!$G$8:$R$8,">0"),0))-G38/12-G39/12-G45/12-G47/12-(IF($Q$6=0,0,G33*Regions!H8/$Q$6))*Inputs!$D$52 -> 3000314 | F56: =E56+(IF($Q$6=0,0,G33*Regions!I8/$Q$6))-(IF($Q$6=0,0,G34*G32*Regions!I8/$Q$6))-((IF($Q$6=0,0,G33*Regions!I8/$Q$6))*'Five Year'!$D$48)-(Inputs!$D$50*$D$9*(1+Inputs!$D$48)^3/12+IF(Regions!I8>0,(G37-Inputs!$D$50*$D$9*(1+Inputs!$D$48)^3)/COUNTIF(Regions!$G$8:$R$8,">0"),0))-G38/12-G39/12-G45/12-G47/12-(IF($Q$6=0,0,G33*Regions!I8/$Q$6))*Inputs!$D$52 -> 3143574.3 | G56: =F56+(IF($Q$6=0,0,G33*Regions!J8/$Q$6))-(IF($Q$6=0,0,G34*G32*Regions!J8/$Q$6))-((IF($Q$6=0,0,G33*Regions!J8/$Q$6))*'Five Year'!$D$48)-(Inputs!$D$50*$D$9*(1+Inputs!$D$48)^3/12+IF(Regions!J8>0,(G37-Inputs!$D$50*$D$9*(1+Inputs!$D$48)^3)/COUNTIF(Regions!$G$8:$R$8,">0"),0))-G38/12-G39/12-G45/12-G47/12-(IF($Q$6=0,0,G33*Regions!J8/$Q$6))*Inputs!$D$52 -> 3286834.7 | H56: =G56+(IF($Q$6=0,0,G33*Regions!K8/$Q$6))-(IF($Q$6=0,0,G34*G32*Regions!K8/$Q$6))-((IF($Q$6=0,0,G33*Regions!K8/$Q$6))*'Five Year'!$D$48)-(Inputs!$D$50*$D$9*(1+Inputs!$D$48)^3/12+IF(Regions!K8>0,(G37-Inputs!$D$50*$D$9*(1+Inputs!$D$48)^3)/COUNTIF(Regions!$G$8:$R$8,">0"),0))-G38/12-G39/12-G45/12-G47/12-(IF($Q$6=0,0,G33*Regions!K8/$Q$6))*Inputs!$D$52 -> 3430095.1 | I56: =H56+(IF($Q$6=0,0,G33*Regions!L8/$Q$6))-(IF($Q$6=0,0,G34*G32*Regions!L8/$Q$6))-((IF($Q$6=0,0,G33*Regions!L8/$Q$6))*'Five Year'!$D$48)-(Inputs!$D$50*$D$9*(1+Inputs!$D$48)^3/12+IF(Regions!L8>0,(G37-Inputs!$D$50*$D$9*(1+Inputs!$D$48)^3)/COUNTIF(Regions!$G$8:$R$8,">0"),0))-G38/12-G39/12-G45/12-G47/12-(IF($Q$6=0,0,G33*Regions!L8/$Q$6))*Inputs!$D$52 -> 3573355.4 | J56: =I56+(IF($Q$6=0,0,G33*Regions!M8/$Q$6))-(IF($Q$6=0,0,G34*G32*Regions!M8/$Q$6))-((IF($Q$6=0,0,G33*Regions!M8/$Q$6))*'Five Year'!$D$48)-(Inputs!$D$50*$D$9*(1+Inputs!$D$48)^3/12+IF(Regions!M8>0,(G37-Inputs!$D$50*$D$9*(1+Inputs!$D$48)^3)/COUNTIF(Regions!$G$8:$R$8,">0"),0))-G38/12-G39/12-G45/12-G47/12-(IF($Q$6=0,0,G33*Regions!M8/$Q$6))*Inputs!$D$52 -> 3716615.8 | K56: =J56+(IF($Q$6=0,0,G33*Regions!N8/$Q$6))-(IF($Q$6=0,0,G34*G32*Regions!N8/$Q$6))-((IF($Q$6=0,0,G33*Regions!N8/$Q$6))*'Five Year'!$D$48)-(Inputs!$D$50*$D$9*(1+Inputs!$D$48)^3/12+IF(Regions!N8>0,(G37-Inputs!$D$50*$D$9*(1+Inputs!$D$48)^3)/COUNTIF(Regions!$G$8:$R$8,">0"),0))-G38/12-G39/12-G45/12-G47/12-(IF($Q$6=0,0,G33*Regions!N8/$Q$6))*Inputs!$D$52 -> 3859876.2 | L56: =K56+(IF($Q$6=0,0,G33*Regions!O8/$Q$6))-(IF($Q$6=0,0,G34*G32*Regions!O8/$Q$6))-((IF($Q$6=0,0,G33*Regions!O8/$Q$6))*'Five Year'!$D$48)-(Inputs!$D$50*$D$9*(1+Inputs!$D$48)^3/12+IF(Regions!O8>0,(G37-Inputs!$D$50*$D$9*(1+Inputs!$D$48)^3)/COUNTIF(Regions!$G$8:$R$8,">0"),0))-G38/12-G39/12-G45/12-G47/12-(IF($Q$6=0,0,G33*Regions!O8/$Q$6))*Inputs!$D$52 -> 4003136.5 | M56: =L56+(IF($Q$6=0,0,G33*Regions!P8/$Q$6))-(IF($Q$6=0,0,G34*G32*Regions!P8/$Q$6))-((IF($Q$6=0,0,G33*Regions!P8/$Q$6))*'Five Year'!$D$48)-(Inputs!$D$50*$D$9*(1+Inputs!$D$48)^3/12+IF(Regions!P8>0,(G37-Inputs!$D$50*$D$9*(1+Inputs!$D$48)^3)/COUNTIF(Regions!$G$8:$R$8,">0"),0))-G38/12-G39/12-G45/12-G47/12-(IF($Q$6=0,0,G33*Regions!P8/$Q$6))*Inputs!$D$52 -> 4146396.9 | N56: =M56+(IF($Q$6=0,0,G33*Regions!Q8/$Q$6))-(IF($Q$6=0,0,G34*G32*Regions!Q8/$Q$6))-((IF($Q$6=0,0,G33*Regions!Q8/$Q$6))*'Five Year'!$D$48)-(Inputs!$D$50*$D$9*(1+Inputs!$D$48)^3/12+IF(Regions!Q8>0,(G37-Inputs!$D$50*$D$9*(1+Inputs!$D$48)^3)/COUNTIF(Regions!$G$8:$R$8,">0"),0))-G38/12-G39/12-G45/12-G47/12-(IF($Q$6=0,0,G33*Regions!Q8/$Q$6))*Inputs!$D$52 -> 4289657.3 | O56: =N56+(IF($Q$6=0,0,G33*Regions!R8/$Q$6))-(IF($Q$6=0,0,G34*G32*Regions!R8/$Q$6))-((IF($Q$6=0,0,G33*Regions!R8/$Q$6))*'Five Year'!$D$48)-(Inputs!$D$50*$D$9*(1+Inputs!$D$48)^3/12+IF(Regions!R8>0,(G37-Inputs!$D$50*$D$9*(1+Inputs!$D$48)^3)/COUNTIF(Regions!$G$8:$R$8,">0"),0))-G38/12-G39/12-G45/12-G47/12-(IF($Q$6=0,0,G33*Regions!R8/$Q$6))*Inputs!$D$52 -> 4432917.6 | Q56: =O56 -> 4432917.6 | R56: =MIN(D56:O56) -> 3000314
B57: Year 5 monthly minimum | D57: =$Q56+(IF($Q$6=0,0,H33*Regions!G8/$Q$6))-(IF($Q$6=0,0,H34*H32*Regions!G8/$Q$6))-((IF($Q$6=0,0,H33*Regions!G8/$Q$6))*'Five Year'!$D$48)-(Inputs!$D$50*$D$9*(1+Inputs!$D$48)^4/12+IF(Regions!G8>0,(H37-Inputs!$D$50*$D$9*(1+Inputs!$D$48)^4)/COUNTIF(Regions!$G$8:$R$8,">0"),0))-H38/12-H39/12-H45/12-H47/12-(IF($Q$6=0,0,H33*Regions!G8/$Q$6))*Inputs!$D$52 -> 4330963.9 | E57: =D57+(IF($Q$6=0,0,H33*Regions!H8/$Q$6))-(IF($Q$6=0,0,H34*H32*Regions!H8/$Q$6))-((IF($Q$6=0,0,H33*Regions!H8/$Q$6))*'Five Year'!$D$48)-(Inputs!$D$50*$D$9*(1+Inputs!$D$48)^4/12+IF(Regions!H8>0,(H37-Inputs!$D$50*$D$9*(1+Inputs!$D$48)^4)/COUNTIF(Regions!$G$8:$R$8,">0"),0))-H38/12-H39/12-H45/12-H47/12-(IF($Q$6=0,0,H33*Regions!H8/$Q$6))*Inputs!$D$52 -> 4229010.2 | F57: =E57+(IF($Q$6=0,0,H33*Regions!I8/$Q$6))-(IF($Q$6=0,0,H34*H32*Regions!I8/$Q$6))-((IF($Q$6=0,0,H33*Regions!I8/$Q$6))*'Five Year'!$D$48)-(Inputs!$D$50*$D$9*(1+Inputs!$D$48)^4/12+IF(Regions!I8>0,(H37-Inputs!$D$50*$D$9*(1+Inputs!$D$48)^4)/COUNTIF(Regions!$G$8:$R$8,">0"),0))-H38/12-H39/12-H45/12-H47/12-(IF($Q$6=0,0,H33*Regions!I8/$Q$6))*Inputs!$D$52 -> 4396508.5 | G57: =F57+(IF($Q$6=0,0,H33*Regions!J8/$Q$6))-(IF($Q$6=0,0,H34*H32*Regions!J8/$Q$6))-((IF($Q$6=0,0,H33*Regions!J8/$Q$6))*'Five Year'!$D$48)-(Inputs!$D$50*$D$9*(1+Inputs!$D$48)^4/12+IF(Regions!J8>0,(H37-Inputs!$D$50*$D$9*(1+Inputs!$D$48)^4)/COUNTIF(Regions!$G$8:$R$8,">0"),0))-H38/12-H39/12-H45/12-H47/12-(IF($Q$6=0,0,H33*Regions!J8/$Q$6))*Inputs!$D$52 -> 4564006.7 | H57: =G57+(IF($Q$6=0,0,H33*Regions!K8/$Q$6))-(IF($Q$6=0,0,H34*H32*Regions!K8/$Q$6))-((IF($Q$6=0,0,H33*Regions!K8/$Q$6))*'Five Year'!$D$48)-(Inputs!$D$50*$D$9*(1+Inputs!$D$48)^4/12+IF(Regions!K8>0,(H37-Inputs!$D$50*$D$9*(1+Inputs!$D$48)^4)/COUNTIF(Regions!$G$8:$R$8,">0"),0))-H38/12-H39/12-H45/12-H47/12-(IF($Q$6=0,0,H33*Regions!K8/$Q$6))*Inputs!$D$52 -> 4731505 | I57: =H57+(IF($Q$6=0,0,H33*Regions!L8/$Q$6))-(IF($Q$6=0,0,H34*H32*Regions!L8/$Q$6))-((IF($Q$6=0,0,H33*Regions!L8/$Q$6))*'Five Year'!$D$48)-(Inputs!$D$50*$D$9*(1+Inputs!$D$48)^4/12+IF(Regions!L8>0,(H37-Inputs!$D$50*$D$9*(1+Inputs!$D$48)^4)/COUNTIF(Regions!$G$8:$R$8,">0"),0))-H38/12-H39/12-H45/12-H47/12-(IF($Q$6=0,0,H33*Regions!L8/$Q$6))*Inputs!$D$52 -> 4899003.3 | J57: =I57+(IF($Q$6=0,0,H33*Regions!M8/$Q$6))-(IF($Q$6=0,0,H34*H32*Regions!M8/$Q$6))-((IF($Q$6=0,0,H33*Regions!M8/$Q$6))*'Five Year'!$D$48)-(Inputs!$D$50*$D$9*(1+Inputs!$D$48)^4/12+IF(Regions!M8>0,(H37-Inputs!$D$50*$D$9*(1+Inputs!$D$48)^4)/COUNTIF(Regions!$G$8:$R$8,">0"),0))-H38/12-H39/12-H45/12-H47/12-(IF($Q$6=0,0,H33*Regions!M8/$Q$6))*Inputs!$D$52 -> 5066501.5 | K57: =J57+(IF($Q$6=0,0,H33*Regions!N8/$Q$6))-(IF($Q$6=0,0,H34*H32*Regions!N8/$Q$6))-((IF($Q$6=0,0,H33*Regions!N8/$Q$6))*'Five Year'!$D$48)-(Inputs!$D$50*$D$9*(1+Inputs!$D$48)^4/12+IF(Regions!N8>0,(H37-Inputs!$D$50*$D$9*(1+Inputs!$D$48)^4)/COUNTIF(Regions!$G$8:$R$8,">0"),0))-H38/12-H39/12-H45/12-H47/12-(IF($Q$6=0,0,H33*Regions!N8/$Q$6))*Inputs!$D$52 -> 5233999.8 | L57: =K57+(IF($Q$6=0,0,H33*Regions!O8/$Q$6))-(IF($Q$6=0,0,H34*H32*Regions!O8/$Q$6))-((IF($Q$6=0,0,H33*Regions!O8/$Q$6))*'Five Year'!$D$48)-(Inputs!$D$50*$D$9*(1+Inputs!$D$48)^4/12+IF(Regions!O8>0,(H37-Inputs!$D$50*$D$9*(1+Inputs!$D$48)^4)/COUNTIF(Regions!$G$8:$R$8,">0"),0))-H38/12-H39/12-H45/12-H47/12-(IF($Q$6=0,0,H33*Regions!O8/$Q$6))*Inputs!$D$52 -> 5401498 | M57: =L57+(IF($Q$6=0,0,H33*Regions!P8/$Q$6))-(IF($Q$6=0,0,H34*H32*Regions!P8/$Q$6))-((IF($Q$6=0,0,H33*Regions!P8/$Q$6))*'Five Year'!$D$48)-(Inputs!$D$50*$D$9*(1+Inputs!$D$48)^4/12+IF(Regions!P8>0,(H37-Inputs!$D$50*$D$9*(1+Inputs!$D$48)^4)/COUNTIF(Regions!$G$8:$R$8,">0"),0))-H38/12-H39/12-H45/12-H47/12-(IF($Q$6=0,0,H33*Regions!P8/$Q$6))*Inputs!$D$52 -> 5568996.3 | N57: =M57+(IF($Q$6=0,0,H33*Regions!Q8/$Q$6))-(IF($Q$6=0,0,H34*H32*Regions!Q8/$Q$6))-((IF($Q$6=0,0,H33*Regions!Q8/$Q$6))*'Five Year'!$D$48)-(Inputs!$D$50*$D$9*(1+Inputs!$D$48)^4/12+IF(Regions!Q8>0,(H37-Inputs!$D$50*$D$9*(1+Inputs!$D$48)^4)/COUNTIF(Regions!$G$8:$R$8,">0"),0))-H38/12-H39/12-H45/12-H47/12-(IF($Q$6=0,0,H33*Regions!Q8/$Q$6))*Inputs!$D$52 -> 5736494.5 | O57: =N57+(IF($Q$6=0,0,H33*Regions!R8/$Q$6))-(IF($Q$6=0,0,H34*H32*Regions!R8/$Q$6))-((IF($Q$6=0,0,H33*Regions!R8/$Q$6))*'Five Year'!$D$48)-(Inputs!$D$50*$D$9*(1+Inputs!$D$48)^4/12+IF(Regions!R8>0,(H37-Inputs!$D$50*$D$9*(1+Inputs!$D$48)^4)/COUNTIF(Regions!$G$8:$R$8,">0"),0))-H38/12-H39/12-H45/12-H47/12-(IF($Q$6=0,0,H33*Regions!R8/$Q$6))*Inputs!$D$52 -> 5903992.8 | Q57: =O57 -> 5903992.8 | R57: =MIN(D57:O57) -> 4229010.2
B58: Five-year monthly minimum | D58: =MIN(R53:R57) -> 664533.02
B70: Commercial downside — five-year detail
D71: Year 1 | E71: Year 2 | F71: Year 3 | G71: Year 4 | H71: Year 5
B72: Paid occupancy | D72: =MAX(0,'Five Year'!D$50-$E$6) -> 0.3 | E72: =MAX(0,'Five Year'!E$50-$E$6) -> 0.38 | F72: =MAX(0,'Five Year'!F$50-$E$6) -> 0.45 | G72: =MAX(0,'Five Year'!G$50-$E$6) -> 0.5 | H72: =MAX(0,'Five Year'!H$50-$E$6) -> 0.55
B73: Net package per suite-week (EUR) | D73: ='Five Year'!$D$49*$E$7*(1+Inputs!$D$49)^0 -> 5850 | E73: ='Five Year'!$D$49*$E$7*(1+Inputs!$D$49)^1 -> 6201 | F73: ='Five Year'!$D$49*$E$7*(1+Inputs!$D$49)^2 -> 6573.06 | G73: ='Five Year'!$D$49*$E$7*(1+Inputs!$D$49)^3 -> 6967.4436 | H73: ='Five Year'!$D$49*$E$7*(1+Inputs!$D$49)^4 -> 7385.4902
B74: Occupied suite-weeks | D74: =Inputs!$D$16*D72 -> 240 | E74: =Inputs!$D$16*E72 -> 304 | F74: =Inputs!$D$16*F72 -> 360 | G74: =Inputs!$D$16*G72 -> 400 | H74: =Inputs!$D$16*H72 -> 440
B75: Net stay revenue | D75: =D74*D73 -> 1404000 | E75: =E74*E73 -> 1885104 | F75: =F74*F73 -> 2366301.6 | G75: =G74*G73 -> 2786977.4 | H75: =H74*H73 -> 3249615.7
B76: Variable cost per occupied suite-week | D76: =((Inputs!$E$41*'Five Year'!$D$46*$E$10/Capital!$E$6)*(1+Inputs!$D$47)^0+Inputs!$E$42*'Five Year'!$D$46*(1+Inputs!$D$48)^0)*$E$8 -> 1268.7034 | E76: =((Inputs!$E$41*'Five Year'!$D$46*$E$10/Capital!$E$6)*(1+Inputs!$D$47)^1+Inputs!$E$42*'Five Year'!$D$46*(1+Inputs!$D$48)^1)*$E$8 -> 1320.0757 | F76: =((Inputs!$E$41*'Five Year'!$D$46*$E$10/Capital!$E$6)*(1+Inputs!$D$47)^2+Inputs!$E$42*'Five Year'!$D$46*(1+Inputs!$D$48)^2)*$E$8 -> 1373.7877 | G76: =((Inputs!$E$41*'Five Year'!$D$46*$E$10/Capital!$E$6)*(1+Inputs!$D$47)^3+Inputs!$E$42*'Five Year'!$D$46*(1+Inputs!$D$48)^3)*$E$8 -> 1429.9577 | H76: =((Inputs!$E$41*'Five Year'!$D$46*$E$10/Capital!$E$6)*(1+Inputs!$D$47)^4+Inputs!$E$42*'Five Year'!$D$46*(1+Inputs!$D$48)^4)*$E$8 -> 1488.7101
B77: Variable delivery cost | D77: =D76*D74 -> 304488.83 | E77: =E76*E74 -> 401303 | F77: =F76*F74 -> 494563.57 | G77: =G76*G74 -> 571983.07 | H77: =H76*H74 -> 655032.46
B78: Sales and payment costs | D78: =D75*'Five Year'!$D$48 -> 168480 | E78: =E75*'Five Year'!$D$48 -> 226212.48 | F78: =F75*'Five Year'!$D$48 -> 283956.19 | G78: =G75*'Five Year'!$D$48 -> 334437.29 | H78: =H75*'Five Year'!$D$48 -> 389953.88
B79: Mission budget | D79: =MAX(Inputs!$D$50*$E$9*(1+Inputs!$D$48)^0,Inputs!$D$51*D75) -> 112320 | E79: =MAX(Inputs!$D$50*$E$9*(1+Inputs!$D$48)^1,Inputs!$D$51*E75) -> 150808.32 | F79: =MAX(Inputs!$D$50*$E$9*(1+Inputs!$D$48)^2,Inputs!$D$51*F75) -> 189304.13 | G79: =MAX(Inputs!$D$50*$E$9*(1+Inputs!$D$48)^3,Inputs!$D$51*G75) -> 222958.2 | H79: =MAX(Inputs!$D$50*$E$9*(1+Inputs!$D$48)^4,Inputs!$D$51*H75) -> 259969.26
B80: Fixed site cost | D80: =((Inputs!$E$28*'Five Year'!$D$47*$E$10/Capital!$E$6)*(1+Inputs!$D$47)^0+Inputs!$E$29*'Five Year'!$D$47*(1+Inputs!$D$48)^0)*$E$8 -> 422473.02 | E80: =((Inputs!$E$28*'Five Year'!$D$47*$E$10/Capital!$E$6)*(1+Inputs!$D$47)^1+Inputs!$E$29*'Five Year'!$D$47*(1+Inputs!$D$48)^1)*$E$8 -> 446831.41 | F80: =((Inputs!$E$28*'Five Year'!$D$47*$E$10/Capital!$E$6)*(1+Inputs!$D$47)^2+Inputs!$E$29*'Five Year'!$D$47*(1+Inputs!$D$48)^2)*$E$8 -> 472621.59 | G80: =((Inputs!$E$28*'Five Year'!$D$47*$E$10/Capital!$E$6)*(1+Inputs!$D$47)^3+Inputs!$E$29*'Five Year'!$D$47*(1+Inputs!$D$48)^3)*$E$8 -> 499928.59 | H80: =((Inputs!$E$28*'Five Year'!$D$47*$E$10/Capital!$E$6)*(1+Inputs!$D$47)^4+Inputs!$E$29*'Five Year'!$D$47*(1+Inputs!$D$48)^4)*$E$8 -> 528842.51
B81: Central support | D81: =Inputs!$E$30*'Five Year'!$D$47*(1+Inputs!$D$48)^0*$E$8 -> 66000 | E81: =Inputs!$E$30*'Five Year'!$D$47*(1+Inputs!$D$48)^1*$E$8 -> 67980 | F81: =Inputs!$E$30*'Five Year'!$D$47*(1+Inputs!$D$48)^2*$E$8 -> 70019.4 | G81: =Inputs!$E$30*'Five Year'!$D$47*(1+Inputs!$D$48)^3*$E$8 -> 72119.982 | H81: =Inputs!$E$30*'Five Year'!$D$47*(1+Inputs!$D$48)^4*$E$8 -> 74283.581
B82: Operating profit / EBITDA | D82: =D75-D77-D78-D79-D80-D81 -> 330238.15 | E82: =E75-E77-E78-E79-E80-E81 -> 591968.8 | F82: =F75-F77-F78-F79-F80-F81 -> 855836.72 | G82: =G75-G77-G78-G79-G80-G81 -> 1085550.3 | H82: =H75-H77-H78-H79-H80-H81 -> 1341534
B83: EBITDA margin | D83: =IF(D75=0,0,D82/D75) -> 0.23521236 | E83: =IF(E75=0,0,E82/E75) -> 0.31402448 | F83: =IF(F75=0,0,F82/F75) -> 0.36167694 | G83: =IF(G75=0,0,G82/G75) -> 0.38950811 | H83: =IF(H75=0,0,H82/H75) -> 0.41282851
B84: Replacement capex | D84: =D75*Inputs!$D$52 -> 42120 | E84: =E75*Inputs!$D$52 -> 56553.12 | F84: =F75*Inputs!$D$52 -> 70989.048 | G84: =G75*Inputs!$D$52 -> 83609.323 | H84: =H75*Inputs!$D$52 -> 97488.471
B85: Depreciation | D85: ='Asset Register'!$H$25+0/5+D84/10 -> 299709.97 | E85: ='Asset Register'!$H$26+SUM($D84:D84)/5+E84/10 -> 309577.28 | F85: ='Asset Register'!$H$27+SUM($D84:E84)/5+F84/10 -> 322331.5 | G85: ='Asset Register'!$H$28+SUM($D84:F84)/5+G84/10 -> 337791.34 | H85: ='Asset Register'!$H$29+SUM($D84:G84)/5+H84/10 -> 355901.12
B86: Accounting profit before tax | D86: =D82-D85 -> 30528.177 | E86: =E82-E85 -> 282391.51 | F86: =F82-F85 -> 533505.22 | G86: =G82-G85 -> 747758.97 | H86: =H82-H85 -> 985632.88
B87: Tax at 30% of positive profit | D87: =MAX(0,D86)*Inputs!$D$54 -> 9158.453 | E87: =MAX(0,E86)*Inputs!$D$54 -> 84717.454 | F87: =MAX(0,F86)*Inputs!$D$54 -> 160051.57 | G87: =MAX(0,G86)*Inputs!$D$54 -> 224327.69 | H87: =MAX(0,H86)*Inputs!$D$54 -> 295689.86
B88: Net accounting profit | D88: =D86-D87 -> 21369.724 | E88: =E86-E87 -> 197674.06 | F88: =F86-F87 -> 373453.65 | G88: =G86-G87 -> 523431.28 | H88: =H86-H87 -> 689943.02
B89: Working capital movement | D89: =(D75-0)*Inputs!$D$53 -> 70200 | E89: =(E75-D75)*Inputs!$D$53 -> 24055.2 | F89: =(F75-E75)*Inputs!$D$53 -> 24059.88 | G89: =(G75-F75)*Inputs!$D$53 -> 21033.792 | H89: =(H75-G75)*Inputs!$D$53 -> 23131.913
B90: Net cash movement | D90: =D82-D87-D84-D89 -> 208759.7 | E90: =E82-E87-E84-E89 -> 426643.02 | F90: =F82-F87-F84-F89 -> 600736.23 | G90: =G82-G87-G84-G89 -> 756579.5 | H90: =H82-H87-H84-H89 -> 925223.75
B91: Closing cash | D91: =Capital!$E$39+D90 -> 1008759.7 | E91: =D91+E90 -> 1435402.7 | F91: =E91+F90 -> 2036138.9 | G91: =F91+G90 -> 2792718.4 | H91: =G91+H90 -> 3717942.2
B94: Monthly closing cash, five years (lowest shown above)
B95: Year 1 monthly minimum | D95: =Capital!$E$39+(IF($Q$6=0,0,D75*Regions!G8/$Q$6))-(IF($Q$6=0,0,D76*D74*Regions!G8/$Q$6))-((IF($Q$6=0,0,D75*Regions!G8/$Q$6))*'Five Year'!$D$48)-(Inputs!$D$50*$E$9*(1+Inputs!$D$48)^0/12+IF(Regions!G8>0,(D79-Inputs!$D$50*$E$9*(1+Inputs!$D$48)^0)/COUNTIF(Regions!$G$8:$R$8,">0"),0))-D80/12-D81/12-D87/12-D89/12-(IF($Q$6=0,0,D75*Regions!G8/$Q$6))*Inputs!$D$52 -> 743514.04 | E95: =D95+(IF($Q$6=0,0,D75*Regions!H8/$Q$6))-(IF($Q$6=0,0,D76*D74*Regions!H8/$Q$6))-((IF($Q$6=0,0,D75*Regions!H8/$Q$6))*'Five Year'!$D$48)-(Inputs!$D$50*$E$9*(1+Inputs!$D$48)^0/12+IF(Regions!H8>0,(D79-Inputs!$D$50*$E$9*(1+Inputs!$D$48)^0)/COUNTIF(Regions!$G$8:$R$8,">0"),0))-D80/12-D81/12-D87/12-D89/12-(IF($Q$6=0,0,D75*Regions!H8/$Q$6))*Inputs!$D$52 -> 687028.09 | F95: =E95+(IF($Q$6=0,0,D75*Regions!I8/$Q$6))-(IF($Q$6=0,0,D76*D74*Regions!I8/$Q$6))-((IF($Q$6=0,0,D75*Regions!I8/$Q$6))*'Five Year'!$D$48)-(Inputs!$D$50*$E$9*(1+Inputs!$D$48)^0/12+IF(Regions!I8>0,(D79-Inputs!$D$50*$E$9*(1+Inputs!$D$48)^0)/COUNTIF(Regions!$G$8:$R$8,">0"),0))-D80/12-D81/12-D87/12-D89/12-(IF($Q$6=0,0,D75*Regions!I8/$Q$6))*Inputs!$D$52 -> 719201.25 | G95: =F95+(IF($Q$6=0,0,D75*Regions!J8/$Q$6))-(IF($Q$6=0,0,D76*D74*Regions!J8/$Q$6))-((IF($Q$6=0,0,D75*Regions!J8/$Q$6))*'Five Year'!$D$48)-(Inputs!$D$50*$E$9*(1+Inputs!$D$48)^0/12+IF(Regions!J8>0,(D79-Inputs!$D$50*$E$9*(1+Inputs!$D$48)^0)/COUNTIF(Regions!$G$8:$R$8,">0"),0))-D80/12-D81/12-D87/12-D89/12-(IF($Q$6=0,0,D75*Regions!J8/$Q$6))*Inputs!$D$52 -> 751374.41 | H95: =G95+(IF($Q$6=0,0,D75*Regions!K8/$Q$6))-(IF($Q$6=0,0,D76*D74*Regions!K8/$Q$6))-((IF($Q$6=0,0,D75*Regions!K8/$Q$6))*'Five Year'!$D$48)-(Inputs!$D$50*$E$9*(1+Inputs!$D$48)^0/12+IF(Regions!K8>0,(D79-Inputs!$D$50*$E$9*(1+Inputs!$D$48)^0)/COUNTIF(Regions!$G$8:$R$8,">0"),0))-D80/12-D81/12-D87/12-D89/12-(IF($Q$6=0,0,D75*Regions!K8/$Q$6))*Inputs!$D$52 -> 783547.57 | I95: =H95+(IF($Q$6=0,0,D75*Regions!L8/$Q$6))-(IF($Q$6=0,0,D76*D74*Regions!L8/$Q$6))-((IF($Q$6=0,0,D75*Regions!L8/$Q$6))*'Five Year'!$D$48)-(Inputs!$D$50*$E$9*(1+Inputs!$D$48)^0/12+IF(Regions!L8>0,(D79-Inputs!$D$50*$E$9*(1+Inputs!$D$48)^0)/COUNTIF(Regions!$G$8:$R$8,">0"),0))-D80/12-D81/12-D87/12-D89/12-(IF($Q$6=0,0,D75*Regions!L8/$Q$6))*Inputs!$D$52 -> 815720.73 | J95: =I95+(IF($Q$6=0,0,D75*Regions!M8/$Q$6))-(IF($Q$6=0,0,D76*D74*Regions!M8/$Q$6))-((IF($Q$6=0,0,D75*Regions!M8/$Q$6))*'Five Year'!$D$48)-(Inputs!$D$50*$E$9*(1+Inputs!$D$48)^0/12+IF(Regions!M8>0,(D79-Inputs!$D$50*$E$9*(1+Inputs!$D$48)^0)/COUNTIF(Regions!$G$8:$R$8,">0"),0))-D80/12-D81/12-D87/12-D89/12-(IF($Q$6=0,0,D75*Regions!M8/$Q$6))*Inputs!$D$52 -> 847893.89 | K95: =J95+(IF($Q$6=0,0,D75*Regions!N8/$Q$6))-(IF($Q$6=0,0,D76*D74*Regions!N8/$Q$6))-((IF($Q$6=0,0,D75*Regions!N8/$Q$6))*'Five Year'!$D$48)-(Inputs!$D$50*$E$9*(1+Inputs!$D$48)^0/12+IF(Regions!N8>0,(D79-Inputs!$D$50*$E$9*(1+Inputs!$D$48)^0)/COUNTIF(Regions!$G$8:$R$8,">0"),0))-D80/12-D81/12-D87/12-D89/12-(IF($Q$6=0,0,D75*Regions!N8/$Q$6))*Inputs!$D$52 -> 880067.05 | L95: =K95+(IF($Q$6=0,0,D75*Regions!O8/$Q$6))-(IF($Q$6=0,0,D76*D74*Regions!O8/$Q$6))-((IF($Q$6=0,0,D75*Regions!O8/$Q$6))*'Five Year'!$D$48)-(Inputs!$D$50*$E$9*(1+Inputs!$D$48)^0/12+IF(Regions!O8>0,(D79-Inputs!$D$50*$E$9*(1+Inputs!$D$48)^0)/COUNTIF(Regions!$G$8:$R$8,">0"),0))-D80/12-D81/12-D87/12-D89/12-(IF($Q$6=0,0,D75*Regions!O8/$Q$6))*Inputs!$D$52 -> 912240.21 | M95: =L95+(IF($Q$6=0,0,D75*Regions!P8/$Q$6))-(IF($Q$6=0,0,D76*D74*Regions!P8/$Q$6))-((IF($Q$6=0,0,D75*Regions!P8/$Q$6))*'Five Year'!$D$48)-(Inputs!$D$50*$E$9*(1+Inputs!$D$48)^0/12+IF(Regions!P8>0,(D79-Inputs!$D$50*$E$9*(1+Inputs!$D$48)^0)/COUNTIF(Regions!$G$8:$R$8,">0"),0))-D80/12-D81/12-D87/12-D89/12-(IF($Q$6=0,0,D75*Regions!P8/$Q$6))*Inputs!$D$52 -> 944413.37 | N95: =M95+(IF($Q$6=0,0,D75*Regions!Q8/$Q$6))-(IF($Q$6=0,0,D76*D74*Regions!Q8/$Q$6))-((IF($Q$6=0,0,D75*Regions!Q8/$Q$6))*'Five Year'!$D$48)-(Inputs!$D$50*$E$9*(1+Inputs!$D$48)^0/12+IF(Regions!Q8>0,(D79-Inputs!$D$50*$E$9*(1+Inputs!$D$48)^0)/COUNTIF(Regions!$G$8:$R$8,">0"),0))-D80/12-D81/12-D87/12-D89/12-(IF($Q$6=0,0,D75*Regions!Q8/$Q$6))*Inputs!$D$52 -> 976586.54 | O95: =N95+(IF($Q$6=0,0,D75*Regions!R8/$Q$6))-(IF($Q$6=0,0,D76*D74*Regions!R8/$Q$6))-((IF($Q$6=0,0,D75*Regions!R8/$Q$6))*'Five Year'!$D$48)-(Inputs!$D$50*$E$9*(1+Inputs!$D$48)^0/12+IF(Regions!R8>0,(D79-Inputs!$D$50*$E$9*(1+Inputs!$D$48)^0)/COUNTIF(Regions!$G$8:$R$8,">0"),0))-D80/12-D81/12-D87/12-D89/12-(IF($Q$6=0,0,D75*Regions!R8/$Q$6))*Inputs!$D$52 -> 1008759.7 | Q95: =O95 -> 1008759.7 | R95: =MIN(D95:O95) -> 687028.09
B96: Year 2 monthly minimum | D96: =$Q95+(IF($Q$6=0,0,E75*Regions!G8/$Q$6))-(IF($Q$6=0,0,E76*E74*Regions!G8/$Q$6))-((IF($Q$6=0,0,E75*Regions!G8/$Q$6))*'Five Year'!$D$48)-(Inputs!$D$50*$E$9*(1+Inputs!$D$48)^1/12+IF(Regions!G8>0,(E79-Inputs!$D$50*$E$9*(1+Inputs!$D$48)^1)/COUNTIF(Regions!$G$8:$R$8,">0"),0))-E80/12-E81/12-E87/12-E89/12-(IF($Q$6=0,0,E75*Regions!G8/$Q$6))*Inputs!$D$52 -> 947352.69 | E96: =D96+(IF($Q$6=0,0,E75*Regions!H8/$Q$6))-(IF($Q$6=0,0,E76*E74*Regions!H8/$Q$6))-((IF($Q$6=0,0,E75*Regions!H8/$Q$6))*'Five Year'!$D$48)-(Inputs!$D$50*$E$9*(1+Inputs!$D$48)^1/12+IF(Regions!H8>0,(E79-Inputs!$D$50*$E$9*(1+Inputs!$D$48)^1)/COUNTIF(Regions!$G$8:$R$8,">0"),0))-E80/12-E81/12-E87/12-E89/12-(IF($Q$6=0,0,E75*Regions!H8/$Q$6))*Inputs!$D$52 -> 885945.69 | F96: =E96+(IF($Q$6=0,0,E75*Regions!I8/$Q$6))-(IF($Q$6=0,0,E76*E74*Regions!I8/$Q$6))-((IF($Q$6=0,0,E75*Regions!I8/$Q$6))*'Five Year'!$D$48)-(Inputs!$D$50*$E$9*(1+Inputs!$D$48)^1/12+IF(Regions!I8>0,(E79-Inputs!$D$50*$E$9*(1+Inputs!$D$48)^1)/COUNTIF(Regions!$G$8:$R$8,">0"),0))-E80/12-E81/12-E87/12-E89/12-(IF($Q$6=0,0,E75*Regions!I8/$Q$6))*Inputs!$D$52 -> 940891.39 | G96: =F96+(IF($Q$6=0,0,E75*Regions!J8/$Q$6))-(IF($Q$6=0,0,E76*E74*Regions!J8/$Q$6))-((IF($Q$6=0,0,E75*Regions!J8/$Q$6))*'Five Year'!$D$48)-(Inputs!$D$50*$E$9*(1+Inputs!$D$48)^1/12+IF(Regions!J8>0,(E79-Inputs!$D$50*$E$9*(1+Inputs!$D$48)^1)/COUNTIF(Regions!$G$8:$R$8,">0"),0))-E80/12-E81/12-E87/12-E89/12-(IF($Q$6=0,0,E75*Regions!J8/$Q$6))*Inputs!$D$52 -> 995837.09 | H96: =G96+(IF($Q$6=0,0,E75*Regions!K8/$Q$6))-(IF($Q$6=0,0,E76*E74*Regions!K8/$Q$6))-((IF($Q$6=0,0,E75*Regions!K8/$Q$6))*'Five Year'!$D$48)-(Inputs!$D$50*$E$9*(1+Inputs!$D$48)^1/12+IF(Regions!K8>0,(E79-Inputs!$D$50*$E$9*(1+Inputs!$D$48)^1)/COUNTIF(Regions!$G$8:$R$8,">0"),0))-E80/12-E81/12-E87/12-E89/12-(IF($Q$6=0,0,E75*Regions!K8/$Q$6))*Inputs!$D$52 -> 1050782.8 | I96: =H96+(IF($Q$6=0,0,E75*Regions!L8/$Q$6))-(IF($Q$6=0,0,E76*E74*Regions!L8/$Q$6))-((IF($Q$6=0,0,E75*Regions!L8/$Q$6))*'Five Year'!$D$48)-(Inputs!$D$50*$E$9*(1+Inputs!$D$48)^1/12+IF(Regions!L8>0,(E79-Inputs!$D$50*$E$9*(1+Inputs!$D$48)^1)/COUNTIF(Regions!$G$8:$R$8,">0"),0))-E80/12-E81/12-E87/12-E89/12-(IF($Q$6=0,0,E75*Regions!L8/$Q$6))*Inputs!$D$52 -> 1105728.5 | J96: =I96+(IF($Q$6=0,0,E75*Regions!M8/$Q$6))-(IF($Q$6=0,0,E76*E74*Regions!M8/$Q$6))-((IF($Q$6=0,0,E75*Regions!M8/$Q$6))*'Five Year'!$D$48)-(Inputs!$D$50*$E$9*(1+Inputs!$D$48)^1/12+IF(Regions!M8>0,(E79-Inputs!$D$50*$E$9*(1+Inputs!$D$48)^1)/COUNTIF(Regions!$G$8:$R$8,">0"),0))-E80/12-E81/12-E87/12-E89/12-(IF($Q$6=0,0,E75*Regions!M8/$Q$6))*Inputs!$D$52 -> 1160674.2 | K96: =J96+(IF($Q$6=0,0,E75*Regions!N8/$Q$6))-(IF($Q$6=0,0,E76*E74*Regions!N8/$Q$6))-((IF($Q$6=0,0,E75*Regions!N8/$Q$6))*'Five Year'!$D$48)-(Inputs!$D$50*$E$9*(1+Inputs!$D$48)^1/12+IF(Regions!N8>0,(E79-Inputs!$D$50*$E$9*(1+Inputs!$D$48)^1)/COUNTIF(Regions!$G$8:$R$8,">0"),0))-E80/12-E81/12-E87/12-E89/12-(IF($Q$6=0,0,E75*Regions!N8/$Q$6))*Inputs!$D$52 -> 1215619.9 | L96: =K96+(IF($Q$6=0,0,E75*Regions!O8/$Q$6))-(IF($Q$6=0,0,E76*E74*Regions!O8/$Q$6))-((IF($Q$6=0,0,E75*Regions!O8/$Q$6))*'Five Year'!$D$48)-(Inputs!$D$50*$E$9*(1+Inputs!$D$48)^1/12+IF(Regions!O8>0,(E79-Inputs!$D$50*$E$9*(1+Inputs!$D$48)^1)/COUNTIF(Regions!$G$8:$R$8,">0"),0))-E80/12-E81/12-E87/12-E89/12-(IF($Q$6=0,0,E75*Regions!O8/$Q$6))*Inputs!$D$52 -> 1270565.6 | M96: =L96+(IF($Q$6=0,0,E75*Regions!P8/$Q$6))-(IF($Q$6=0,0,E76*E74*Regions!P8/$Q$6))-((IF($Q$6=0,0,E75*Regions!P8/$Q$6))*'Five Year'!$D$48)-(Inputs!$D$50*$E$9*(1+Inputs!$D$48)^1/12+IF(Regions!P8>0,(E79-Inputs!$D$50*$E$9*(1+Inputs!$D$48)^1)/COUNTIF(Regions!$G$8:$R$8,">0"),0))-E80/12-E81/12-E87/12-E89/12-(IF($Q$6=0,0,E75*Regions!P8/$Q$6))*Inputs!$D$52 -> 1325511.3 | N96: =M96+(IF($Q$6=0,0,E75*Regions!Q8/$Q$6))-(IF($Q$6=0,0,E76*E74*Regions!Q8/$Q$6))-((IF($Q$6=0,0,E75*Regions!Q8/$Q$6))*'Five Year'!$D$48)-(Inputs!$D$50*$E$9*(1+Inputs!$D$48)^1/12+IF(Regions!Q8>0,(E79-Inputs!$D$50*$E$9*(1+Inputs!$D$48)^1)/COUNTIF(Regions!$G$8:$R$8,">0"),0))-E80/12-E81/12-E87/12-E89/12-(IF($Q$6=0,0,E75*Regions!Q8/$Q$6))*Inputs!$D$52 -> 1380457 | O96: =N96+(IF($Q$6=0,0,E75*Regions!R8/$Q$6))-(IF($Q$6=0,0,E76*E74*Regions!R8/$Q$6))-((IF($Q$6=0,0,E75*Regions!R8/$Q$6))*'Five Year'!$D$48)-(Inputs!$D$50*$E$9*(1+Inputs!$D$48)^1/12+IF(Regions!R8>0,(E79-Inputs!$D$50*$E$9*(1+Inputs!$D$48)^1)/COUNTIF(Regions!$G$8:$R$8,">0"),0))-E80/12-E81/12-E87/12-E89/12-(IF($Q$6=0,0,E75*Regions!R8/$Q$6))*Inputs!$D$52 -> 1435402.7 | Q96: =O96 -> 1435402.7 | R96: =MIN(D96:O96) -> 885945.69
B97: Year 3 monthly minimum | D97: =$Q96+(IF($Q$6=0,0,F75*Regions!G8/$Q$6))-(IF($Q$6=0,0,F76*F74*Regions!G8/$Q$6))-((IF($Q$6=0,0,F75*Regions!G8/$Q$6))*'Five Year'!$D$48)-(Inputs!$D$50*$E$9*(1+Inputs!$D$48)^2/12+IF(Regions!G8>0,(F79-Inputs!$D$50*$E$9*(1+Inputs!$D$48)^2)/COUNTIF(Regions!$G$8:$R$8,">0"),0))-F80/12-F81/12-F87/12-F89/12-(IF($Q$6=0,0,F75*Regions!G8/$Q$6))*Inputs!$D$52 -> 1365115.1 | E97: =D97+(IF($Q$6=0,0,F75*Regions!H8/$Q$6))-(IF($Q$6=0,0,F76*F74*Regions!H8/$Q$6))-((IF($Q$6=0,0,F75*Regions!H8/$Q$6))*'Five Year'!$D$48)-(Inputs!$D$50*$E$9*(1+Inputs!$D$48)^2/12+IF(Regions!H8>0,(F79-Inputs!$D$50*$E$9*(1+Inputs!$D$48)^2)/COUNTIF(Regions!$G$8:$R$8,">0"),0))-F80/12-F81/12-F87/12-F89/12-(IF($Q$6=0,0,F75*Regions!H8/$Q$6))*Inputs!$D$52 -> 1294827.5 | F97: =E97+(IF($Q$6=0,0,F75*Regions!I8/$Q$6))-(IF($Q$6=0,0,F76*F74*Regions!I8/$Q$6))-((IF($Q$6=0,0,F75*Regions!I8/$Q$6))*'Five Year'!$D$48)-(Inputs!$D$50*$E$9*(1+Inputs!$D$48)^2/12+IF(Regions!I8>0,(F79-Inputs!$D$50*$E$9*(1+Inputs!$D$48)^2)/COUNTIF(Regions!$G$8:$R$8,">0"),0))-F80/12-F81/12-F87/12-F89/12-(IF($Q$6=0,0,F75*Regions!I8/$Q$6))*Inputs!$D$52 -> 1368958.6 | G97: =F97+(IF($Q$6=0,0,F75*Regions!J8/$Q$6))-(IF($Q$6=0,0,F76*F74*Regions!J8/$Q$6))-((IF($Q$6=0,0,F75*Regions!J8/$Q$6))*'Five Year'!$D$48)-(Inputs!$D$50*$E$9*(1+Inputs!$D$48)^2/12+IF(Regions!J8>0,(F79-Inputs!$D$50*$E$9*(1+Inputs!$D$48)^2)/COUNTIF(Regions!$G$8:$R$8,">0"),0))-F80/12-F81/12-F87/12-F89/12-(IF($Q$6=0,0,F75*Regions!J8/$Q$6))*Inputs!$D$52 -> 1443089.8 | H97: =G97+(IF($Q$6=0,0,F75*Regions!K8/$Q$6))-(IF($Q$6=0,0,F76*F74*Regions!K8/$Q$6))-((IF($Q$6=0,0,F75*Regions!K8/$Q$6))*'Five Year'!$D$48)-(Inputs!$D$50*$E$9*(1+Inputs!$D$48)^2/12+IF(Regions!K8>0,(F79-Inputs!$D$50*$E$9*(1+Inputs!$D$48)^2)/COUNTIF(Regions!$G$8:$R$8,">0"),0))-F80/12-F81/12-F87/12-F89/12-(IF($Q$6=0,0,F75*Regions!K8/$Q$6))*Inputs!$D$52 -> 1517220.9 | I97: =H97+(IF($Q$6=0,0,F75*Regions!L8/$Q$6))-(IF($Q$6=0,0,F76*F74*Regions!L8/$Q$6))-((IF($Q$6=0,0,F75*Regions!L8/$Q$6))*'Five Year'!$D$48)-(Inputs!$D$50*$E$9*(1+Inputs!$D$48)^2/12+IF(Regions!L8>0,(F79-Inputs!$D$50*$E$9*(1+Inputs!$D$48)^2)/COUNTIF(Regions!$G$8:$R$8,">0"),0))-F80/12-F81/12-F87/12-F89/12-(IF($Q$6=0,0,F75*Regions!L8/$Q$6))*Inputs!$D$52 -> 1591352.1 | J97: =I97+(IF($Q$6=0,0,F75*Regions!M8/$Q$6))-(IF($Q$6=0,0,F76*F74*Regions!M8/$Q$6))-((IF($Q$6=0,0,F75*Regions!M8/$Q$6))*'Five Year'!$D$48)-(Inputs!$D$50*$E$9*(1+Inputs!$D$48)^2/12+IF(Regions!M8>0,(F79-Inputs!$D$50*$E$9*(1+Inputs!$D$48)^2)/COUNTIF(Regions!$G$8:$R$8,">0"),0))-F80/12-F81/12-F87/12-F89/12-(IF($Q$6=0,0,F75*Regions!M8/$Q$6))*Inputs!$D$52 -> 1665483.2 | K97: =J97+(IF($Q$6=0,0,F75*Regions!N8/$Q$6))-(IF($Q$6=0,0,F76*F74*Regions!N8/$Q$6))-((IF($Q$6=0,0,F75*Regions!N8/$Q$6))*'Five Year'!$D$48)-(Inputs!$D$50*$E$9*(1+Inputs!$D$48)^2/12+IF(Regions!N8>0,(F79-Inputs!$D$50*$E$9*(1+Inputs!$D$48)^2)/COUNTIF(Regions!$G$8:$R$8,">0"),0))-F80/12-F81/12-F87/12-F89/12-(IF($Q$6=0,0,F75*Regions!N8/$Q$6))*Inputs!$D$52 -> 1739614.4 | L97: =K97+(IF($Q$6=0,0,F75*Regions!O8/$Q$6))-(IF($Q$6=0,0,F76*F74*Regions!O8/$Q$6))-((IF($Q$6=0,0,F75*Regions!O8/$Q$6))*'Five Year'!$D$48)-(Inputs!$D$50*$E$9*(1+Inputs!$D$48)^2/12+IF(Regions!O8>0,(F79-Inputs!$D$50*$E$9*(1+Inputs!$D$48)^2)/COUNTIF(Regions!$G$8:$R$8,">0"),0))-F80/12-F81/12-F87/12-F89/12-(IF($Q$6=0,0,F75*Regions!O8/$Q$6))*Inputs!$D$52 -> 1813745.5 | M97: =L97+(IF($Q$6=0,0,F75*Regions!P8/$Q$6))-(IF($Q$6=0,0,F76*F74*Regions!P8/$Q$6))-((IF($Q$6=0,0,F75*Regions!P8/$Q$6))*'Five Year'!$D$48)-(Inputs!$D$50*$E$9*(1+Inputs!$D$48)^2/12+IF(Regions!P8>0,(F79-Inputs!$D$50*$E$9*(1+Inputs!$D$48)^2)/COUNTIF(Regions!$G$8:$R$8,">0"),0))-F80/12-F81/12-F87/12-F89/12-(IF($Q$6=0,0,F75*Regions!P8/$Q$6))*Inputs!$D$52 -> 1887876.7 | N97: =M97+(IF($Q$6=0,0,F75*Regions!Q8/$Q$6))-(IF($Q$6=0,0,F76*F74*Regions!Q8/$Q$6))-((IF($Q$6=0,0,F75*Regions!Q8/$Q$6))*'Five Year'!$D$48)-(Inputs!$D$50*$E$9*(1+Inputs!$D$48)^2/12+IF(Regions!Q8>0,(F79-Inputs!$D$50*$E$9*(1+Inputs!$D$48)^2)/COUNTIF(Regions!$G$8:$R$8,">0"),0))-F80/12-F81/12-F87/12-F89/12-(IF($Q$6=0,0,F75*Regions!Q8/$Q$6))*Inputs!$D$52 -> 1962007.8 | O97: =N97+(IF($Q$6=0,0,F75*Regions!R8/$Q$6))-(IF($Q$6=0,0,F76*F74*Regions!R8/$Q$6))-((IF($Q$6=0,0,F75*Regions!R8/$Q$6))*'Five Year'!$D$48)-(Inputs!$D$50*$E$9*(1+Inputs!$D$48)^2/12+IF(Regions!R8>0,(F79-Inputs!$D$50*$E$9*(1+Inputs!$D$48)^2)/COUNTIF(Regions!$G$8:$R$8,">0"),0))-F80/12-F81/12-F87/12-F89/12-(IF($Q$6=0,0,F75*Regions!R8/$Q$6))*Inputs!$D$52 -> 2036138.9 | Q97: =O97 -> 2036138.9 | R97: =MIN(D97:O97) -> 1294827.5
B98: Year 4 monthly minimum | D98: =$Q97+(IF($Q$6=0,0,G75*Regions!G8/$Q$6))-(IF($Q$6=0,0,G76*G74*Regions!G8/$Q$6))-((IF($Q$6=0,0,G75*Regions!G8/$Q$6))*'Five Year'!$D$48)-(Inputs!$D$50*$E$9*(1+Inputs!$D$48)^3/12+IF(Regions!G8>0,(G79-Inputs!$D$50*$E$9*(1+Inputs!$D$48)^3)/COUNTIF(Regions!$G$8:$R$8,">0"),0))-G80/12-G81/12-G87/12-G89/12-(IF($Q$6=0,0,G75*Regions!G8/$Q$6))*Inputs!$D$52 -> 1958004.8 | E98: =D98+(IF($Q$6=0,0,G75*Regions!H8/$Q$6))-(IF($Q$6=0,0,G76*G74*Regions!H8/$Q$6))-((IF($Q$6=0,0,G75*Regions!H8/$Q$6))*'Five Year'!$D$48)-(Inputs!$D$50*$E$9*(1+Inputs!$D$48)^3/12+IF(Regions!H8>0,(G79-Inputs!$D$50*$E$9*(1+Inputs!$D$48)^3)/COUNTIF(Regions!$G$8:$R$8,">0"),0))-G80/12-G81/12-G87/12-G89/12-(IF($Q$6=0,0,G75*Regions!H8/$Q$6))*Inputs!$D$52 -> 1879870.6 | F98: =E98+(IF($Q$6=0,0,G75*Regions!I8/$Q$6))-(IF($Q$6=0,0,G76*G74*Regions!I8/$Q$6))-((IF($Q$6=0,0,G75*Regions!I8/$Q$6))*'Five Year'!$D$48)-(Inputs!$D$50*$E$9*(1+Inputs!$D$48)^3/12+IF(Regions!I8>0,(G79-Inputs!$D$50*$E$9*(1+Inputs!$D$48)^3)/COUNTIF(Regions!$G$8:$R$8,">0"),0))-G80/12-G81/12-G87/12-G89/12-(IF($Q$6=0,0,G75*Regions!I8/$Q$6))*Inputs!$D$52 -> 1971155.4 | G98: =F98+(IF($Q$6=0,0,G75*Regions!J8/$Q$6))-(IF($Q$6=0,0,G76*G74*Regions!J8/$Q$6))-((IF($Q$6=0,0,G75*Regions!J8/$Q$6))*'Five Year'!$D$48)-(Inputs!$D$50*$E$9*(1+Inputs!$D$48)^3/12+IF(Regions!J8>0,(G79-Inputs!$D$50*$E$9*(1+Inputs!$D$48)^3)/COUNTIF(Regions!$G$8:$R$8,">0"),0))-G80/12-G81/12-G87/12-G89/12-(IF($Q$6=0,0,G75*Regions!J8/$Q$6))*Inputs!$D$52 -> 2062440.2 | H98: =G98+(IF($Q$6=0,0,G75*Regions!K8/$Q$6))-(IF($Q$6=0,0,G76*G74*Regions!K8/$Q$6))-((IF($Q$6=0,0,G75*Regions!K8/$Q$6))*'Five Year'!$D$48)-(Inputs!$D$50*$E$9*(1+Inputs!$D$48)^3/12+IF(Regions!K8>0,(G79-Inputs!$D$50*$E$9*(1+Inputs!$D$48)^3)/COUNTIF(Regions!$G$8:$R$8,">0"),0))-G80/12-G81/12-G87/12-G89/12-(IF($Q$6=0,0,G75*Regions!K8/$Q$6))*Inputs!$D$52 -> 2153725 | I98: =H98+(IF($Q$6=0,0,G75*Regions!L8/$Q$6))-(IF($Q$6=0,0,G76*G74*Regions!L8/$Q$6))-((IF($Q$6=0,0,G75*Regions!L8/$Q$6))*'Five Year'!$D$48)-(Inputs!$D$50*$E$9*(1+Inputs!$D$48)^3/12+IF(Regions!L8>0,(G79-Inputs!$D$50*$E$9*(1+Inputs!$D$48)^3)/COUNTIF(Regions!$G$8:$R$8,">0"),0))-G80/12-G81/12-G87/12-G89/12-(IF($Q$6=0,0,G75*Regions!L8/$Q$6))*Inputs!$D$52 -> 2245009.7 | J98: =I98+(IF($Q$6=0,0,G75*Regions!M8/$Q$6))-(IF($Q$6=0,0,G76*G74*Regions!M8/$Q$6))-((IF($Q$6=0,0,G75*Regions!M8/$Q$6))*'Five Year'!$D$48)-(Inputs!$D$50*$E$9*(1+Inputs!$D$48)^3/12+IF(Regions!M8>0,(G79-Inputs!$D$50*$E$9*(1+Inputs!$D$48)^3)/COUNTIF(Regions!$G$8:$R$8,">0"),0))-G80/12-G81/12-G87/12-G89/12-(IF($Q$6=0,0,G75*Regions!M8/$Q$6))*Inputs!$D$52 -> 2336294.5 | K98: =J98+(IF($Q$6=0,0,G75*Regions!N8/$Q$6))-(IF($Q$6=0,0,G76*G74*Regions!N8/$Q$6))-((IF($Q$6=0,0,G75*Regions!N8/$Q$6))*'Five Year'!$D$48)-(Inputs!$D$50*$E$9*(1+Inputs!$D$48)^3/12+IF(Regions!N8>0,(G79-Inputs!$D$50*$E$9*(1+Inputs!$D$48)^3)/COUNTIF(Regions!$G$8:$R$8,">0"),0))-G80/12-G81/12-G87/12-G89/12-(IF($Q$6=0,0,G75*Regions!N8/$Q$6))*Inputs!$D$52 -> 2427579.3 | L98: =K98+(IF($Q$6=0,0,G75*Regions!O8/$Q$6))-(IF($Q$6=0,0,G76*G74*Regions!O8/$Q$6))-((IF($Q$6=0,0,G75*Regions!O8/$Q$6))*'Five Year'!$D$48)-(Inputs!$D$50*$E$9*(1+Inputs!$D$48)^3/12+IF(Regions!O8>0,(G79-Inputs!$D$50*$E$9*(1+Inputs!$D$48)^3)/COUNTIF(Regions!$G$8:$R$8,">0"),0))-G80/12-G81/12-G87/12-G89/12-(IF($Q$6=0,0,G75*Regions!O8/$Q$6))*Inputs!$D$52 -> 2518864.1 | M98: =L98+(IF($Q$6=0,0,G75*Regions!P8/$Q$6))-(IF($Q$6=0,0,G76*G74*Regions!P8/$Q$6))-((IF($Q$6=0,0,G75*Regions!P8/$Q$6))*'Five Year'!$D$48)-(Inputs!$D$50*$E$9*(1+Inputs!$D$48)^3/12+IF(Regions!P8>0,(G79-Inputs!$D$50*$E$9*(1+Inputs!$D$48)^3)/COUNTIF(Regions!$G$8:$R$8,">0"),0))-G80/12-G81/12-G87/12-G89/12-(IF($Q$6=0,0,G75*Regions!P8/$Q$6))*Inputs!$D$52 -> 2610148.9 | N98: =M98+(IF($Q$6=0,0,G75*Regions!Q8/$Q$6))-(IF($Q$6=0,0,G76*G74*Regions!Q8/$Q$6))-((IF($Q$6=0,0,G75*Regions!Q8/$Q$6))*'Five Year'!$D$48)-(Inputs!$D$50*$E$9*(1+Inputs!$D$48)^3/12+IF(Regions!Q8>0,(G79-Inputs!$D$50*$E$9*(1+Inputs!$D$48)^3)/COUNTIF(Regions!$G$8:$R$8,">0"),0))-G80/12-G81/12-G87/12-G89/12-(IF($Q$6=0,0,G75*Regions!Q8/$Q$6))*Inputs!$D$52 -> 2701433.7 | O98: =N98+(IF($Q$6=0,0,G75*Regions!R8/$Q$6))-(IF($Q$6=0,0,G76*G74*Regions!R8/$Q$6))-((IF($Q$6=0,0,G75*Regions!R8/$Q$6))*'Five Year'!$D$48)-(Inputs!$D$50*$E$9*(1+Inputs!$D$48)^3/12+IF(Regions!R8>0,(G79-Inputs!$D$50*$E$9*(1+Inputs!$D$48)^3)/COUNTIF(Regions!$G$8:$R$8,">0"),0))-G80/12-G81/12-G87/12-G89/12-(IF($Q$6=0,0,G75*Regions!R8/$Q$6))*Inputs!$D$52 -> 2792718.4 | Q98: =O98 -> 2792718.4 | R98: =MIN(D98:O98) -> 1879870.6
B99: Year 5 monthly minimum | D99: =$Q98+(IF($Q$6=0,0,H75*Regions!G8/$Q$6))-(IF($Q$6=0,0,H76*H74*Regions!G8/$Q$6))-((IF($Q$6=0,0,H75*Regions!G8/$Q$6))*'Five Year'!$D$48)-(Inputs!$D$50*$E$9*(1+Inputs!$D$48)^4/12+IF(Regions!G8>0,(H79-Inputs!$D$50*$E$9*(1+Inputs!$D$48)^4)/COUNTIF(Regions!$G$8:$R$8,">0"),0))-H80/12-H81/12-H87/12-H89/12-(IF($Q$6=0,0,H75*Regions!G8/$Q$6))*Inputs!$D$52 -> 2705572.3 | E99: =D99+(IF($Q$6=0,0,H75*Regions!H8/$Q$6))-(IF($Q$6=0,0,H76*H74*Regions!H8/$Q$6))-((IF($Q$6=0,0,H75*Regions!H8/$Q$6))*'Five Year'!$D$48)-(Inputs!$D$50*$E$9*(1+Inputs!$D$48)^4/12+IF(Regions!H8>0,(H79-Inputs!$D$50*$E$9*(1+Inputs!$D$48)^4)/COUNTIF(Regions!$G$8:$R$8,">0"),0))-H80/12-H81/12-H87/12-H89/12-(IF($Q$6=0,0,H75*Regions!H8/$Q$6))*Inputs!$D$52 -> 2618426.1 | F99: =E99+(IF($Q$6=0,0,H75*Regions!I8/$Q$6))-(IF($Q$6=0,0,H76*H74*Regions!I8/$Q$6))-((IF($Q$6=0,0,H75*Regions!I8/$Q$6))*'Five Year'!$D$48)-(Inputs!$D$50*$E$9*(1+Inputs!$D$48)^4/12+IF(Regions!I8>0,(H79-Inputs!$D$50*$E$9*(1+Inputs!$D$48)^4)/COUNTIF(Regions!$G$8:$R$8,">0"),0))-H80/12-H81/12-H87/12-H89/12-(IF($Q$6=0,0,H75*Regions!I8/$Q$6))*Inputs!$D$52 -> 2728377.7 | G99: =F99+(IF($Q$6=0,0,H75*Regions!J8/$Q$6))-(IF($Q$6=0,0,H76*H74*Regions!J8/$Q$6))-((IF($Q$6=0,0,H75*Regions!J8/$Q$6))*'Five Year'!$D$48)-(Inputs!$D$50*$E$9*(1+Inputs!$D$48)^4/12+IF(Regions!J8>0,(H79-Inputs!$D$50*$E$9*(1+Inputs!$D$48)^4)/COUNTIF(Regions!$G$8:$R$8,">0"),0))-H80/12-H81/12-H87/12-H89/12-(IF($Q$6=0,0,H75*Regions!J8/$Q$6))*Inputs!$D$52 -> 2838329.4 | H99: =G99+(IF($Q$6=0,0,H75*Regions!K8/$Q$6))-(IF($Q$6=0,0,H76*H74*Regions!K8/$Q$6))-((IF($Q$6=0,0,H75*Regions!K8/$Q$6))*'Five Year'!$D$48)-(Inputs!$D$50*$E$9*(1+Inputs!$D$48)^4/12+IF(Regions!K8>0,(H79-Inputs!$D$50*$E$9*(1+Inputs!$D$48)^4)/COUNTIF(Regions!$G$8:$R$8,">0"),0))-H80/12-H81/12-H87/12-H89/12-(IF($Q$6=0,0,H75*Regions!K8/$Q$6))*Inputs!$D$52 -> 2948281 | I99: =H99+(IF($Q$6=0,0,H75*Regions!L8/$Q$6))-(IF($Q$6=0,0,H76*H74*Regions!L8/$Q$6))-((IF($Q$6=0,0,H75*Regions!L8/$Q$6))*'Five Year'!$D$48)-(Inputs!$D$50*$E$9*(1+Inputs!$D$48)^4/12+IF(Regions!L8>0,(H79-Inputs!$D$50*$E$9*(1+Inputs!$D$48)^4)/COUNTIF(Regions!$G$8:$R$8,">0"),0))-H80/12-H81/12-H87/12-H89/12-(IF($Q$6=0,0,H75*Regions!L8/$Q$6))*Inputs!$D$52 -> 3058232.6 | J99: =I99+(IF($Q$6=0,0,H75*Regions!M8/$Q$6))-(IF($Q$6=0,0,H76*H74*Regions!M8/$Q$6))-((IF($Q$6=0,0,H75*Regions!M8/$Q$6))*'Five Year'!$D$48)-(Inputs!$D$50*$E$9*(1+Inputs!$D$48)^4/12+IF(Regions!M8>0,(H79-Inputs!$D$50*$E$9*(1+Inputs!$D$48)^4)/COUNTIF(Regions!$G$8:$R$8,">0"),0))-H80/12-H81/12-H87/12-H89/12-(IF($Q$6=0,0,H75*Regions!M8/$Q$6))*Inputs!$D$52 -> 3168184.2 | K99: =J99+(IF($Q$6=0,0,H75*Regions!N8/$Q$6))-(IF($Q$6=0,0,H76*H74*Regions!N8/$Q$6))-((IF($Q$6=0,0,H75*Regions!N8/$Q$6))*'Five Year'!$D$48)-(Inputs!$D$50*$E$9*(1+Inputs!$D$48)^4/12+IF(Regions!N8>0,(H79-Inputs!$D$50*$E$9*(1+Inputs!$D$48)^4)/COUNTIF(Regions!$G$8:$R$8,">0"),0))-H80/12-H81/12-H87/12-H89/12-(IF($Q$6=0,0,H75*Regions!N8/$Q$6))*Inputs!$D$52 -> 3278135.8 | L99: =K99+(IF($Q$6=0,0,H75*Regions!O8/$Q$6))-(IF($Q$6=0,0,H76*H74*Regions!O8/$Q$6))-((IF($Q$6=0,0,H75*Regions!O8/$Q$6))*'Five Year'!$D$48)-(Inputs!$D$50*$E$9*(1+Inputs!$D$48)^4/12+IF(Regions!O8>0,(H79-Inputs!$D$50*$E$9*(1+Inputs!$D$48)^4)/COUNTIF(Regions!$G$8:$R$8,">0"),0))-H80/12-H81/12-H87/12-H89/12-(IF($Q$6=0,0,H75*Regions!O8/$Q$6))*Inputs!$D$52 -> 3388087.4 | M99: =L99+(IF($Q$6=0,0,H75*Regions!P8/$Q$6))-(IF($Q$6=0,0,H76*H74*Regions!P8/$Q$6))-((IF($Q$6=0,0,H75*Regions!P8/$Q$6))*'Five Year'!$D$48)-(Inputs!$D$50*$E$9*(1+Inputs!$D$48)^4/12+IF(Regions!P8>0,(H79-Inputs!$D$50*$E$9*(1+Inputs!$D$48)^4)/COUNTIF(Regions!$G$8:$R$8,">0"),0))-H80/12-H81/12-H87/12-H89/12-(IF($Q$6=0,0,H75*Regions!P8/$Q$6))*Inputs!$D$52 -> 3498039 | N99: =M99+(IF($Q$6=0,0,H75*Regions!Q8/$Q$6))-(IF($Q$6=0,0,H76*H74*Regions!Q8/$Q$6))-((IF($Q$6=0,0,H75*Regions!Q8/$Q$6))*'Five Year'!$D$48)-(Inputs!$D$50*$E$9*(1+Inputs!$D$48)^4/12+IF(Regions!Q8>0,(H79-Inputs!$D$50*$E$9*(1+Inputs!$D$48)^4)/COUNTIF(Regions!$G$8:$R$8,">0"),0))-H80/12-H81/12-H87/12-H89/12-(IF($Q$6=0,0,H75*Regions!Q8/$Q$6))*Inputs!$D$52 -> 3607990.6 | O99: =N99+(IF($Q$6=0,0,H75*Regions!R8/$Q$6))-(IF($Q$6=0,0,H76*H74*Regions!R8/$Q$6))-((IF($Q$6=0,0,H75*Regions!R8/$Q$6))*'Five Year'!$D$48)-(Inputs!$D$50*$E$9*(1+Inputs!$D$48)^4/12+IF(Regions!R8>0,(H79-Inputs!$D$50*$E$9*(1+Inputs!$D$48)^4)/COUNTIF(Regions!$G$8:$R$8,">0"),0))-H80/12-H81/12-H87/12-H89/12-(IF($Q$6=0,0,H75*Regions!R8/$Q$6))*Inputs!$D$52 -> 3717942.2 | Q99: =O99 -> 3717942.2 | R99: =MIN(D99:O99) -> 2618426.1
B100: Five-year monthly minimum | D100: =MIN(R95:R99) -> 687028.09
B112: 20% stronger Kwacha — five-year detail
D113: Year 1 | E113: Year 2 | F113: Year 3 | G113: Year 4 | H113: Year 5
B114: Paid occupancy | D114: =MAX(0,'Five Year'!D$50-$F$6) -> 0.4 | E114: =MAX(0,'Five Year'!E$50-$F$6) -> 0.48 | F114: =MAX(0,'Five Year'!F$50-$F$6) -> 0.55 | G114: =MAX(0,'Five Year'!G$50-$F$6) -> 0.6 | H114: =MAX(0,'Five Year'!H$50-$F$6) -> 0.65
B115: Net package per suite-week (EUR) | D115: ='Five Year'!$D$49*$F$7*(1+Inputs!$D$49)^0 -> 6500 | E115: ='Five Year'!$D$49*$F$7*(1+Inputs!$D$49)^1 -> 6890 | F115: ='Five Year'!$D$49*$F$7*(1+Inputs!$D$49)^2 -> 7303.4 | G115: ='Five Year'!$D$49*$F$7*(1+Inputs!$D$49)^3 -> 7741.604 | H115: ='Five Year'!$D$49*$F$7*(1+Inputs!$D$49)^4 -> 8206.1002
B116: Occupied suite-weeks | D116: =Inputs!$D$16*D114 -> 320 | E116: =Inputs!$D$16*E114 -> 384 | F116: =Inputs!$D$16*F114 -> 440 | G116: =Inputs!$D$16*G114 -> 480 | H116: =Inputs!$D$16*H114 -> 520
B117: Net stay revenue | D117: =D116*D115 -> 2080000 | E117: =E116*E115 -> 2645760 | F117: =F116*F115 -> 3213496 | G117: =G116*G115 -> 3715969.9 | H117: =H116*H115 -> 4267172.1
B118: Variable cost per occupied suite-week | D118: =((Inputs!$E$41*'Five Year'!$D$46*$F$10/Capital!$F$6)*(1+Inputs!$D$47)^0+Inputs!$E$42*'Five Year'!$D$46*(1+Inputs!$D$48)^0)*$F$8 -> 1234.0401 | E118: =((Inputs!$E$41*'Five Year'!$D$46*$F$10/Capital!$F$6)*(1+Inputs!$D$47)^1+Inputs!$E$42*'Five Year'!$D$46*(1+Inputs!$D$48)^1)*$F$8 -> 1285.5825 | F118: =((Inputs!$E$41*'Five Year'!$D$46*$F$10/Capital!$F$6)*(1+Inputs!$D$47)^2+Inputs!$E$42*'Five Year'!$D$46*(1+Inputs!$D$48)^2)*$F$8 -> 1339.5425 | G118: =((Inputs!$E$41*'Five Year'!$D$46*$F$10/Capital!$F$6)*(1+Inputs!$D$47)^3+Inputs!$E$42*'Five Year'!$D$46*(1+Inputs!$D$48)^3)*$F$8 -> 1396.0448 | H118: =((Inputs!$E$41*'Five Year'!$D$46*$F$10/Capital!$F$6)*(1+Inputs!$D$47)^4+Inputs!$E$42*'Five Year'!$D$46*(1+Inputs!$D$48)^4)*$F$8 -> 1455.2211
B119: Variable delivery cost | D119: =D118*D116 -> 394892.84 | E119: =E118*E116 -> 493663.69 | F119: =F118*F116 -> 589398.69 | G119: =G118*G116 -> 670101.49 | H119: =H118*H116 -> 756714.98
B120: Sales and payment costs | D120: =D117*'Five Year'!$D$48 -> 249600 | E120: =E117*'Five Year'!$D$48 -> 317491.2 | F120: =F117*'Five Year'!$D$48 -> 385619.52 | G120: =G117*'Five Year'!$D$48 -> 445916.39 | H120: =H117*'Five Year'!$D$48 -> 512060.65
B121: Mission budget | D121: =MAX(Inputs!$D$50*$F$9*(1+Inputs!$D$48)^0,Inputs!$D$51*D117) -> 166400 | E121: =MAX(Inputs!$D$50*$F$9*(1+Inputs!$D$48)^1,Inputs!$D$51*E117) -> 211660.8 | F121: =MAX(Inputs!$D$50*$F$9*(1+Inputs!$D$48)^2,Inputs!$D$51*F117) -> 257079.68 | G121: =MAX(Inputs!$D$50*$F$9*(1+Inputs!$D$48)^3,Inputs!$D$51*G117) -> 297277.59 | H121: =MAX(Inputs!$D$50*$F$9*(1+Inputs!$D$48)^4,Inputs!$D$51*H117) -> 341373.77
B122: Fixed site cost | D122: =((Inputs!$E$28*'Five Year'!$D$47*$F$10/Capital!$F$6)*(1+Inputs!$D$47)^0+Inputs!$E$29*'Five Year'!$D$47*(1+Inputs!$D$48)^0)*$F$8 -> 454879.66 | E122: =((Inputs!$E$28*'Five Year'!$D$47*$F$10/Capital!$F$6)*(1+Inputs!$D$47)^1+Inputs!$E$29*'Five Year'!$D$47*(1+Inputs!$D$48)^1)*$F$8 -> 481272.44 | F122: =((Inputs!$E$28*'Five Year'!$D$47*$F$10/Capital!$F$6)*(1+Inputs!$D$47)^2+Inputs!$E$29*'Five Year'!$D$47*(1+Inputs!$D$48)^2)*$F$8 -> 509221.79 | G122: =((Inputs!$E$28*'Five Year'!$D$47*$F$10/Capital!$F$6)*(1+Inputs!$D$47)^3+Inputs!$E$29*'Five Year'!$D$47*(1+Inputs!$D$48)^3)*$F$8 -> 538820.29 | H122: =((Inputs!$E$28*'Five Year'!$D$47*$F$10/Capital!$F$6)*(1+Inputs!$D$47)^4+Inputs!$E$29*'Five Year'!$D$47*(1+Inputs!$D$48)^4)*$F$8 -> 570166.05
B123: Central support | D123: =Inputs!$E$30*'Five Year'!$D$47*(1+Inputs!$D$48)^0*$F$8 -> 60000 | E123: =Inputs!$E$30*'Five Year'!$D$47*(1+Inputs!$D$48)^1*$F$8 -> 61800 | F123: =Inputs!$E$30*'Five Year'!$D$47*(1+Inputs!$D$48)^2*$F$8 -> 63654 | G123: =Inputs!$E$30*'Five Year'!$D$47*(1+Inputs!$D$48)^3*$F$8 -> 65563.62 | H123: =Inputs!$E$30*'Five Year'!$D$47*(1+Inputs!$D$48)^4*$F$8 -> 67530.529
B124: Operating profit / EBITDA | D124: =D117-D119-D120-D121-D122-D123 -> 754227.5 | E124: =E117-E119-E120-E121-E122-E123 -> 1079871.9 | F124: =F117-F119-F120-F121-F122-F123 -> 1408522.3 | G124: =G117-G119-G120-G121-G122-G123 -> 1698290.5 | H124: =H117-H119-H120-H121-H122-H123 -> 2019326.1
B125: EBITDA margin | D125: =IF(D117=0,0,D124/D117) -> 0.36260937 | E125: =IF(E117=0,0,E124/E117) -> 0.40815186 | F125: =IF(F117=0,0,F124/F117) -> 0.43831463 | G125: =IF(G117=0,0,G124/G117) -> 0.45702483 | H125: =IF(H117=0,0,H124/H117) -> 0.4732235
B126: Replacement capex | D126: =D117*Inputs!$D$52 -> 62400 | E126: =E117*Inputs!$D$52 -> 79372.8 | F126: =F117*Inputs!$D$52 -> 96404.88 | G126: =G117*Inputs!$D$52 -> 111479.1 | H126: =H117*Inputs!$D$52 -> 128015.16
B127: Depreciation | D127: ='Asset Register'!$I$25+0/5+D126/10 -> 331492.57 | E127: ='Asset Register'!$I$26+SUM($D126:D126)/5+E126/10 -> 345669.85 | F127: ='Asset Register'!$I$27+SUM($D126:E126)/5+F126/10 -> 363247.62 | G127: ='Asset Register'!$I$28+SUM($D126:F126)/5+G126/10 -> 384036.02 | H127: ='Asset Register'!$I$29+SUM($D126:G126)/5+H126/10 -> 407985.45
B128: Accounting profit before tax | D128: =D124-D127 -> 422734.92 | E128: =E124-E127 -> 734202.01 | F128: =F124-F127 -> 1045274.7 | G128: =G124-G127 -> 1314254.5 | H128: =H124-H127 -> 1611340.7
B129: Tax at 30% of positive profit | D129: =MAX(0,D128)*Inputs!$D$54 -> 126820.48 | E129: =MAX(0,E128)*Inputs!$D$54 -> 220260.6 | F129: =MAX(0,F128)*Inputs!$D$54 -> 313582.41 | G129: =MAX(0,G128)*Inputs!$D$54 -> 394276.35 | H129: =MAX(0,H128)*Inputs!$D$54 -> 483402.21
B130: Net accounting profit | D130: =D128-D129 -> 295914.45 | E130: =E128-E129 -> 513941.41 | F130: =F128-F129 -> 731692.29 | G130: =G128-G129 -> 919978.16 | H130: =H128-H129 -> 1127938.5
B131: Working capital movement | D131: =(D117-0)*Inputs!$D$53 -> 104000 | E131: =(E117-D117)*Inputs!$D$53 -> 28288 | F131: =(F117-E117)*Inputs!$D$53 -> 28386.8 | G131: =(G117-F117)*Inputs!$D$53 -> 25123.696 | H131: =(H117-G117)*Inputs!$D$53 -> 27560.11
B132: Net cash movement | D132: =D124-D129-D126-D131 -> 461007.02 | E132: =E124-E129-E126-E131 -> 751950.46 | F132: =F124-F129-F126-F131 -> 970148.23 | G132: =G124-G129-G126-G131 -> 1167411.4 | H132: =H124-H129-H126-H131 -> 1380348.7
B133: Closing cash | D133: =Capital!$F$39+D132 -> 758143.12 | E133: =D133+E132 -> 1510093.6 | F133: =E133+F132 -> 2480241.8 | G133: =F133+G132 -> 3647653.2 | H133: =G133+H132 -> 5028001.9
B136: Monthly closing cash, five years (lowest shown above)
B137: Year 1 monthly minimum | D137: =Capital!$F$39+(IF($Q$6=0,0,D117*Regions!G8/$Q$6))-(IF($Q$6=0,0,D118*D116*Regions!G8/$Q$6))-((IF($Q$6=0,0,D117*Regions!G8/$Q$6))*'Five Year'!$D$48)-(Inputs!$D$50*$F$9*(1+Inputs!$D$48)^0/12+IF(Regions!G8>0,(D121-Inputs!$D$50*$F$9*(1+Inputs!$D$48)^0)/COUNTIF(Regions!$G$8:$R$8,">0"),0))-D122/12-D123/12-D129/12-D131/12-(IF($Q$6=0,0,D117*Regions!G8/$Q$6))*Inputs!$D$52 -> 226661.08 | E137: =D137+(IF($Q$6=0,0,D117*Regions!H8/$Q$6))-(IF($Q$6=0,0,D118*D116*Regions!H8/$Q$6))-((IF($Q$6=0,0,D117*Regions!H8/$Q$6))*'Five Year'!$D$48)-(Inputs!$D$50*$F$9*(1+Inputs!$D$48)^0/12+IF(Regions!H8>0,(D121-Inputs!$D$50*$F$9*(1+Inputs!$D$48)^0)/COUNTIF(Regions!$G$8:$R$8,">0"),0))-D122/12-D123/12-D129/12-D131/12-(IF($Q$6=0,0,D117*Regions!H8/$Q$6))*Inputs!$D$52 -> 156186.07 | F137: =E137+(IF($Q$6=0,0,D117*Regions!I8/$Q$6))-(IF($Q$6=0,0,D118*D116*Regions!I8/$Q$6))-((IF($Q$6=0,0,D117*Regions!I8/$Q$6))*'Five Year'!$D$48)-(Inputs!$D$50*$F$9*(1+Inputs!$D$48)^0/12+IF(Regions!I8>0,(D121-Inputs!$D$50*$F$9*(1+Inputs!$D$48)^0)/COUNTIF(Regions!$G$8:$R$8,">0"),0))-D122/12-D123/12-D129/12-D131/12-(IF($Q$6=0,0,D117*Regions!I8/$Q$6))*Inputs!$D$52 -> 216381.78 | G137: =F137+(IF($Q$6=0,0,D117*Regions!J8/$Q$6))-(IF($Q$6=0,0,D118*D116*Regions!J8/$Q$6))-((IF($Q$6=0,0,D117*Regions!J8/$Q$6))*'Five Year'!$D$48)-(Inputs!$D$50*$F$9*(1+Inputs!$D$48)^0/12+IF(Regions!J8>0,(D121-Inputs!$D$50*$F$9*(1+Inputs!$D$48)^0)/COUNTIF(Regions!$G$8:$R$8,">0"),0))-D122/12-D123/12-D129/12-D131/12-(IF($Q$6=0,0,D117*Regions!J8/$Q$6))*Inputs!$D$52 -> 276577.48 | H137: =G137+(IF($Q$6=0,0,D117*Regions!K8/$Q$6))-(IF($Q$6=0,0,D118*D116*Regions!K8/$Q$6))-((IF($Q$6=0,0,D117*Regions!K8/$Q$6))*'Five Year'!$D$48)-(Inputs!$D$50*$F$9*(1+Inputs!$D$48)^0/12+IF(Regions!K8>0,(D121-Inputs!$D$50*$F$9*(1+Inputs!$D$48)^0)/COUNTIF(Regions!$G$8:$R$8,">0"),0))-D122/12-D123/12-D129/12-D131/12-(IF($Q$6=0,0,D117*Regions!K8/$Q$6))*Inputs!$D$52 -> 336773.19 | I137: =H137+(IF($Q$6=0,0,D117*Regions!L8/$Q$6))-(IF($Q$6=0,0,D118*D116*Regions!L8/$Q$6))-((IF($Q$6=0,0,D117*Regions!L8/$Q$6))*'Five Year'!$D$48)-(Inputs!$D$50*$F$9*(1+Inputs!$D$48)^0/12+IF(Regions!L8>0,(D121-Inputs!$D$50*$F$9*(1+Inputs!$D$48)^0)/COUNTIF(Regions!$G$8:$R$8,">0"),0))-D122/12-D123/12-D129/12-D131/12-(IF($Q$6=0,0,D117*Regions!L8/$Q$6))*Inputs!$D$52 -> 396968.89 | J137: =I137+(IF($Q$6=0,0,D117*Regions!M8/$Q$6))-(IF($Q$6=0,0,D118*D116*Regions!M8/$Q$6))-((IF($Q$6=0,0,D117*Regions!M8/$Q$6))*'Five Year'!$D$48)-(Inputs!$D$50*$F$9*(1+Inputs!$D$48)^0/12+IF(Regions!M8>0,(D121-Inputs!$D$50*$F$9*(1+Inputs!$D$48)^0)/COUNTIF(Regions!$G$8:$R$8,">0"),0))-D122/12-D123/12-D129/12-D131/12-(IF($Q$6=0,0,D117*Regions!M8/$Q$6))*Inputs!$D$52 -> 457164.6 | K137: =J137+(IF($Q$6=0,0,D117*Regions!N8/$Q$6))-(IF($Q$6=0,0,D118*D116*Regions!N8/$Q$6))-((IF($Q$6=0,0,D117*Regions!N8/$Q$6))*'Five Year'!$D$48)-(Inputs!$D$50*$F$9*(1+Inputs!$D$48)^0/12+IF(Regions!N8>0,(D121-Inputs!$D$50*$F$9*(1+Inputs!$D$48)^0)/COUNTIF(Regions!$G$8:$R$8,">0"),0))-D122/12-D123/12-D129/12-D131/12-(IF($Q$6=0,0,D117*Regions!N8/$Q$6))*Inputs!$D$52 -> 517360.3 | L137: =K137+(IF($Q$6=0,0,D117*Regions!O8/$Q$6))-(IF($Q$6=0,0,D118*D116*Regions!O8/$Q$6))-((IF($Q$6=0,0,D117*Regions!O8/$Q$6))*'Five Year'!$D$48)-(Inputs!$D$50*$F$9*(1+Inputs!$D$48)^0/12+IF(Regions!O8>0,(D121-Inputs!$D$50*$F$9*(1+Inputs!$D$48)^0)/COUNTIF(Regions!$G$8:$R$8,">0"),0))-D122/12-D123/12-D129/12-D131/12-(IF($Q$6=0,0,D117*Regions!O8/$Q$6))*Inputs!$D$52 -> 577556 | M137: =L137+(IF($Q$6=0,0,D117*Regions!P8/$Q$6))-(IF($Q$6=0,0,D118*D116*Regions!P8/$Q$6))-((IF($Q$6=0,0,D117*Regions!P8/$Q$6))*'Five Year'!$D$48)-(Inputs!$D$50*$F$9*(1+Inputs!$D$48)^0/12+IF(Regions!P8>0,(D121-Inputs!$D$50*$F$9*(1+Inputs!$D$48)^0)/COUNTIF(Regions!$G$8:$R$8,">0"),0))-D122/12-D123/12-D129/12-D131/12-(IF($Q$6=0,0,D117*Regions!P8/$Q$6))*Inputs!$D$52 -> 637751.71 | N137: =M137+(IF($Q$6=0,0,D117*Regions!Q8/$Q$6))-(IF($Q$6=0,0,D118*D116*Regions!Q8/$Q$6))-((IF($Q$6=0,0,D117*Regions!Q8/$Q$6))*'Five Year'!$D$48)-(Inputs!$D$50*$F$9*(1+Inputs!$D$48)^0/12+IF(Regions!Q8>0,(D121-Inputs!$D$50*$F$9*(1+Inputs!$D$48)^0)/COUNTIF(Regions!$G$8:$R$8,">0"),0))-D122/12-D123/12-D129/12-D131/12-(IF($Q$6=0,0,D117*Regions!Q8/$Q$6))*Inputs!$D$52 -> 697947.41 | O137: =N137+(IF($Q$6=0,0,D117*Regions!R8/$Q$6))-(IF($Q$6=0,0,D118*D116*Regions!R8/$Q$6))-((IF($Q$6=0,0,D117*Regions!R8/$Q$6))*'Five Year'!$D$48)-(Inputs!$D$50*$F$9*(1+Inputs!$D$48)^0/12+IF(Regions!R8>0,(D121-Inputs!$D$50*$F$9*(1+Inputs!$D$48)^0)/COUNTIF(Regions!$G$8:$R$8,">0"),0))-D122/12-D123/12-D129/12-D131/12-(IF($Q$6=0,0,D117*Regions!R8/$Q$6))*Inputs!$D$52 -> 758143.12 | Q137: =O137 -> 758143.12 | R137: =MIN(D137:O137) -> 156186.07
...

Sheet Sensitivity
B2: Year 1 net cash movement — occupancy against net package (conservative cost base)
B3: A planning sensitivity grid, not a probability distribution.
B5: Occupancy \ Net package | D5: 5500 | E5: 6000 | F5: 6500 | G5: 7000 | H5: 7500
B6: 0.3 | D6: =((Inputs!$D$16*$B6*D$5)-('Five Year'!$D$11*Inputs!$D$16*$B6)-(Inputs!$D$16*$B6*D$5)*'Five Year'!$D$48-MAX(Inputs!$D$50,Inputs!$D$51*(Inputs!$D$16*$B6*D$5))-'Five Year'!$D$15-'Five Year'!$D$16)-MAX(0,((Inputs!$D$16*$B6*D$5)-('Five Year'!$D$11*Inputs!$D$16*$B6)-(Inputs!$D$16*$B6*D$5)*'Five Year'!$D$48-MAX(Inputs!$D$50,Inputs!$D$51*(Inputs!$D$16*$B6*D$5))-'Five Year'!$D$15-'Five Year'!$D$16)-('Asset Register'!$G$25+(Inputs!$D$16*$B6*D$5)*Inputs!$D$52/10))*Inputs!$D$54-(Inputs!$D$16*$B6*D$5)*Inputs!$D$52-(Inputs!$D$16*$B6*D$5)*Inputs!$D$53 -> 218825.31 | E6: =((Inputs!$D$16*$B6*E$5)-('Five Year'!$D$11*Inputs!$D$16*$B6)-(Inputs!$D$16*$B6*E$5)*'Five Year'!$D$48-MAX(Inputs!$D$50,Inputs!$D$51*(Inputs!$D$16*$B6*E$5))-'Five Year'!$D$15-'Five Year'!$D$16)-MAX(0,((Inputs!$D$16*$B6*E$5)-('Five Year'!$D$11*Inputs!$D$16*$B6)-(Inputs!$D$16*$B6*E$5)*'Five Year'!$D$48-MAX(Inputs!$D$50,Inputs!$D$51*(Inputs!$D$16*$B6*E$5))-'Five Year'!$D$15-'Five Year'!$D$16)-('Asset Register'!$G$25+(Inputs!$D$16*$B6*E$5)*Inputs!$D$52/10))*Inputs!$D$54-(Inputs!$D$16*$B6*E$5)*Inputs!$D$52-(Inputs!$D$16*$B6*E$5)*Inputs!$D$53 -> 276533.31 | F6: =((Inputs!$D$16*$B6*F$5)-('Five Year'!$D$11*Inputs!$D$16*$B6)-(Inputs!$D$16*$B6*F$5)*'Five Year'!$D$48-MAX(Inputs!$D$50,Inputs!$D$51*(Inputs!$D$16*$B6*F$5))-'Five Year'!$D$15-'Five Year'!$D$16)-MAX(0,((Inputs!$D$16*$B6*F$5)-('Five Year'!$D$11*Inputs!$D$16*$B6)-(Inputs!$D$16*$B6*F$5)*'Five Year'!$D$48-MAX(Inputs!$D$50,Inputs!$D$51*(Inputs!$D$16*$B6*F$5))-'Five Year'!$D$15-'Five Year'!$D$16)-('Asset Register'!$G$25+(Inputs!$D$16*$B6*F$5)*Inputs!$D$52/10))*Inputs!$D$54-(Inputs!$D$16*$B6*F$5)*Inputs!$D$52-(Inputs!$D$16*$B6*F$5)*Inputs!$D$53 -> 334241.31 | G6: =((Inputs!$D$16*$B6*G$5)-('Five Year'!$D$11*Inputs!$D$16*$B6)-(Inputs!$D$16*$B6*G$5)*'Five Year'!$D$48-MAX(Inputs!$D$50,Inputs!$D$51*(Inputs!$D$16*$B6*G$5))-'Five Year'!$D$15-'Five Year'!$D$16)-MAX(0,((Inputs!$D$16*$B6*G$5)-('Five Year'!$D$11*Inputs!$D$16*$B6)-(Inputs!$D$16*$B6*G$5)*'Five Year'!$D$48-MAX(Inputs!$D$50,Inputs!$D$51*(Inputs!$D$16*$B6*G$5))-'Five Year'!$D$15-'Five Year'!$D$16)-('Asset Register'!$G$25+(Inputs!$D$16*$B6*G$5)*Inputs!$D$52/10))*Inputs!$D$54-(Inputs!$D$16*$B6*G$5)*Inputs!$D$52-(Inputs!$D$16*$B6*G$5)*Inputs!$D$53 -> 391949.31 | H6: =((Inputs!$D$16*$B6*H$5)-('Five Year'!$D$11*Inputs!$D$16*$B6)-(Inputs!$D$16*$B6*H$5)*'Five Year'!$D$48-MAX(Inputs!$D$50,Inputs!$D$51*(Inputs!$D$16*$B6*H$5))-'Five Year'!$D$15-'Five Year'!$D$16)-MAX(0,((Inputs!$D$16*$B6*H$5)-('Five Year'!$D$11*Inputs!$D$16*$B6)-(Inputs!$D$16*$B6*H$5)*'Five Year'!$D$48-MAX(Inputs!$D$50,Inputs!$D$51*(Inputs!$D$16*$B6*H$5))-'Five Year'!$D$15-'Five Year'!$D$16)-('Asset Register'!$G$25+(Inputs!$D$16*$B6*H$5)*Inputs!$D$52/10))*Inputs!$D$54-(Inputs!$D$16*$B6*H$5)*Inputs!$D$52-(Inputs!$D$16*$B6*H$5)*Inputs!$D$53 -> 449657.31
B7: 0.35 | D7: =((Inputs!$D$16*$B7*D$5)-('Five Year'!$D$11*Inputs!$D$16*$B7)-(Inputs!$D$16*$B7*D$5)*'Five Year'!$D$48-MAX(Inputs!$D$50,Inputs!$D$51*(Inputs!$D$16*$B7*D$5))-'Five Year'!$D$15-'Five Year'!$D$16)-MAX(0,((Inputs!$D$16*$B7*D$5)-('Five Year'!$D$11*Inputs!$D$16*$B7)-(Inputs!$D$16*$B7*D$5)*'Five Year'!$D$48-MAX(Inputs!$D$50,Inputs!$D$51*(Inputs!$D$16*$B7*D$5))-'Five Year'!$D$15-'Five Year'!$D$16)-('Asset Register'!$G$25+(Inputs!$D$16*$B7*D$5)*Inputs!$D$52/10))*Inputs!$D$54-(Inputs!$D$16*$B7*D$5)*Inputs!$D$52-(Inputs!$D$16*$B7*D$5)*Inputs!$D$53 -> 292329.04 | E7: =((Inputs!$D$16*$B7*E$5)-('Five Year'!$D$11*Inputs!$D$16*$B7)-(Inputs!$D$16*$B7*E$5)*'Five Year'!$D$48-MAX(Inputs!$D$50,Inputs!$D$51*(Inputs!$D$16*$B7*E$5))-'Five Year'!$D$15-'Five Year'!$D$16)-MAX(0,((Inputs!$D$16*$B7*E$5)-('Five Year'!$D$11*Inputs!$D$16*$B7)-(Inputs!$D$16*$B7*E$5)*'Five Year'!$D$48-MAX(Inputs!$D$50,Inputs!$D$51*(Inputs!$D$16*$B7*E$5))-'Five Year'!$D$15-'Five Year'!$D$16)-('Asset Register'!$G$25+(Inputs!$D$16*$B7*E$5)*Inputs!$D$52/10))*Inputs!$D$54-(Inputs!$D$16*$B7*E$5)*Inputs!$D$52-(Inputs!$D$16*$B7*E$5)*Inputs!$D$53 -> 359655.04 | F7: =((Inputs!$D$16*$B7*F$5)-('Five Year'!$D$11*Inputs!$D$16*$B7)-(Inputs!$D$16*$B7*F$5)*'Five Year'!$D$48-MAX(Inputs!$D$50,Inputs!$D$51*(Inputs!$D$16*$B7*F$5))-'Five Year'!$D$15-'Five Year'!$D$16)-MAX(0,((Inputs!$D$16*$B7*F$5)-('Five Year'!$D$11*Inputs!$D$16*$B7)-(Inputs!$D$16*$B7*F$5)*'Five Year'!$D$48-MAX(Inputs!$D$50,Inputs!$D$51*(Inputs!$D$16*$B7*F$5))-'Five Year'!$D$15-'Five Year'!$D$16)-('Asset Register'!$G$25+(Inputs!$D$16*$B7*F$5)*Inputs!$D$52/10))*Inputs!$D$54-(Inputs!$D$16*$B7*F$5)*Inputs!$D$52-(Inputs!$D$16*$B7*F$5)*Inputs!$D$53 -> 426981.04 | G7: =((Inputs!$D$16*$B7*G$5)-('Five Year'!$D$11*Inputs!$D$16*$B7)-(Inputs!$D$16*$B7*G$5)*'Five Year'!$D$48-MAX(Inputs!$D$50,Inputs!$D$51*(Inputs!$D$16*$B7*G$5))-'Five Year'!$D$15-'Five Year'!$D$16)-MAX(0,((Inputs!$D$16*$B7*G$5)-('Five Year'!$D$11*Inputs!$D$16*$B7)-(Inputs!$D$16*$B7*G$5)*'Five Year'!$D$48-MAX(Inputs!$D$50,Inputs!$D$51*(Inputs!$D$16*$B7*G$5))-'Five Year'!$D$15-'Five Year'!$D$16)-('Asset Register'!$G$25+(Inputs!$D$16*$B7*G$5)*Inputs!$D$52/10))*Inputs!$D$54-(Inputs!$D$16*$B7*G$5)*Inputs!$D$52-(Inputs!$D$16*$B7*G$5)*Inputs!$D$53 -> 494307.04 | H7: =((Inputs!$D$16*$B7*H$5)-('Five Year'!$D$11*Inputs!$D$16*$B7)-(Inputs!$D$16*$B7*H$5)*'Five Year'!$D$48-MAX(Inputs!$D$50,Inputs!$D$51*(Inputs!$D$16*$B7*H$5))-'Five Year'!$D$15-'Five Year'!$D$16)-MAX(0,((Inputs!$D$16*$B7*H$5)-('Five Year'!$D$11*Inputs!$D$16*$B7)-(Inputs!$D$16*$B7*H$5)*'Five Year'!$D$48-MAX(Inputs!$D$50,Inputs!$D$51*(Inputs!$D$16*$B7*H$5))-'Five Year'!$D$15-'Five Year'!$D$16)-('Asset Register'!$G$25+(Inputs!$D$16*$B7*H$5)*Inputs!$D$52/10))*Inputs!$D$54-(Inputs!$D$16*$B7*H$5)*Inputs!$D$52-(Inputs!$D$16*$B7*H$5)*Inputs!$D$53 -> 561633.04
B8: 0.4 | D8: =((Inputs!$D$16*$B8*D$5)-('Five Year'!$D$11*Inputs!$D$16*$B8)-(Inputs!$D$16*$B8*D$5)*'Five Year'!$D$48-MAX(Inputs!$D$50,Inputs!$D$51*(Inputs!$D$16*$B8*D$5))-'Five Year'!$D$15-'Five Year'!$D$16)-MAX(0,((Inputs!$D$16*$B8*D$5)-('Five Year'!$D$11*Inputs!$D$16*$B8)-(Inputs!$D$16*$B8*D$5)*'Five Year'!$D$48-MAX(Inputs!$D$50,Inputs!$D$51*(Inputs!$D$16*$B8*D$5))-'Five Year'!$D$15-'Five Year'!$D$16)-('Asset Register'!$G$25+(Inputs!$D$16*$B8*D$5)*Inputs!$D$52/10))*Inputs!$D$54-(Inputs!$D$16*$B8*D$5)*Inputs!$D$52-(Inputs!$D$16*$B8*D$5)*Inputs!$D$53 -> 365832.77 | E8: =((Inputs!$D$16*$B8*E$5)-('Five Year'!$D$11*Inputs!$D$16*$B8)-(Inputs!$D$16*$B8*E$5)*'Five Year'!$D$48-MAX(Inputs!$D$50,Inputs!$D$51*(Inputs!$D$16*$B8*E$5))-'Five Year'!$D$15-'Five Year'!$D$16)-MAX(0,((Inputs!$D$16*$B8*E$5)-('Five Year'!$D$11*Inputs!$D$16*$B8)-(Inputs!$D$16*$B8*E$5)*'Five Year'!$D$48-MAX(Inputs!$D$50,Inputs!$D$51*(Inputs!$D$16*$B8*E$5))-'Five Year'!$D$15-'Five Year'!$D$16)-('Asset Register'!$G$25+(Inputs!$D$16*$B8*E$5)*Inputs!$D$52/10))*Inputs!$D$54-(Inputs!$D$16*$B8*E$5)*Inputs!$D$52-(Inputs!$D$16*$B8*E$5)*Inputs!$D$53 -> 442776.77 | F8: =((Inputs!$D$16*$B8*F$5)-('Five Year'!$D$11*Inputs!$D$16*$B8)-(Inputs!$D$16*$B8*F$5)*'Five Year'!$D$48-MAX(Inputs!$D$50,Inputs!$D$51*(Inputs!$D$16*$B8*F$5))-'Five Year'!$D$15-'Five Year'!$D$16)-MAX(0,((Inputs!$D$16*$B8*F$5)-('Five Year'!$D$11*Inputs!$D$16*$B8)-(Inputs!$D$16*$B8*F$5)*'Five Year'!$D$48-MAX(Inputs!$D$50,Inputs!$D$51*(Inputs!$D$16*$B8*F$5))-'Five Year'!$D$15-'Five Year'!$D$16)-('Asset Register'!$G$25+(Inputs!$D$16*$B8*F$5)*Inputs!$D$52/10))*Inputs!$D$54-(Inputs!$D$16*$B8*F$5)*Inputs!$D$52-(Inputs!$D$16*$B8*F$5)*Inputs!$D$53 -> 519720.77 | G8: =((Inputs!$D$16*$B8*G$5)-('Five Year'!$D$11*Inputs!$D$16*$B8)-(Inputs!$D$16*$B8*G$5)*'Five Year'!$D$48-MAX(Inputs!$D$50,Inputs!$D$51*(Inputs!$D$16*$B8*G$5))-'Five Year'!$D$15-'Five Year'!$D$16)-MAX(0,((Inputs!$D$16*$B8*G$5)-('Five Year'!$D$11*Inputs!$D$16*$B8)-(Inputs!$D$16*$B8*G$5)*'Five Year'!$D$48-MAX(Inputs!$D$50,Inputs!$D$51*(Inputs!$D$16*$B8*G$5))-'Five Year'!$D$15-'Five Year'!$D$16)-('Asset Register'!$G$25+(Inputs!$D$16*$B8*G$5)*Inputs!$D$52/10))*Inputs!$D$54-(Inputs!$D$16*$B8*G$5)*Inputs!$D$52-(Inputs!$D$16*$B8*G$5)*Inputs!$D$53 -> 596664.77 | H8: =((Inputs!$D$16*$B8*H$5)-('Five Year'!$D$11*Inputs!$D$16*$B8)-(Inputs!$D$16*$B8*H$5)*'Five Year'!$D$48-MAX(Inputs!$D$50,Inputs!$D$51*(Inputs!$D$16*$B8*H$5))-'Five Year'!$D$15-'Five Year'!$D$16)-MAX(0,((Inputs!$D$16*$B8*H$5)-('Five Year'!$D$11*Inputs!$D$16*$B8)-(Inputs!$D$16*$B8*H$5)*'Five Year'!$D$48-MAX(Inputs!$D$50,Inputs!$D$51*(Inputs!$D$16*$B8*H$5))-'Five Year'!$D$15-'Five Year'!$D$16)-('Asset Register'!$G$25+(Inputs!$D$16*$B8*H$5)*Inputs!$D$52/10))*Inputs!$D$54-(Inputs!$D$16*$B8*H$5)*Inputs!$D$52-(Inputs!$D$16*$B8*H$5)*Inputs!$D$53 -> 673608.77
B9: 0.45 | D9: =((Inputs!$D$16*$B9*D$5)-('Five Year'!$D$11*Inputs!$D$16*$B9)-(Inputs!$D$16*$B9*D$5)*'Five Year'!$D$48-MAX(Inputs!$D$50,Inputs!$D$51*(Inputs!$D$16*$B9*D$5))-'Five Year'!$D$15-'Five Year'!$D$16)-MAX(0,((Inputs!$D$16*$B9*D$5)-('Five Year'!$D$11*Inputs!$D$16*$B9)-(Inputs!$D$16*$B9*D$5)*'Five Year'!$D$48-MAX(Inputs!$D$50,Inputs!$D$51*(Inputs!$D$16*$B9*D$5))-'Five Year'!$D$15-'Five Year'!$D$16)-('Asset Register'!$G$25+(Inputs!$D$16*$B9*D$5)*Inputs!$D$52/10))*Inputs!$D$54-(Inputs!$D$16*$B9*D$5)*Inputs!$D$52-(Inputs!$D$16*$B9*D$5)*Inputs!$D$53 -> 439336.5 | E9: =((Inputs!$D$16*$B9*E$5)-('Five Year'!$D$11*Inputs!$D$16*$B9)-(Inputs!$D$16*$B9*E$5)*'Five Year'!$D$48-MAX(Inputs!$D$50,Inputs!$D$51*(Inputs!$D$16*$B9*E$5))-'Five Year'!$D$15-'Five Year'!$D$16)-MAX(0,((Inputs!$D$16*$B9*E$5)-('Five Year'!$D$11*Inputs!$D$16*$B9)-(Inputs!$D$16*$B9*E$5)*'Five Year'!$D$48-MAX(Inputs!$D$50,Inputs!$D$51*(Inputs!$D$16*$B9*E$5))-'Five Year'!$D$15-'Five Year'!$D$16)-('Asset Register'!$G$25+(Inputs!$D$16*$B9*E$5)*Inputs!$D$52/10))*Inputs!$D$54-(Inputs!$D$16*$B9*E$5)*Inputs!$D$52-(Inputs!$D$16*$B9*E$5)*Inputs!$D$53 -> 525898.5 | F9: =((Inputs!$D$16*$B9*F$5)-('Five Year'!$D$11*Inputs!$D$16*$B9)-(Inputs!$D$16*$B9*F$5)*'Five Year'!$D$48-MAX(Inputs!$D$50,Inputs!$D$51*(Inputs!$D$16*$B9*F$5))-'Five Year'!$D$15-'Five Year'!$D$16)-MAX(0,((Inputs!$D$16*$B9*F$5)-('Five Year'!$D$11*Inputs!$D$16*$B9)-(Inputs!$D$16*$B9*F$5)*'Five Year'!$D$48-MAX(Inputs!$D$50,Inputs!$D$51*(Inputs!$D$16*$B9*F$5))-'Five Year'!$D$15-'Five Year'!$D$16)-('Asset Register'!$G$25+(Inputs!$D$16*$B9*F$5)*Inputs!$D$52/10))*Inputs!$D$54-(Inputs!$D$16*$B9*F$5)*Inputs!$D$52-(Inputs!$D$16*$B9*F$5)*Inputs!$D$53 -> 612460.5 | G9: =((Inputs!$D$16*$B9*G$5)-('Five Year'!$D$11*Inputs!$D$16*$B9)-(Inputs!$D$16*$B9*G$5)*'Five Year'!$D$48-MAX(Inputs!$D$50,Inputs!$D$51*(Inputs!$D$16*$B9*G$5))-'Five Year'!$D$15-'Five Year'!$D$16)-MAX(0,((Inputs!$D$16*$B9*G$5)-('Five Year'!$D$11*Inputs!$D$16*$B9)-(Inputs!$D$16*$B9*G$5)*'Five Year'!$D$48-MAX(Inputs!$D$50,Inputs!$D$51*(Inputs!$D$16*$B9*G$5))-'Five Year'!$D$15-'Five Year'!$D$16)-('Asset Register'!$G$25+(Inputs!$D$16*$B9*G$5)*Inputs!$D$52/10))*Inputs!$D$54-(Inputs!$D$16*$B9*G$5)*Inputs!$D$52-(Inputs!$D$16*$B9*G$5)*Inputs!$D$53 -> 699022.5 | H9: =((Inputs!$D$16*$B9*H$5)-('Five Year'!$D$11*Inputs!$D$16*$B9)-(Inputs!$D$16*$B9*H$5)*'Five Year'!$D$48-MAX(Inputs!$D$50,Inputs!$D$51*(Inputs!$D$16*$B9*H$5))-'Five Year'!$D$15-'Five Year'!$D$16)-MAX(0,((Inputs!$D$16*$B9*H$5)-('Five Year'!$D$11*Inputs!$D$16*$B9)-(Inputs!$D$16*$B9*H$5)*'Five Year'!$D$48-MAX(Inputs!$D$50,Inputs!$D$51*(Inputs!$D$16*$B9*H$5))-'Five Year'!$D$15-'Five Year'!$D$16)-('Asset Register'!$G$25+(Inputs!$D$16*$B9*H$5)*Inputs!$D$52/10))*Inputs!$D$54-(Inputs!$D$16*$B9*H$5)*Inputs!$D$52-(Inputs!$D$16*$B9*H$5)*Inputs!$D$53 -> 785584.5
B10: 0.5 | D10: =((Inputs!$D$16*$B10*D$5)-('Five Year'!$D$11*Inputs!$D$16*$B10)-(Inputs!$D$16*$B10*D$5)*'Five Year'!$D$48-MAX(Inputs!$D$50,Inputs!$D$51*(Inputs!$D$16*$B10*D$5))-'Five Year'!$D$15-'Five Year'!$D$16)-MAX(0,((Inputs!$D$16*$B10*D$5)-('Five Year'!$D$11*Inputs!$D$16*$B10)-(Inputs!$D$16*$B10*D$5)*'Five Year'!$D$48-MAX(Inputs!$D$50,Inputs!$D$51*(Inputs!$D$16*$B10*D$5))-'Five Year'!$D$15-'Five Year'!$D$16)-('Asset Register'!$G$25+(Inputs!$D$16*$B10*D$5)*Inputs!$D$52/10))*Inputs!$D$54-(Inputs!$D$16*$B10*D$5)*Inputs!$D$52-(Inputs!$D$16*$B10*D$5)*Inputs!$D$53 -> 512840.23 | E10: =((Inputs!$D$16*$B10*E$5)-('Five Year'!$D$11*Inputs!$D$16*$B10)-(Inputs!$D$16*$B10*E$5)*'Five Year'!$D$48-MAX(Inputs!$D$50,Inputs!$D$51*(Inputs!$D$16*$B10*E$5))-'Five Year'!$D$15-'Five Year'!$D$16)-MAX(0,((Inputs!$D$16*$B10*E$5)-('Five Year'!$D$11*Inputs!$D$16*$B10)-(Inputs!$D$16*$B10*E$5)*'Five Year'!$D$48-MAX(Inputs!$D$50,Inputs!$D$51*(Inputs!$D$16*$B10*E$5))-'Five Year'!$D$15-'Five Year'!$D$16)-('Asset Register'!$G$25+(Inputs!$D$16*$B10*E$5)*Inputs!$D$52/10))*Inputs!$D$54-(Inputs!$D$16*$B10*E$5)*Inputs!$D$52-(Inputs!$D$16*$B10*E$5)*Inputs!$D$53 -> 609020.23 | F10: =((Inputs!$D$16*$B10*F$5)-('Five Year'!$D$11*Inputs!$D$16*$B10)-(Inputs!$D$16*$B10*F$5)*'Five Year'!$D$48-MAX(Inputs!$D$50,Inputs!$D$51*(Inputs!$D$16*$B10*F$5))-'Five Year'!$D$15-'Five Year'!$D$16)-MAX(0,((Inputs!$D$16*$B10*F$5)-('Five Year'!$D$11*Inputs!$D$16*$B10)-(Inputs!$D$16*$B10*F$5)*'Five Year'!$D$48-MAX(Inputs!$D$50,Inputs!$D$51*(Inputs!$D$16*$B10*F$5))-'Five Year'!$D$15-'Five Year'!$D$16)-('Asset Register'!$G$25+(Inputs!$D$16*$B10*F$5)*Inputs!$D$52/10))*Inputs!$D$54-(Inputs!$D$16*$B10*F$5)*Inputs!$D$52-(Inputs!$D$16*$B10*F$5)*Inputs!$D$53 -> 705200.23 | G10: =((Inputs!$D$16*$B10*G$5)-('Five Year'!$D$11*Inputs!$D$16*$B10)-(Inputs!$D$16*$B10*G$5)*'Five Year'!$D$48-MAX(Inputs!$D$50,Inputs!$D$51*(Inputs!$D$16*$B10*G$5))-'Five Year'!$D$15-'Five Year'!$D$16)-MAX(0,((Inputs!$D$16*$B10*G$5)-('Five Year'!$D$11*Inputs!$D$16*$B10)-(Inputs!$D$16*$B10*G$5)*'Five Year'!$D$48-MAX(Inputs!$D$50,Inputs!$D$51*(Inputs!$D$16*$B10*G$5))-'Five Year'!$D$15-'Five Year'!$D$16)-('Asset Register'!$G$25+(Inputs!$D$16*$B10*G$5)*Inputs!$D$52/10))*Inputs!$D$54-(Inputs!$D$16*$B10*G$5)*Inputs!$D$52-(Inputs!$D$16*$B10*G$5)*Inputs!$D$53 -> 801380.23 | H10: =((Inputs!$D$16*$B10*H$5)-('Five Year'!$D$11*Inputs!$D$16*$B10)-(Inputs!$D$16*$B10*H$5)*'Five Year'!$D$48-MAX(Inputs!$D$50,Inputs!$D$51*(Inputs!$D$16*$B10*H$5))-'Five Year'!$D$15-'Five Year'!$D$16)-MAX(0,((Inputs!$D$16*$B10*H$5)-('Five Year'!$D$11*Inputs!$D$16*$B10)-(Inputs!$D$16*$B10*H$5)*'Five Year'!$D$48-MAX(Inputs!$D$50,Inputs!$D$51*(Inputs!$D$16*$B10*H$5))-'Five Year'!$D$15-'Five Year'!$D$16)-('Asset Register'!$G$25+(Inputs!$D$16*$B10*H$5)*Inputs!$D$52/10))*Inputs!$D$54-(Inputs!$D$16*$B10*H$5)*Inputs!$D$52-(Inputs!$D$16*$B10*H$5)*Inputs!$D$53 -> 897560.23
B11: 0.55 | D11: =((Inputs!$D$16*$B11*D$5)-('Five Year'!$D$11*Inputs!$D$16*$B11)-(Inputs!$D$16*$B11*D$5)*'Five Year'!$D$48-MAX(Inputs!$D$50,Inputs!$D$51*(Inputs!$D$16*$B11*D$5))-'Five Year'!$D$15-'Five Year'!$D$16)-MAX(0,((Inputs!$D$16*$B11*D$5)-('Five Year'!$D$11*Inputs!$D$16*$B11)-(Inputs!$D$16*$B11*D$5)*'Five Year'!$D$48-MAX(Inputs!$D$50,Inputs!$D$51*(Inputs!$D$16*$B11*D$5))-'Five Year'!$D$15-'Five Year'!$D$16)-('Asset Register'!$G$25+(Inputs!$D$16*$B11*D$5)*Inputs!$D$52/10))*Inputs!$D$54-(Inputs!$D$16*$B11*D$5)*Inputs!$D$52-(Inputs!$D$16*$B11*D$5)*Inputs!$D$53 -> 586343.96 | E11: =((Inputs!$D$16*$B11*E$5)-('Five Year'!$D$11*Inputs!$D$16*$B11)-(Inputs!$D$16*$B11*E$5)*'Five Year'!$D$48-MAX(Inputs!$D$50,Inputs!$D$51*(Inputs!$D$16*$B11*E$5))-'Five Year'!$D$15-'Five Year'!$D$16)-MAX(0,((Inputs!$D$16*$B11*E$5)-('Five Year'!$D$11*Inputs!$D$16*$B11)-(Inputs!$D$16*$B11*E$5)*'Five Year'!$D$48-MAX(Inputs!$D$50,Inputs!$D$51*(Inputs!$D$16*$B11*E$5))-'Five Year'!$D$15-'Five Year'!$D$16)-('Asset Register'!$G$25+(Inputs!$D$16*$B11*E$5)*Inputs!$D$52/10))*Inputs!$D$54-(Inputs!$D$16*$B11*E$5)*Inputs!$D$52-(Inputs!$D$16*$B11*E$5)*Inputs!$D$53 -> 692141.96 | F11: =((Inputs!$D$16*$B11*F$5)-('Five Year'!$D$11*Inputs!$D$16*$B11)-(Inputs!$D$16*$B11*F$5)*'Five Year'!$D$48-MAX(Inputs!$D$50,Inputs!$D$51*(Inputs!$D$16*$B11*F$5))-'Five Year'!$D$15-'Five Year'!$D$16)-MAX(0,((Inputs!$D$16*$B11*F$5)-('Five Year'!$D$11*Inputs!$D$16*$B11)-(Inputs!$D$16*$B11*F$5)*'Five Year'!$D$48-MAX(Inputs!$D$50,Inputs!$D$51*(Inputs!$D$16*$B11*F$5))-'Five Year'!$D$15-'Five Year'!$D$16)-('Asset Register'!$G$25+(Inputs!$D$16*$B11*F$5)*Inputs!$D$52/10))*Inputs!$D$54-(Inputs!$D$16*$B11*F$5)*Inputs!$D$52-(Inputs!$D$16*$B11*F$5)*Inputs!$D$53 -> 797939.96 | G11: =((Inputs!$D$16*$B11*G$5)-('Five Year'!$D$11*Inputs!$D$16*$B11)-(Inputs!$D$16*$B11*G$5)*'Five Year'!$D$48-MAX(Inputs!$D$50,Inputs!$D$51*(Inputs!$D$16*$B11*G$5))-'Five Year'!$D$15-'Five Year'!$D$16)-MAX(0,((Inputs!$D$16*$B11*G$5)-('Five Year'!$D$11*Inputs!$D$16*$B11)-(Inputs!$D$16*$B11*G$5)*'Five Year'!$D$48-MAX(Inputs!$D$50,Inputs!$D$51*(Inputs!$D$16*$B11*G$5))-'Five Year'!$D$15-'Five Year'!$D$16)-('Asset Register'!$G$25+(Inputs!$D$16*$B11*G$5)*Inputs!$D$52/10))*Inputs!$D$54-(Inputs!$D$16*$B11*G$5)*Inputs!$D$52-(Inputs!$D$16*$B11*G$5)*Inputs!$D$53 -> 903737.96 | H11: =((Inputs!$D$16*$B11*H$5)-('Five Year'!$D$11*Inputs!$D$16*$B11)-(Inputs!$D$16*$B11*H$5)*'Five Year'!$D$48-MAX(Inputs!$D$50,Inputs!$D$51*(Inputs!$D$16*$B11*H$5))-'Five Year'!$D$15-'Five Year'!$D$16)-MAX(0,((Inputs!$D$16*$B11*H$5)-('Five Year'!$D$11*Inputs!$D$16*$B11)-(Inputs!$D$16*$B11*H$5)*'Five Year'!$D$48-MAX(Inputs!$D$50,Inputs!$D$51*(Inputs!$D$16*$B11*H$5))-'Five Year'!$D$15-'Five Year'!$D$16)-('Asset Register'!$G$25+(Inputs!$D$16*$B11*H$5)*Inputs!$D$52/10))*Inputs!$D$54-(Inputs!$D$16*$B11*H$5)*Inputs!$D$52-(Inputs!$D$16*$B11*H$5)*Inputs!$D$53 -> 1009536
B12: 0.6 | D12: =((Inputs!$D$16*$B12*D$5)-('Five Year'!$D$11*Inputs!$D$16*$B12)-(Inputs!$D$16*$B12*D$5)*'Five Year'!$D$48-MAX(Inputs!$D$50,Inputs!$D$51*(Inputs!$D$16*$B12*D$5))-'Five Year'!$D$15-'Five Year'!$D$16)-MAX(0,((Inputs!$D$16*$B12*D$5)-('Five Year'!$D$11*Inputs!$D$16*$B12)-(Inputs!$D$16*$B12*D$5)*'Five Year'!$D$48-MAX(Inputs!$D$50,Inputs!$D$51*(Inputs!$D$16*$B12*D$5))-'Five Year'!$D$15-'Five Year'!$D$16)-('Asset Register'!$G$25+(Inputs!$D$16*$B12*D$5)*Inputs!$D$52/10))*Inputs!$D$54-(Inputs!$D$16*$B12*D$5)*Inputs!$D$52-(Inputs!$D$16*$B12*D$5)*Inputs!$D$53 -> 659847.69 | E12: =((Inputs!$D$16*$B12*E$5)-('Five Year'!$D$11*Inputs!$D$16*$B12)-(Inputs!$D$16*$B12*E$5)*'Five Year'!$D$48-MAX(Inputs!$D$50,Inputs!$D$51*(Inputs!$D$16*$B12*E$5))-'Five Year'!$D$15-'Five Year'!$D$16)-MAX(0,((Inputs!$D$16*$B12*E$5)-('Five Year'!$D$11*Inputs!$D$16*$B12)-(Inputs!$D$16*$B12*E$5)*'Five Year'!$D$48-MAX(Inputs!$D$50,Inputs!$D$51*(Inputs!$D$16*$B12*E$5))-'Five Year'!$D$15-'Five Year'!$D$16)-('Asset Register'!$G$25+(Inputs!$D$16*$B12*E$5)*Inputs!$D$52/10))*Inputs!$D$54-(Inputs!$D$16*$B12*E$5)*Inputs!$D$52-(Inputs!$D$16*$B12*E$5)*Inputs!$D$53 -> 775263.69 | F12: =((Inputs!$D$16*$B12*F$5)-('Five Year'!$D$11*Inputs!$D$16*$B12)-(Inputs!$D$16*$B12*F$5)*'Five Year'!$D$48-MAX(Inputs!$D$50,Inputs!$D$51*(Inputs!$D$16*$B12*F$5))-'Five Year'!$D$15-'Five Year'!$D$16)-MAX(0,((Inputs!$D$16*$B12*F$5)-('Five Year'!$D$11*Inputs!$D$16*$B12)-(Inputs!$D$16*$B12*F$5)*'Five Year'!$D$48-MAX(Inputs!$D$50,Inputs!$D$51*(Inputs!$D$16*$B12*F$5))-'Five Year'!$D$15-'Five Year'!$D$16)-('Asset Register'!$G$25+(Inputs!$D$16*$B12*F$5)*Inputs!$D$52/10))*Inputs!$D$54-(Inputs!$D$16*$B12*F$5)*Inputs!$D$52-(Inputs!$D$16*$B12*F$5)*Inputs!$D$53 -> 890679.69 | G12: =((Inputs!$D$16*$B12*G$5)-('Five Year'!$D$11*Inputs!$D$16*$B12)-(Inputs!$D$16*$B12*G$5)*'Five Year'!$D$48-MAX(Inputs!$D$50,Inputs!$D$51*(Inputs!$D$16*$B12*G$5))-'Five Year'!$D$15-'Five Year'!$D$16)-MAX(0,((Inputs!$D$16*$B12*G$5)-('Five Year'!$D$11*Inputs!$D$16*$B12)-(Inputs!$D$16*$B12*G$5)*'Five Year'!$D$48-MAX(Inputs!$D$50,Inputs!$D$51*(Inputs!$D$16*$B12*G$5))-'Five Year'!$D$15-'Five Year'!$D$16)-('Asset Register'!$G$25+(Inputs!$D$16*$B12*G$5)*Inputs!$D$52/10))*Inputs!$D$54-(Inputs!$D$16*$B12*G$5)*Inputs!$D$52-(Inputs!$D$16*$B12*G$5)*Inputs!$D$53 -> 1006095.7 | H12: =((Inputs!$D$16*$B12*H$5)-('Five Year'!$D$11*Inputs!$D$16*$B12)-(Inputs!$D$16*$B12*H$5)*'Five Year'!$D$48-MAX(Inputs!$D$50,Inputs!$D$51*(Inputs!$D$16*$B12*H$5))-'Five Year'!$D$15-'Five Year'!$D$16)-MAX(0,((Inputs!$D$16*$B12*H$5)-('Five Year'!$D$11*Inputs!$D$16*$B12)-(Inputs!$D$16*$B12*H$5)*'Five Year'!$D$48-MAX(Inputs!$D$50,Inputs!$D$51*(Inputs!$D$16*$B12*H$5))-'Five Year'!$D$15-'Five Year'!$D$16)-('Asset Register'!$G$25+(Inputs!$D$16*$B12*H$5)*Inputs!$D$52/10))*Inputs!$D$54-(Inputs!$D$16*$B12*H$5)*Inputs!$D$52-(Inputs!$D$16*$B12*H$5)*Inputs!$D$53 -> 1121511.7
B15: Break-even occupancy at each package (before tax and working capital)
D16: =('Five Year'!$D$15+'Five Year'!$D$16)/(Inputs!$D$16*(D$5*(1-'Five Year'!$D$48-Inputs!$D$51)-'Five Year'!$D$11)) -> 0.17097188 | E16: =('Five Year'!$D$15+'Five Year'!$D$16)/(Inputs!$D$16*(E$5*(1-'Five Year'!$D$48-Inputs!$D$51)-'Five Year'!$D$11)) -> 0.15221794 | F16: =('Five Year'!$D$15+'Five Year'!$D$16)/(Inputs!$D$16*(F$5*(1-'Five Year'!$D$48-Inputs!$D$51)-'Five Year'!$D$11)) -> 0.13717156 | G16: =('Five Year'!$D$15+'Five Year'!$D$16)/(Inputs!$D$16*(G$5*(1-'Five Year'!$D$48-Inputs!$D$51)-'Five Year'!$D$11)) -> 0.12483219 | H16: =('Five Year'!$D$15+'Five Year'!$D$16)/(Inputs!$D$16*(H$5*(1-'Five Year'!$D$48-Inputs!$D$51)-'Five Year'!$D$11)) -> 0.1145296

Sheet Europe Bridge
B2: Operating comparison — identical capacity and tax, European cost book against the Zambia encampment
B3: Same 800 suite-weeks, same conservative price and occupancy, same 30% tax proxy. An operating cost-structure comparison only: the property type and land tenure differ, so this is NOT a like-for-like capital comparison and no capital saving is claimed. Revision 7 carries no land rent, because land use is assumed to be authorised under a proposed government land partnership.
D5: European 40-week book | E5: Zambia Revision 7 | F5: Difference
B6: Year 1 net stay revenue | D6: 2080000 | E6: ='Five Year'!D10 -> 2080000 | F6: =E6-D6 -> 0
B7: Fixed site cost | D7: 655000 | E7: ='Five Year'!D15 -> 384066.39 | F7: =E7-D7 -> -270933.61
B8: Central support | D8: 60000 | E8: ='Five Year'!D16 -> 60000 | F8: =E8-D8 -> 0
B9: Variable delivery cost | D9: =2050*320 -> 656000 | E9: ='Five Year'!D12 -> 369077.37 | F9: =E9-D9 -> -286922.63
B10: Sales and payment costs | D10: =D6*0.12 -> 249600 | E10: ='Five Year'!D13 -> 249600 | F10: =E10-D10 -> 0
B11: Mission budget | D11: =MAX(100000,0.08*D6) -> 166400 | E11: ='Five Year'!D14 -> 166400 | F11: =E11-D11 -> 0
B12: Year 1 EBITDA | D12: =D6-D7-D8-D9-D10-D11 -> 293000 | E12: ='Five Year'!D17 -> 850856.25 | F12: =E12-D12 -> 557856.25 | H12: The improvement is a cost-structure effect at identical revenue. Geography alone does not guarantee profit.
B13: Year 1 EBITDA margin | D13: =D12/D6 -> 0.14086538 | E13: ='Five Year'!D18 -> 0.4090655 | F13: =E13-D13 -> 0.26820012
B16: Funding change against the historical EUR 3.316m case
B17: Historical committed funding | D17: 3316000
B18: Revision 7 committed funding, base case | D18: =Capital!$D$37 -> 4619550.8
B19: Reduction from a smaller opening reserve (EUR 800,000 against EUR 1,600,000) | D19: -800000 | H19: The two causes are separate. This is NOT all an FX saving: a leaner costed conversion scope and a deliberately smaller opening reserve each contribute.
B20: Increase from building a new encampment: local construction, imported tents and plant, and an 18-month development programme (no land rent or land deposit is carried) | D20: =D18-D17-D19 -> 2103550.8
B21: Revision 7 committed funding, reconciled | D21: =D17+D19+D20 -> 4619550.8 | H21: Stress-covered funding of EUR 2.17m, including the disclosed EUR 220,000 of additional liquidity, is the prudent comparison figure.
B23: Revision 5 funding of EUR 1.95m related to a leased existing-lodge conversion and is superseded. The Revision 7 requirement is higher because nothing is repurposed. Revision 6 carried land rent and a refundable land deposit; Revision 7 excludes both, because land use is assumed to be authorised under a proposed long-term government land partnership. The prudential, stress-covered envelope is EUR 5,829,551.

Sheet Inputs
B2: THE EDEN OBJECTIVE — Revision 7 planning model
B3: Livingstone, Zambia first-location scenario: a NEW 20-suite luxury tented and modular encampment built under a proposed long-term government land partnership. Revision 7 EXCLUDES land lease expenses: land use would be authorised in return for ecological regeneration, measurable community benefit and enduring protection of a defined acreage. No rent, deposit, grant, title, concession, tax exemption or statutory reserve designation is secured. Costed feasibility assumptions, NOT supplier quotations, NOT quantity-surveyor certification and NOT a promised margin.
B4: Blue = input you can change. Black = formula. Green = link from another sheet. Yellow = key assumption needing local validation.
B6: Foreign exchange — sourced fact (dated)
D7: Currency | E7: Amount | F7: Source date | G7: FX used | H7: Converted EUR | I7: Confidence
B8: ZMW per EUR — Bank of Zambia midpoint | D8: ZMW/EUR | E8: 1 | F8: 2026-09-07 | G8: 22.3122 | H8: =E8 -> 1 | I8: Sourced midpoint | J8: Buying/selling 22.2822 / 22.3422; midpoint derived. Not a guaranteed transaction rate.
B9: ZMW per USD — Bank of Zambia midpoint | D9: ZMW/USD | E9: 1 | F9: 2026-09-07 | G9: 19.1892 | H9: =E9 -> 1 | I9: Sourced midpoint | J9: Buying/selling 19.1642 / 19.2142; midpoint derived. Not a guaranteed transaction rate.
B10: Derived USD to EUR cross rate | G10: =G9/G8 -> 0.86003173 | J10: USD costs cross-convert USD to ZMW to EUR. No uniform 'Africa discount' is applied anywhere.
B11: FX is held constant in the base case, is editable here, and is stress-tested on the Stress sheet. No uniform African currency discount is applied anywhere.
B13: Capacity and product
B14: Suites | D14: 20 | J14: New-build tented and modular encampment under a proposed long-term government land partnership. No lodge conversion, no refurbishment, no property acquisition and no land rent. No expansion modelled.
B15: Planned bookable weeks per year | D15: 40 | J15: Chosen planning schedule (Mar-Dec), NOT verified all-weather demand.
B16: Available suite-weeks | D16: =D14*D15 -> 800 | J16: 20 suites x 40 weeks = 800 suite-weeks.
B17: Nights per stay | D17: 7
B18: Guests per suite | D18: 2 | J18: Two guests sharing.
B21: Local operating budget, Year 1 — management allowances in ZMW (unquoted)
D22: Currency | E22: Amount | F22: Source date | G22: FX used | H22: Converted EUR | I22: Confidence
B23: Payroll including employer obligations, benefits, training and relief provision | D23: ZMW | E23: 5400000 | F23: 2026-09-11 | G23: =$G$8 -> 22.3122 | H23: =E23/G23 -> 242020.06 | I23: Unquoted allowance | J23: Gross ZMW 3,648,000 plus ZMW 1,752,000 obligations/benefits/training/relief contingency. NOT a statutory rate and NOT market-validated.
B24: Government partnership assumption — no land rent (annual land rent allowance set to zero, shown for transparency) | D24: ZMW | E24: 0 | F24: 2026-09-11 | G24: =$G$8 -> 22.3122 | H24: =E24/G24 -> 0 | I24: Unquoted allowance | J24: Zero. Revision 7 excludes land lease expenses: land use would be authorised in return for ecological regeneration, measurable community benefit and enduring protection of a defined acreage. Shown as a labelled zero for transparency, NOT a secured grant, concession, tax exemption or guaranteed rent waiver.
B25: Utilities, backup fuel, water and waste | D25: ZMW | E25: 1200000 | F25: 2026-09-11 | G25: =$G$8 -> 22.3122 | H25: =E25/G25 -> 53782.236 | I25: Unquoted allowance | J25: Includes generator fuel and water/waste handling.
B26: Insurance, licensing and administration | D26: ZMW | E26: 700000 | F26: 2026-09-11 | G26: =$G$8 -> 22.3122 | H26: =E26/G26 -> 31372.971 | I26: Unquoted allowance | J26: Local advice required on licences and levies.
B27: Repairs, grounds, security supplies | D27: ZMW | E27: 600000 | F27: 2026-09-11 | G27: =$G$8 -> 22.3122 | H27: =E27/G27 -> 26891.118 | I27: Unquoted allowance | J27: Consumables and routine maintenance.
B28: Total local fixed operating budget | E28: =SUM(E23:E27) -> 7900000 | H28: =SUM(H23:H27) -> 354066.39
B29: International marketing (EUR) | D29: EUR | E29: 30000 | H29: =E29 -> 30000 | J29: Charged in EUR; inflates at the international rate.
B30: Central support (EUR) — held separately from site cost | D30: EUR | E30: 60000 | H30: =E30 -> 60000
B31: Year 1 fixed SITE cost (local total + marketing) | H31: =H28+H29 -> 384066.39
B32: Payroll is funded for the full 12 months even though only 40 weeks are bookable. The 40 weeks describe a full operating year, not a construction year. Revision 7 carries no land rent: the proposed government land partnership authorises land use in exchange for restoration, community benefit and long-term protection. Legal and land due diligence, community consultation, ecology, design, permits, insurance, ordinary taxes, staff and site care, restoration capex and the continuing mission budget are all retained.
B34: Variable cost per occupied suite-week
D35: Currency | E35: Amount | F35: Source date | G35: FX used | H35: Converted EUR | I35: Confidence
B36: Local food and beverage | D36: ZMW | E36: 5000 | F36: 2026-09-11 | G36: =$G$8 -> 22.3122 | H36: =E36/G36 -> 224.09265 | I36: Unquoted allowance
B37: Local transfers, laundry and supplies | D37: ZMW | E37: 2500 | F37: 2026-09-11 | G37: =$G$8 -> 22.3122 | H37: =E37/G37 -> 112.04632 | I37: Unquoted allowance
B38: Flexible local experience labour | D38: ZMW | E38: 1500 | F38: 2026-09-11 | G38: =$G$8 -> 22.3122 | H38: =E38/G38 -> 67.227795 | I38: Unquoted allowance
B39: International facilitators | D39: EUR | E39: 650 | F39: 2026-09-11 | G39: 1 | H39: =E39/G39 -> 650 | I39: Unquoted allowance
B40: Imported guest consumables | D40: EUR | E40: 100 | F40: 2026-09-11 | G40: 1 | H40: =E40/G40 -> 100 | I40: Unquoted allowance
B41: Local subtotal (ZMW) | E41: =SUM(E36:E38) -> 9000
B42: International subtotal (EUR) | E42: =SUM(E39:E40) -> 750
B43: Total variable per occupied suite-week (EUR) | H43: =SUM(H36:H40) -> 1153.3668
B44: No double count of full-time payroll, and no guest-funded activities that are charged separately.
B46: Inflation, tax and policy assumptions
B47: Local ZMW cost inflation | D47: 0.06 | J47: Planning assumption for Kwacha costs.
B48: International EUR cost inflation | D48: 0.03 | J48: Applies to EUR fixed and variable costs.
B49: Package price escalation (EUR) | D49: 0.06 | J49: Planning input, not evidence of pricing power.
B50: Mission floor (EUR, Year 1) | D50: 100000 | J50: Inflates 3% annually; additional to payroll and local procurement.
B51: Mission share of net revenue | D51: 0.08 | J51: The greater of the floor or this share is spent.
B52: Replacement capex, share of revenue | D52: 0.03
B53: Working capital balance, share of revenue | D53: 0.05 | J53: Cash flows carry the year-on-year delta.
B54: Corporate income tax on accounting profit | D54: 0.3 | J54: ZRA standard 30% used as a transparent planning proxy. No loss carry-forward or incentives assumed.
B55: Opening cash reserve (EUR) | D55: 800000 | J55: Management reserve; not spent capex.
B56: Cash floor (EUR) | D56: 300000 | J56: Includes EUR 100,000 for closure and continuing care.
B58: VAT of 16% and the 1.5% tourism levy are charged separately to guests and are pass-through, not revenue. Cost allowances assume no VAT recovery benefit: recoverable VAT is excluded from modelled costs and no refund, credit or construction-tax funding benefit is assumed, budgeted or secured, including on imported items. Non-recoverable charges sit inside cost allowances. Site and contract tax treatment, any VAT recovery entitlement and any tax-payment timing bridge require adviser validation. This is not a certified tax computation.
B60: Region selector
B61: Region number (1-14, see Regions sheet) | D61: 5
B62: Selected region | D62: =INDEX(Regions!C4:C17,$D$61) -> Livingstone / Zambia
B63: Selected suites | D63: =INDEX(Regions!D4:D17,$D$61) -> 20
B64: Selected open weeks | D64: =INDEX(Regions!E4:E17,$D$61) -> 40
B65: The ZMW local cost preset above belongs to Zambia only. It must NOT be applied to the other thirteen research candidates. Asset lives assume a land-use agreement long enough to support them — a 25-year planning term that is not secured and is subject to legal advice. Duration, renewal, defined area in acres, ecological baseline and targets, community governance, independent reporting, care funding, obligations and continuity on exit are all matters for the proposed agreement.

Sheet Opex Build
B2: Year 1 staffing plan — example roster supporting the ZMW payroll allowance
B3: Role | C3: FTE | D3: Monthly ZMW each | E3: Monthly ZMW total | F3: Annual ZMW
B4: General manager | C4: 1 | D4: 45000 | E4: =C4*D4 -> 45000 | F4: =E4*12 -> 540000
B5: Operations and programme lead | C5: 1 | D5: 35000 | E5: =C5*D5 -> 35000 | F5: =E5*12 -> 420000
B6: Head chef | C6: 1 | D6: 28000 | E6: =C6*D6 -> 28000 | F6: =E6*12 -> 336000
B7: Sous chef | C7: 1 | D7: 18000 | E7: =C7*D7 -> 18000 | F7: =E7*12 -> 216000
B8: Hosts | C8: 4 | D8: 12000 | E8: =C8*D8 -> 48000 | F8: =E8*12 -> 576000
B9: Housekeeping | C9: 6 | D9: 7000 | E9: =C9*D9 -> 42000 | F9: =E9*12 -> 504000
B10: Maintenance and grounds | C10: 4 | D10: 9000 | E10: =C10*D10 -> 36000 | F10: =E10*12 -> 432000
B11: Security | C11: 4 | D11: 7000 | E11: =C11*D11 -> 28000 | F11: =E11*12 -> 336000
B12: Accounts and administration | C12: 2 | D12: 12000 | E12: =C12*D12 -> 24000 | F12: =E12*12 -> 288000
B13: Total example roster | C13: =SUM(C4:C12) -> 24 | E13: =SUM(E4:E12) -> 304000 | F13: =SUM(F4:F12) -> 3648000 | H13: 24 FTE example: gross ZMW 304,000 per month, ZMW 3,648,000 per year.
B14: Employer obligations, benefits, training and relief provision | F14: =Inputs!E23-F13 -> 1752000 | H14: The balance to ZMW 5,400,000 is a management contingency for employer obligations, benefits, training and relief cover. It is NOT a statutory rate.
B15: Payroll allowance carried in the model | F15: =F13+F14 -> 5400000 | H15: NAPSA employer contribution is 5% subject to the applicable ceiling; broader obligations require local advice. Salaries are not market-validated.
B17: Guest contribution never substitutes for paid local roles, and the seasonal crew allowance from earlier revisions is not added on top of this roster.
B19: Year 1 site and central cost bridge to EUR
B20: Line | C20: ZMW | D20: EUR | E20: Basis
B21: Local fixed operating budget | C21: =Inputs!E28 -> 7900000 | D21: =Inputs!H28 -> 354066.39 | E21: Converted at the dated BoZ midpoint
B22: International marketing | D22: =Inputs!E29 -> 30000 | E22: Charged in EUR
B23: Year 1 fixed site cost | D23: =Inputs!H31 -> 384066.39 | E23: Local budget plus marketing
B24: Central support | D24: =Inputs!E30 -> 60000 | E24: Held outside site cost

Sheet Capital
B2: Capital, pre-opening and funding — new-build luxury tented and modular encampment under a proposed government land partnership
B3: No lodge conversion, no refurbishment, no land purchase and — in Revision 7 — no land rent or land deposit. Every allowance is an unquoted management estimate pending quantity surveying, tender, customs and site assessment.
D5: Base | E5: Commercial downside | F5: 20% stronger Kwacha | G5: 20% capex + local overrun | H5: Combined stress | I5: Six-month construction delay | J5: Combined stress plus delay
B6: ZMW per EUR applied | D6: =Inputs!G8 -> 22.3122 | E6: =Inputs!G8 -> 22.3122 | F6: =Inputs!G8/1.2 -> 18.5935 | G6: =Inputs!G8 -> 22.3122 | H6: =Inputs!G8/1.2 -> 18.5935 | I6: =Inputs!G8 -> 22.3122 | J6: =Inputs!G8/1.2 -> 18.5935 | L6: The Kwacha stress strengthens the local currency, so ZMW costs convert into MORE euros. The USD/EUR import cross rate is held unchanged.
B7: Capital overrun multiplier | D7: 1 | E7: 1 | F7: 1 | G7: 1.2 | H7: 1.2 | I7: 1 | J7: 1.2 | L7: The capital overrun applies 20% to every base capital component including professional fees; escalation and the 25% contingency are then recomputed on the higher base rather than treated as free extra funding.
B8: Construction delay (months) | D8: 0 | E8: 0 | F8: 0 | G8: 0 | H8: 0 | I8: 6 | J8: 6 | L8: The delay case adds six months of site holding cost and a further 3% capital escalation. No additional 25% contingency is charged on that delay increment.
B11: Suite platforms, foundations, decks, bathrooms and service connections (ZMW 12,000,000 — 600,000 per suite) | D11: =12000000/D$6 -> 537822.36 | E11: =12000000/E$6 -> 537822.36 | F11: =12000000/F$6 -> 645386.83 | G11: =12000000/G$6 -> 537822.36 | H11: =12000000/H$6 -> 645386.83 | I11: =12000000/I$6 -> 537822.36 | J11: =12000000/J$6 -> 645386.83
B12: Suite furniture, fittings and equipment, local (ZMW 4,000,000 — 200,000 per suite) | D12: =4000000/D$6 -> 179274.12 | E12: =4000000/E$6 -> 179274.12 | F12: =4000000/F$6 -> 215128.94 | G12: =4000000/G$6 -> 179274.12 | H12: =4000000/H$6 -> 215128.94 | I12: =4000000/I$6 -> 179274.12 | J12: =4000000/J$6 -> 215128.94
B13: Dining, kitchen, community, learning and wellness pavilions (ZMW 8,000,000) | D13: =8000000/D$6 -> 358548.24 | E13: =8000000/E$6 -> 358548.24 | F13: =8000000/F$6 -> 430257.89 | G13: =8000000/G$6 -> 358548.24 | H13: =8000000/H$6 -> 430257.89 | I13: =8000000/I$6 -> 358548.24 | J13: =8000000/J$6 -> 430257.89
B14: Staff, service, laundry and store buildings (ZMW 4,000,000) | D14: =4000000/D$6 -> 179274.12 | E14: =4000000/E$6 -> 179274.12 | F14: =4000000/F$6 -> 215128.94 | G14: =4000000/G$6 -> 179274.12 | H14: =4000000/H$6 -> 215128.94 | I14: =4000000/I$6 -> 179274.12 | J14: =4000000/J$6 -> 215128.94
B15: Site preparation, internal access, drainage and pathways (ZMW 3,000,000) | D15: =3000000/D$6 -> 134455.59 | E15: =3000000/E$6 -> 134455.59 | F15: =3000000/F$6 -> 161346.71 | G15: =3000000/G$6 -> 134455.59 | H15: =3000000/H$6 -> 161346.71 | I15: =3000000/I$6 -> 134455.59 | J15: =3000000/J$6 -> 161346.71
B16: Local water, sanitation, power and fire infrastructure (ZMW 5,000,000) | D16: =5000000/D$6 -> 224092.65 | E16: =5000000/E$6 -> 224092.65 | F16: =5000000/F$6 -> 268911.18 | G16: =5000000/G$6 -> 224092.65 | H16: =5000000/H$6 -> 268911.18 | I16: =5000000/I$6 -> 224092.65 | J16: =5000000/J$6 -> 268911.18
B17: Restoration earthworks, nursery and productive landscape (ZMW 1,000,000) | D17: =1000000/D$6 -> 44818.53 | E17: =1000000/E$6 -> 44818.53 | F17: =1000000/F$6 -> 53782.236 | G17: =1000000/G$6 -> 44818.53 | H17: =1000000/H$6 -> 53782.236 | I17: =1000000/I$6 -> 44818.53 | J17: =1000000/J$6 -> 53782.236
B18: Capital professional design, engineering, quantity surveying and environmental approvals (ZMW 3,000,000) | D18: =3000000/D$6 -> 134455.59 | E18: =3000000/E$6 -> 134455.59 | F18: =3000000/F$6 -> 161346.71 | G18: =3000000/G$6 -> 134455.59 | H18: =3000000/H$6 -> 161346.71 | I18: =3000000/I$6 -> 134455.59 | J18: =3000000/J$6 -> 161346.71
B19: Local construction subtotal (ZMW 40,000,000) | D19: =SUM(D11:D18) -> 1792741.2 | E19: =SUM(E11:E18) -> 1792741.2 | F19: =SUM(F11:F18) -> 2151289.4 | G19: =SUM(G11:G18) -> 1792741.2 | H19: =SUM(H11:H18) -> 2151289.4 | I19: =SUM(I11:I18) -> 1792741.2 | J19: =SUM(J11:J18) -> 2151289.4
B20: Imported tent fabric and canvas, landed (USD 280,000) | D20: =280000*Inputs!$G$9/Inputs!$G$8 -> 240808.88 | E20: =280000*Inputs!$G$9/Inputs!$G$8 -> 240808.88 | F20: =280000*Inputs!$G$9/Inputs!$G$8 -> 240808.88 | G20: =280000*Inputs!$G$9/Inputs!$G$8 -> 240808.88 | H20: =280000*Inputs!$G$9/Inputs!$G$8 -> 240808.88 | I20: =280000*Inputs!$G$9/Inputs!$G$8 -> 240808.88 | J20: =280000*Inputs!$G$9/Inputs!$G$8 -> 240808.88 | L20: Landed allowances include freight, duties and non-recoverable charges. Indicative only — not a vendor quotation. Local lines include installation, so there is no double count.
B21: Imported durable frames, decking hardware and fixings, landed (USD 420,000) | D21: =420000*Inputs!$G$9/Inputs!$G$8 -> 361213.33 | E21: =420000*Inputs!$G$9/Inputs!$G$8 -> 361213.33 | F21: =420000*Inputs!$G$9/Inputs!$G$8 -> 361213.33 | G21: =420000*Inputs!$G$9/Inputs!$G$8 -> 361213.33 | H21: =420000*Inputs!$G$9/Inputs!$G$8 -> 361213.33 | I21: =420000*Inputs!$G$9/Inputs!$G$8 -> 361213.33 | J21: =420000*Inputs!$G$9/Inputs!$G$8 -> 361213.33
B22: Imported specialist plant — solar, storage, backup water and kitchen, landed (USD 350,000) | D22: =350000*Inputs!$G$9/Inputs!$G$8 -> 301011.11 | E22: =350000*Inputs!$G$9/Inputs!$G$8 -> 301011.11 | F22: =350000*Inputs!$G$9/Inputs!$G$8 -> 301011.11 | G22: =350000*Inputs!$G$9/Inputs!$G$8 -> 301011.11 | H22: =350000*Inputs!$G$9/Inputs!$G$8 -> 301011.11 | I22: =350000*Inputs!$G$9/Inputs!$G$8 -> 301011.11 | J22: =350000*Inputs!$G$9/Inputs!$G$8 -> 301011.11
B23: Imported subtotal, landed (USD 1,050,000) | D23: =SUM(D20:D22) -> 903033.32 | E23: =SUM(E20:E22) -> 903033.32 | F23: =SUM(F20:F22) -> 903033.32 | G23: =SUM(G20:G22) -> 903033.32 | H23: =SUM(H20:H22) -> 903033.32 | I23: =SUM(I20:I22) -> 903033.32 | J23: =SUM(J20:J22) -> 903033.32
B24: Base capital expenditure | D24: =(D19+D23)*D7 -> 2695774.5 | E24: =(E19+E23)*E7 -> 2695774.5 | F24: =(F19+F23)*F7 -> 3054322.7 | G24: =(G19+G23)*G7 -> 3234929.4 | H24: =(H19+H23)*H7 -> 3665187.3 | I24: =(I19+I23)*I7 -> 2695774.5 | J24: =(J19+J23)*J7 -> 3665187.3
B25: Procurement and construction escalation at 5% | D25: =D24*0.05 -> 134788.73 | E25: =E24*0.05 -> 134788.73 | F25: =F24*0.05 -> 152716.14 | G25: =G24*0.05 -> 161746.47 | H25: =H24*0.05 -> 183259.36 | I25: =I24*0.05 -> 134788.73 | J25: =J24*0.05 -> 183259.36
B26: Construction contingency at 25% of base plus escalation, assumed fully spent | D26: =0.25*(D24+D25) -> 707640.81 | E26: =0.25*(E24+E25) -> 707640.81 | F26: =0.25*(F24+F25) -> 801759.72 | G26: =0.25*(G24+G25) -> 849168.97 | H26: =0.25*(H24+H25) -> 962111.67 | I26: =0.25*(I24+I25) -> 707640.81 | J26: =0.25*(J24+J25) -> 962111.67
B27: Additional capital escalation from a six-month delay (3% of escalated base capital) | D27: =IF(D8>0,0.03*D24*1.05,0) -> 0 | E27: =IF(E8>0,0.03*E24*1.05,0) -> 0 | F27: =IF(F8>0,0.03*F24*1.05,0) -> 0 | G27: =IF(G8>0,0.03*G24*1.05,0) -> 0 | H27: =IF(H8>0,0.03*H24*1.05,0) -> 0 | I27: =IF(I8>0,0.03*I24*1.05,0) -> 84916.897 | J27: =IF(J8>0,0.03*J24*1.05,0) -> 115453.4
B28: Total funded capital | D28: =D24+D25+D26+D27 -> 3538204 | E28: =E24+E25+E26+E27 -> 3538204 | F28: =F24+F25+F26+F27 -> 4008798.6 | G28: =G24+G25+G26+G27 -> 4245844.9 | H28: =H24+H25+H26+H27 -> 4810558.3 | I28: =I24+I25+I26+I27 -> 3623120.9 | J28: =J24+J25+J26+J27 -> 4926011.7
B29: Pre-opening expenses, local (ZMW 3,000,000) | D29: =3000000/D6 -> 134455.59 | E29: =3000000/E6 -> 134455.59 | F29: =3000000/F6 -> 161346.71 | G29: =3000000/G6 -> 134455.59 | H29: =3000000/H6 -> 161346.71 | I29: =3000000/I6 -> 134455.59 | J29: =3000000/J6 -> 161346.71
B30: Government partnership assumption — no land rent across the 18-month development period (set to zero, shown for transparency) | D30: 0 | E30: 0 | F30: 0 | G30: 0 | H30: 0 | I30: 0 | J30: 0
B31: Pre-opening expenses, international (EUR 100,000) | D31: =100000 -> 100000 | E31: =100000 -> 100000 | F31: =100000 -> 100000 | G31: =100000 -> 100000 | H31: =100000 -> 100000 | I31: =100000 -> 100000 | J31: =100000 -> 100000
B32: Pre-opening expense contingency at 20% | D32: =0.2*(D29+D30+D31) -> 46891.118 | E32: =0.2*(E29+E30+E31) -> 46891.118 | F32: =0.2*(F29+F30+F31) -> 52269.341 | G32: =0.2*(G29+G30+G31) -> 46891.118 | H32: =0.2*(H29+H30+H31) -> 52269.341 | I32: =0.2*(I29+I30+I31) -> 46891.118 | J32: =0.2*(J29+J30+J31) -> 52269.341
B33: Six-month delay holding cost — skeleton payroll, security and site care (ZMW 250,000 per month, no land rent) | D33: =IF(D8>0,D8*(250000/D6+10000),0) -> 0 | E33: =IF(E8>0,E8*(250000/E6+10000),0) -> 0 | F33: =IF(F8>0,F8*(250000/F6+10000),0) -> 0 | G33: =IF(G8>0,G8*(250000/G6+10000),0) -> 0 | H33: =IF(H8>0,H8*(250000/H6+10000),0) -> 0 | I33: =IF(I8>0,I8*(250000/I6+10000),0) -> 127227.79 | J33: =IF(J8>0,J8*(250000/J6+10000),0) -> 140673.35 | L33: The delay case carries skeleton payroll, security and site care at ZMW 250,000 a month plus EUR 10,000 a month of international cost. No land rent is charged, consistent with the proposed government land partnership.
B34: Total pre-opening expenses (one-off, before opening) | D34: =SUM(D29:D33) -> 281346.71 | E34: =SUM(E29:E33) -> 281346.71 | F34: =SUM(F29:F33) -> 313616.05 | G34: =SUM(G29:G33) -> 281346.71 | H34: =SUM(H29:H33) -> 313616.05 | I34: =SUM(I29:I33) -> 408574.5 | J34: =SUM(J29:J33) -> 454289.4
B35: Government partnership assumption — no refundable land deposit (set to zero, shown for transparency) | D35: 0 | E35: 0 | F35: 0 | G35: 0 | H35: 0 | I35: 0 | J35: 0
B36: Total pre-opening use of funds | D36: =D24+D25+D26+D27+D34+D35 -> 3819550.8 | E36: =E24+E25+E26+E27+E34+E35 -> 3819550.8 | F36: =F24+F25+F26+F27+F34+F35 -> 4322414.7 | G36: =G24+G25+G26+G27+G34+G35 -> 4527191.6 | H36: =H24+H25+H26+H27+H34+H35 -> 5124174.4 | I36: =I24+I25+I26+I27+I34+I35 -> 4031695.4 | J36: =J24+J25+J26+J27+J34+J35 -> 5380301.1
B37: Committed funding, base case (held fixed in every stress) | D37: =$D$36+$D$38 -> 4619550.8 | E37: =$D$36+$D$38 -> 4619550.8 | F37: =$D$36+$D$38 -> 4619550.8 | G37: =$D$36+$D$38 -> 4619550.8 | H37: =$D$36+$D$38 -> 4619550.8 | I37: =$D$36+$D$38 -> 4619550.8 | J37: =$D$36+$D$38 -> 4619550.8 | L37: Committed funding is held at the base case in every stress. Heavier pre-opening spend therefore consumes the opening reserve, and a negative balance is an unfunded gap.
B38: Opening cash reserve, base case | D38: =Inputs!D55 -> 800000
B39: Cash available at handover — negative is an UNFUNDED GAP, not available cash | D39: =D37-D36 -> 800000 | E39: =E37-E36 -> 800000 | F39: =F37-F36 -> 297136.1 | G39: =G37-G36 -> 92359.191 | H39: =H37-H36 -> -504623.63 | I39: =I37-I36 -> 587855.31 | J39: =J37-J36 -> -760750.38
B40: Additional committed liquidity required by the worst stress | D40: =ROUNDUP(MAX(Stress!D19:J19)/10000,0)*10000 -> 1210000 | L40: The worst case is the combined stress plus a six-month delay. Additional committed liquidity is the largest cash-floor breach across the seven stresses, rounded up to the nearest EUR 10,000, and recalculates automatically when costs, FX, capital or occupancy are edited. It is a disclosed reserve, not spent capital expenditure. There is no circular reference: the stress breach row does not depend on this reserve.
B41: Stress-covered committed funding envelope | D41: =D37+D40 -> 5829550.8
B43: Delay capital allocation factor used for depreciation | D43: =IF(D24+D25+D26=0,1,D28/(D24+D25+D26)) -> 1 | E43: =IF(E24+E25+E26=0,1,E28/(E24+E25+E26)) -> 1 | F43: =IF(F24+F25+F26=0,1,F28/(F24+F25+F26)) -> 1 | G43: =IF(G24+G25+G26=0,1,G28/(G24+G25+G26)) -> 1 | H43: =IF(H24+H25+H26=0,1,H28/(H24+H25+H26)) -> 1 | I43: =IF(I24+I25+I26=0,1,I28/(I24+I25+I26)) -> 1.024 | J43: =IF(J24+J25+J26=0,1,J28/(J24+J25+J26)) -> 1.024
B45: Base committed funding is EUR 4,619,551 and the prudential, stress-covered envelope is EUR 5,829,551. The base figure does NOT by itself cover the downside cases. Legal and land due diligence, community consultation, ecology, design, permits, insurance, ordinary taxes, staff and site care and restoration capex are all retained; only land rent and the land deposit are excluded.
B46: No debt terms, interest or facility are assumed or secured. Loan interest, land purchase and any major off-site highway or grid extension are excluded; a site needing them would require a rescope. These stresses are not exhaustive.

Sheet Regions
B2: Regional research candidates — planning capacities and schedules (not permits or measured demand)
B3: No. | C3: Region | D3: Suites | E3: Open weeks | F3: Suite-weeks | G3: Jan | H3: Feb | I3: Mar | J3: Apr | K3: May | L3: Jun | M3: Jul | N3: Aug | O3: Sep | P3: Oct | Q3: Nov | R3: Dec | S3: Cost preset
B4: 1 | C4: Algarve / Ria Formosa | D4: 20 | E4: =SUM(G4:R4) -> 40 | F4: =D4*E4 -> 800 | G4: 0 | H4: 4 | I4: 4 | J4: 4 | K4: 4 | L4: 4 | M4: 4 | N4: 4 | O4: 4 | P4: 4 | Q4: 4 | R4: 0 | S4: Shared EUR book
B5: 2 | C5: Cabo de Gata coast | D5: 20 | E5: =SUM(G5:R5) -> 40 | F5: =D5*E5 -> 800 | G5: 0 | H5: 4 | I5: 4 | J5: 4 | K5: 4 | L5: 4 | M5: 4 | N5: 4 | O5: 4 | P5: 4 | Q5: 4 | R5: 0 | S5: Shared EUR book
B6: 3 | C6: Granada / Los Velez interior | D6: 16 | E6: =SUM(G6:R6) -> 32 | F6: =D6*E6 -> 512 | G6: 2 | H6: 3 | I6: 4 | J6: 4 | K6: 4 | L6: 2 | M6: 0 | N6: 0 | O6: 4 | P6: 4 | Q6: 3 | R6: 2 | S6: Shared EUR book
B7: 4 | C7: Val Susa / Alpine foothills | D7: 16 | E7: =SUM(G7:R7) -> 26 | F7: =D7*E7 -> 416 | G7: 0 | H7: 0 | I7: 0 | J7: 2 | K7: 4 | L7: 4 | M7: 4 | N7: 4 | O7: 4 | P7: 4 | Q7: 0 | R7: 0 | S7: Shared EUR book
B8: 5 | C8: Livingstone / Zambia | D8: 20 | E8: =SUM(G8:R8) -> 40 | F8: =D8*E8 -> 800 | G8: 0 | H8: 0 | I8: 4 | J8: 4 | K8: 4 | L8: 4 | M8: 4 | N8: 4 | O8: 4 | P8: 4 | Q8: 4 | R8: 4 | S8: ZMW local build
B9: 6 | C9: NamibRand / Namibia | D9: 16 | E9: =SUM(G9:R9) -> 36 | F9: =D9*E9 -> 576 | G9: 0 | H9: 0 | I9: 4 | J9: 4 | K9: 4 | L9: 4 | M9: 4 | N9: 4 | O9: 4 | P9: 4 | Q9: 4 | R9: 0 | S9: Shared EUR book
B10: 7 | C10: Pardamat / Mara | D10: 20 | E10: =SUM(G10:R10) -> 40 | F10: =D10*E10 -> 800 | G10: 4 | H10: 4 | I10: 4 | J10: 2 | K10: 2 | L10: 4 | M10: 4 | N10: 4 | O10: 4 | P10: 4 | Q10: 0 | R10: 4 | S10: Shared EUR book
B11: 8 | C11: Baviaanskloof | D11: 20 | E11: =SUM(G11:R11) -> 40 | F11: =D11*E11 -> 800 | G11: 4 | H11: 4 | I11: 4 | J11: 4 | K11: 3 | L11: 1 | M11: 1 | N11: 3 | O11: 4 | P11: 4 | Q11: 4 | R11: 4 | S11: Shared EUR book
B12: 9 | C12: Wadi Rum | D12: 16 | E12: =SUM(G12:R12) -> 32 | F12: =D12*E12 -> 512 | G12: 3 | H12: 3 | I12: 4 | J12: 4 | K12: 2 | L12: 0 | M12: 0 | N12: 0 | O12: 4 | P12: 4 | Q12: 4 | R12: 4 | S12: Shared EUR book
B13: 10 | C13: Jabal Akhdar | D13: 20 | E13: =SUM(G13:R13) -> 44 | F13: =D13*E13 -> 880 | G13: 2 | H13: 2 | I13: 4 | J13: 4 | K13: 4 | L13: 4 | M13: 4 | N13: 4 | O13: 4 | P13: 4 | Q13: 4 | R13: 4 | S13: Shared EUR book
B14: 11 | C14: Daintree | D14: 16 | E14: =SUM(G14:R14) -> 32 | F14: =D14*E14 -> 512 | G14: 0 | H14: 0 | I14: 2 | J14: 4 | K14: 4 | L14: 4 | M14: 4 | N14: 4 | O14: 4 | P14: 4 | Q14: 2 | R14: 0 | S14: Shared EUR book
B15: 12 | C15: Kangaroo Island | D15: 20 | E15: =SUM(G15:R15) -> 40 | F15: =D15*E15 -> 800 | G15: 4 | H15: 4 | I15: 4 | J15: 4 | K15: 3 | L15: 1 | M15: 1 | N15: 3 | O15: 4 | P15: 4 | Q15: 4 | R15: 4 | S15: Shared EUR book
... B17: 14 | C17: Tambopata | D17: 12 | E17: =SUM(G17:R17) -> 28 | F17: =D17*E17 -> 336 | G17: 0 | H17: 0 | I17: 0 | J17: 2 | K17: 4 | L17: 4 | M17: 4 | N17: 4 | O17: 4 | P17: 4 | Q17: 2 | R17: 0 | S17: Shared EUR book
B19: Row 5 (Livingstone / Zambia) is the selected first-location model: 20 suites, 40 planned bookable weeks, 800 suite-weeks, Mar-Dec.
B20: The Kwacha cost build applies to Zambia only. The other rows retain the shared euro screening book and must not be ranked against Zambia on returns.

Sheet Sources
B2: Sources, dates and confidence — Revision 7
B3: Item | C3: Date | D3: Source | E3: Status
B4: Bank of Zambia average exchange rates | C4: 2026-09-07 | D4: https://www.boz.zm/markets-securities/average-exchange-rates | E4: Sourced fact; midpoints derived
B5: ZRA corporate income tax and VAT | C5: 2026-09-11 | D5: https://www.zra.org.zm/tax-information/ | E5: Sourced fact; 30% and 16% standard rates
B6: ZRA tourism levy | C6: 2026-09-11 | D6: https://www.zra.org.zm/wp-content/uploads/2021/10/Tourism-Levy.pdf | E6: Sourced fact; 1.5% on qualifying components
B7: NAPSA employer contributions | C7: 2026-09-11 | D7: https://www.napsa.co.zm/service/contributions/ | E7: Sourced fact; 5% with applicable ceiling
B8: Livingstone visitor context | C8: 2026-09-11 | D8: https://www.zambiatourism.com/towns/livingstone/ | E8: Context only
B9: Zambia general travel information | C9: 2026-09-11 | D9: https://www.zambiatourism.com/travel-info/general-info/ | E9: Context only
B10: Mosi-oa-Tunya / Victoria Falls listing | C10: 2026-09-11 | D10: https://whc.unesco.org/en/list/509 | E10: Context only
B11: Local construction, payroll and equipment allowances (no land rent line) | C11: 2026-09-11 | D11: Management estimate | E11: UNQUOTED management estimate pending quantity surveying, tender and site assessment
B12: 40 bookable weeks, March to December | C12: 2026-09-11 | D12: Management planning choice | E12: UNQUOTED assumption
B13: Price ladder, occupancy ramp and escalation | C13: 2026-09-11 | D13: Management planning input | E13: UNQUOTED assumption
B14: Bushtec Safari 2025 manufacturer price list | C14: 2026-09-12 | D14: https://bushtecsafari.com/wp-content/uploads/2025/09/USA-_-Pricelist.pdf | E14: Context only; illustrates factory tent pricing, NOT our build budget
B15: Zambia Environmental Management Agency | C15: 2026-09-12 | D15: https://www.zema.org.zm/ | E15: Assessment and permitting diligence reference
B16: Revision 7, 12 September 2026. Livingstone, Zambia is the selected first-location scenario, built as a NEW 20-suite luxury tented and modular encampment under a proposed long-term government land partnership. No parcel, land-use agreement, acreage, build permit, operator, partner, community agreement or paid guest is confirmed.
B17: This is an unquoted feasibility budget, NOT supplier quotations, NOT quantity-surveyor certification and NOT a promised margin.
B18: Local cost and FX estimates are dated and unquoted. FX midpoints are derived from published buying and selling rates and are not guaranteed transaction rates.
B19: Prices are NET operating revenue. VAT at 16% and the 1.5% tourism levy are charged separately to guests and are pass-through, not revenue. Levy qualification, base and capex VAT recovery need adviser validation.
B20: The 30% corporate income tax is applied to positive accounting profit as a transparent planning proxy. No loss carry-forward, incentives or local capital allowances are assumed.
B21: Tax paid evenly through the year in the cash model is a planning timing convention, not the statutory payment calendar.
B22: The capital overrun, combined and delay-combined stresses breach the EUR 300,000 cash floor. EUR 1,210,000 of additional committed liquidity is disclosed, giving a stress-covered envelope of EUR 5,829,551 against base committed funding of EUR 4,619,551. No facility is secured, no debt terms or interest are assumed, and the seven cases are not exhaustive.
B23: No revenue from grants, memberships, licensing, debt, terminal value, land-use concessions or in-kind land value. Capital recovery here means cumulative operating free cash exceeding total capital and pre-opening use of EUR 3,819,551, which the conservative case first reaches in operating month 53 / project month 71, inside operating Year 5. Base committed funding of EUR 4,619,551 is first exceeded in operating month 58 / project month 76. The EUR 5,829,551 stress-covered envelope is NOT recovered within five operating years (five-year cumulative operating free cash EUR 5,103,993). Cost allowances assume no VAT recovery benefit: no refund, credit or construction-tax funding benefit is assumed, budgeted or secured, and site and contract tax treatment plus any tax-payment timing bridge require adviser validation.
B24: The Bushtec list price of USD 21,700 for a 47.5 square metre Java tent excludes shipping, duty and installation. It is quoted only to show why factory tent prices are not a turnkey camp budget.
B25: Revision 5 funding of EUR 1.95 million and capital expenditure of EUR 766,000 related to a leased existing-lodge conversion and are superseded in full.
B26: Zambia Ministry of Tourism — partnership and conservation context | C26: 2026-09-12 | D26: https://www.mot.gov.zm/?p=5105 | E26: Context only. Supports partnership-based conservation policy; NOT an offer of rent-free land to Eden
B27: Department of National Parks and Wildlife (DNPW) mandate | C27: 2026-09-12 | D27: https://www.mot.gov.zm/dnpw/?page_id=94 | E27: Context only. Public-authority mandate context; no application, concession or agreement exists
B28: Land use — Revision 7 assumption | C28: 2026-09-12 | D28: Management assumption | E28: Proposed long-term government land partnership: land use authorised in exchange for regeneration, community benefit and enduring protection of a defined acreage. Zero land rent and zero land deposit modelled. NOT a secured grant, title, concession, tax exemption, statutory reserve designation or guaranteed rent waiver

Sheet Asset Register
B2: Asset register and depreciation — new-build encampment
B3: Capital professional fees are allocated pro rata across the other direct capital lines. Escalation, contingency and any delay increment are applied proportionately. Nothing is depreciated on pre-opening expenses, the refundable deposit, cash or land.
B5: Asset | C5: Currency | D5: Amount | E5: Life (years) | G5: Base | H5: Commercial downside | I5: 20% stronger Kwacha | J5: 20% capex + local overrun | K5: Combined stress | L5: Six-month construction delay | M5: Combined stress plus delay
B6: Professional fee allocation gross-up factor | G6: =1+(3000000/Capital!D$6)/((37000000/Capital!D$6)+1050000*Inputs!$G$9/Inputs!$G$8) -> 1.0524947 | H6: =1+(3000000/Capital!E$6)/((37000000/Capital!E$6)+1050000*Inputs!$G$9/Inputs!$G$8) -> 1.0524947 | I6: =1+(3000000/Capital!F$6)/((37000000/Capital!F$6)+1050000*Inputs!$G$9/Inputs!$G$8) -> 1.0557719 | J6: =1+(3000000/Capital!G$6)/((37000000/Capital!G$6)+1050000*Inputs!$G$9/Inputs!$G$8) -> 1.0524947 | K6: =1+(3000000/Capital!H$6)/((37000000/Capital!H$6)+1050000*Inputs!$G$9/Inputs!$G$8) -> 1.0557719 | L6: =1+(3000000/Capital!I$6)/((37000000/Capital!I$6)+1050000*Inputs!$G$9/Inputs!$G$8) -> 1.0524947 | M6: =1+(3000000/Capital!J$6)/((37000000/Capital!J$6)+1050000*Inputs!$G$9/Inputs!$G$8) -> 1.0557719
B8: Suite platforms, foundations, decks and bathrooms | C8: ZMW | D8: 12000000 | E8: 20 | G8: =($D8/Capital!D$6)*G$6*Capital!D$7*(1+0.05)*(1+0.25)*Capital!D$43/$E8 -> 37147.37 | H8: =($D8/Capital!E$6)*H$6*Capital!E$7*(1+0.05)*(1+0.25)*Capital!E$43/$E8 -> 37147.37 | I8: =($D8/Capital!F$6)*I$6*Capital!F$7*(1+0.05)*(1+0.25)*Capital!F$43/$E8 -> 44715.645 | J8: =($D8/Capital!G$6)*J$6*Capital!G$7*(1+0.05)*(1+0.25)*Capital!G$43/$E8 -> 44576.844 | K8: =($D8/Capital!H$6)*K$6*Capital!H$7*(1+0.05)*(1+0.25)*Capital!H$43/$E8 -> 53658.775 | L8: =($D8/Capital!I$6)*L$6*Capital!I$7*(1+0.05)*(1+0.25)*Capital!I$43/$E8 -> 38038.907 | M8: =($D8/Capital!J$6)*M$6*Capital!J$7*(1+0.05)*(1+0.25)*Capital!J$43/$E8 -> 54946.585
B9: Dining, kitchen, community, learning and wellness pavilions | C9: ZMW | D9: 8000000 | E9: 20 | G9: =($D9/Capital!D$6)*G$6*Capital!D$7*(1+0.05)*(1+0.25)*Capital!D$43/$E9 -> 24764.913 | H9: =($D9/Capital!E$6)*H$6*Capital!E$7*(1+0.05)*(1+0.25)*Capital!E$43/$E9 -> 24764.913 | I9: =($D9/Capital!F$6)*I$6*Capital!F$7*(1+0.05)*(1+0.25)*Capital!F$43/$E9 -> 29810.43 | J9: =($D9/Capital!G$6)*J$6*Capital!G$7*(1+0.05)*(1+0.25)*Capital!G$43/$E9 -> 29717.896 | K9: =($D9/Capital!H$6)*K$6*Capital!H$7*(1+0.05)*(1+0.25)*Capital!H$43/$E9 -> 35772.516 | L9: =($D9/Capital!I$6)*L$6*Capital!I$7*(1+0.05)*(1+0.25)*Capital!I$43/$E9 -> 25359.271 | M9: =($D9/Capital!J$6)*M$6*Capital!J$7*(1+0.05)*(1+0.25)*Capital!J$43/$E9 -> 36631.057
B10: Staff, service, laundry and store buildings | C10: ZMW | D10: 4000000 | E10: 20 | G10: =($D10/Capital!D$6)*G$6*Capital!D$7*(1+0.05)*(1+0.25)*Capital!D$43/$E10 -> 12382.457 | H10: =($D10/Capital!E$6)*H$6*Capital!E$7*(1+0.05)*(1+0.25)*Capital!E$43/$E10 -> 12382.457 | I10: =($D10/Capital!F$6)*I$6*Capital!F$7*(1+0.05)*(1+0.25)*Capital!F$43/$E10 -> 14905.215 | J10: =($D10/Capital!G$6)*J$6*Capital!G$7*(1+0.05)*(1+0.25)*Capital!G$43/$E10 -> 14858.948 | K10: =($D10/Capital!H$6)*K$6*Capital!H$7*(1+0.05)*(1+0.25)*Capital!H$43/$E10 -> 17886.258 | L10: =($D10/Capital!I$6)*L$6*Capital!I$7*(1+0.05)*(1+0.25)*Capital!I$43/$E10 -> 12679.636 | M10: =($D10/Capital!J$6)*M$6*Capital!J$7*(1+0.05)*(1+0.25)*Capital!J$43/$E10 -> 18315.528
B11: Site preparation, internal access, drainage and pathways | C11: ZMW | D11: 3000000 | E11: 20 | G11: =($D11/Capital!D$6)*G$6*Capital!D$7*(1+0.05)*(1+0.25)*Capital!D$43/$E11 -> 9286.8425 | H11: =($D11/Capital!E$6)*H$6*Capital!E$7*(1+0.05)*(1+0.25)*Capital!E$43/$E11 -> 9286.8425 | I11: =($D11/Capital!F$6)*I$6*Capital!F$7*(1+0.05)*(1+0.25)*Capital!F$43/$E11 -> 11178.911 | J11: =($D11/Capital!G$6)*J$6*Capital!G$7*(1+0.05)*(1+0.25)*Capital!G$43/$E11 -> 11144.211 | K11: =($D11/Capital!H$6)*K$6*Capital!H$7*(1+0.05)*(1+0.25)*Capital!H$43/$E11 -> 13414.694 | L11: =($D11/Capital!I$6)*L$6*Capital!I$7*(1+0.05)*(1+0.25)*Capital!I$43/$E11 -> 9509.7268 | M11: =($D11/Capital!J$6)*M$6*Capital!J$7*(1+0.05)*(1+0.25)*Capital!J$43/$E11 -> 13736.646
B12: Suite furniture, fittings and equipment, local | C12: ZMW | D12: 4000000 | E12: 7 | G12: =($D12/Capital!D$6)*G$6*Capital!D$7*(1+0.05)*(1+0.25)*Capital!D$43/$E12 -> 35378.448 | H12: =($D12/Capital!E$6)*H$6*Capital!E$7*(1+0.05)*(1+0.25)*Capital!E$43/$E12 -> 35378.448 | I12: =($D12/Capital!F$6)*I$6*Capital!F$7*(1+0.05)*(1+0.25)*Capital!F$43/$E12 -> 42586.329 | J12: =($D12/Capital!G$6)*J$6*Capital!G$7*(1+0.05)*(1+0.25)*Capital!G$43/$E12 -> 42454.137 | K12: =($D12/Capital!H$6)*K$6*Capital!H$7*(1+0.05)*(1+0.25)*Capital!H$43/$E12 -> 51103.595 | L12: =($D12/Capital!I$6)*L$6*Capital!I$7*(1+0.05)*(1+0.25)*Capital!I$43/$E12 -> 36227.53 | M12: =($D12/Capital!J$6)*M$6*Capital!J$7*(1+0.05)*(1+0.25)*Capital!J$43/$E12 -> 52330.081
B13: Local water, sanitation, power and fire infrastructure | C13: ZMW | D13: 5000000 | E13: 15 | G13: =($D13/Capital!D$6)*G$6*Capital!D$7*(1+0.05)*(1+0.25)*Capital!D$43/$E13 -> 20637.428 | H13: =($D13/Capital!E$6)*H$6*Capital!E$7*(1+0.05)*(1+0.25)*Capital!E$43/$E13 -> 20637.428 | I13: =($D13/Capital!F$6)*I$6*Capital!F$7*(1+0.05)*(1+0.25)*Capital!F$43/$E13 -> 24842.025 | J13: =($D13/Capital!G$6)*J$6*Capital!G$7*(1+0.05)*(1+0.25)*Capital!G$43/$E13 -> 24764.913 | K13: =($D13/Capital!H$6)*K$6*Capital!H$7*(1+0.05)*(1+0.25)*Capital!H$43/$E13 -> 29810.43 | L13: =($D13/Capital!I$6)*L$6*Capital!I$7*(1+0.05)*(1+0.25)*Capital!I$43/$E13 -> 21132.726 | M13: =($D13/Capital!J$6)*M$6*Capital!J$7*(1+0.05)*(1+0.25)*Capital!J$43/$E13 -> 30525.881
B14: Restoration earthworks, nursery and productive landscape | C14: ZMW | D14: 1000000 | E14: 15 | G14: =($D14/Capital!D$6)*G$6*Capital!D$7*(1+0.05)*(1+0.25)*Capital!D$43/$E14 -> 4127.4856 | H14: =($D14/Capital!E$6)*H$6*Capital!E$7*(1+0.05)*(1+0.25)*Capital!E$43/$E14 -> 4127.4856 | I14: =($D14/Capital!F$6)*I$6*Capital!F$7*(1+0.05)*(1+0.25)*Capital!F$43/$E14 -> 4968.4051 | J14: =($D14/Capital!G$6)*J$6*Capital!G$7*(1+0.05)*(1+0.25)*Capital!G$43/$E14 -> 4952.9827 | K14: =($D14/Capital!H$6)*K$6*Capital!H$7*(1+0.05)*(1+0.25)*Capital!H$43/$E14 -> 5962.0861 | L14: =($D14/Capital!I$6)*L$6*Capital!I$7*(1+0.05)*(1+0.25)*Capital!I$43/$E14 -> 4226.5452 | M14: =($D14/Capital!J$6)*M$6*Capital!J$7*(1+0.05)*(1+0.25)*Capital!J$43/$E14 -> 6105.1761
B15: Imported tent fabric and canvas | C15: USD | D15: 280000 | E15: 5 | G15: =($D15*Inputs!$G$9/Inputs!$G$8)*G$6*Capital!D$7*(1+0.05)*(1+0.25)*Capital!D$43/$E15 -> 66530.643 | H15: =($D15*Inputs!$G$9/Inputs!$G$8)*H$6*Capital!E$7*(1+0.05)*(1+0.25)*Capital!E$43/$E15 -> 66530.643 | I15: =($D15*Inputs!$G$9/Inputs!$G$8)*I$6*Capital!F$7*(1+0.05)*(1+0.25)*Capital!F$43/$E15 -> 66737.803 | J15: =($D15*Inputs!$G$9/Inputs!$G$8)*J$6*Capital!G$7*(1+0.05)*(1+0.25)*Capital!G$43/$E15 -> 79836.771 | K15: =($D15*Inputs!$G$9/Inputs!$G$8)*K$6*Capital!H$7*(1+0.05)*(1+0.25)*Capital!H$43/$E15 -> 80085.363 | L15: =($D15*Inputs!$G$9/Inputs!$G$8)*L$6*Capital!I$7*(1+0.05)*(1+0.25)*Capital!I$43/$E15 -> 68127.378 | M15: =($D15*Inputs!$G$9/Inputs!$G$8)*M$6*Capital!J$7*(1+0.05)*(1+0.25)*Capital!J$43/$E15 -> 82007.412
B16: Imported durable frames, decking hardware and fixings | C16: USD | D16: 420000 | E16: 15 | G16: =($D16*Inputs!$G$9/Inputs!$G$8)*G$6*Capital!D$7*(1+0.05)*(1+0.25)*Capital!D$43/$E16 -> 33265.321 | H16: =($D16*Inputs!$G$9/Inputs!$G$8)*H$6*Capital!E$7*(1+0.05)*(1+0.25)*Capital!E$43/$E16 -> 33265.321 | I16: =($D16*Inputs!$G$9/Inputs!$G$8)*I$6*Capital!F$7*(1+0.05)*(1+0.25)*Capital!F$43/$E16 -> 33368.901 | J16: =($D16*Inputs!$G$9/Inputs!$G$8)*J$6*Capital!G$7*(1+0.05)*(1+0.25)*Capital!G$43/$E16 -> 39918.386 | K16: =($D16*Inputs!$G$9/Inputs!$G$8)*K$6*Capital!H$7*(1+0.05)*(1+0.25)*Capital!H$43/$E16 -> 40042.682 | L16: =($D16*Inputs!$G$9/Inputs!$G$8)*L$6*Capital!I$7*(1+0.05)*(1+0.25)*Capital!I$43/$E16 -> 34063.689 | M16: =($D16*Inputs!$G$9/Inputs!$G$8)*M$6*Capital!J$7*(1+0.05)*(1+0.25)*Capital!J$43/$E16 -> 41003.706
B17: Imported specialist plant — solar, storage, water and kitchen | C17: USD | D17: 350000 | E17: 8 | G17: =($D17*Inputs!$G$9/Inputs!$G$8)*G$6*Capital!D$7*(1+0.05)*(1+0.25)*Capital!D$43/$E17 -> 51977.065 | H17: =($D17*Inputs!$G$9/Inputs!$G$8)*H$6*Capital!E$7*(1+0.05)*(1+0.25)*Capital!E$43/$E17 -> 51977.065 | I17: =($D17*Inputs!$G$9/Inputs!$G$8)*I$6*Capital!F$7*(1+0.05)*(1+0.25)*Capital!F$43/$E17 -> 52138.908 | J17: =($D17*Inputs!$G$9/Inputs!$G$8)*J$6*Capital!G$7*(1+0.05)*(1+0.25)*Capital!G$43/$E17 -> 62372.478 | K17: =($D17*Inputs!$G$9/Inputs!$G$8)*K$6*Capital!H$7*(1+0.05)*(1+0.25)*Capital!H$43/$E17 -> 62566.69 | L17: =($D17*Inputs!$G$9/Inputs!$G$8)*L$6*Capital!I$7*(1+0.05)*(1+0.25)*Capital!I$43/$E17 -> 53224.514 | M17: =($D17*Inputs!$G$9/Inputs!$G$8)*M$6*Capital!J$7*(1+0.05)*(1+0.25)*Capital!J$43/$E17 -> 64068.291
B18: Initial annual depreciation | G18: =SUM(G8:G17) -> 295497.97 | H18: =SUM(H8:H17) -> 295497.97 | I18: =SUM(I8:I17) -> 325252.57 | J18: =SUM(J8:J17) -> 354597.57 | K18: =SUM(K8:K17) -> 390303.09 | L18: =SUM(L8:L17) -> 302589.92 | M18: =SUM(M8:M17) -> 399670.36
B20: Tent fabric has a five-year life, the shortest asset here. Because the annual models read the life-capped schedule below, shortening any life to less than five years reduces that asset's charge in its final year and stops it afterwards, rather than depreciating past zero book value.
B21: Initial assets are ready at handover, so a full year of depreciation is charged in operating Year 1. Replacement capital expenditure of 3% of revenue is depreciated over five years using a half-year convention in the year it is spent.
B22: Statutory capital allowances are not modelled. The 30% tax charge is a transparent planning proxy applied to EBITDA less depreciation.
B24: Life-capped depreciation by operating year — each asset's annual charge stops when its editable life is exhausted, including a fractional final year, so a life shortened below five years can never be over-depreciated
B25: Operating year 1 depreciation on initial assets | G25: =SUMPRODUCT(G$8:G$17,(($E$8:$E$17-0)>=1)*1+(($E$8:$E$17-0)>0)*(($E$8:$E$17-0)<1)*($E$8:$E$17-0)) -> 295497.97 | H25: =SUMPRODUCT(H$8:H$17,(($E$8:$E$17-0)>=1)*1+(($E$8:$E$17-0)>0)*(($E$8:$E$17-0)<1)*($E$8:$E$17-0)) -> 295497.97 | I25: =SUMPRODUCT(I$8:I$17,(($E$8:$E$17-0)>=1)*1+(($E$8:$E$17-0)>0)*(($E$8:$E$17-0)<1)*($E$8:$E$17-0)) -> 325252.57 | J25: =SUMPRODUCT(J$8:J$17,(($E$8:$E$17-0)>=1)*1+(($E$8:$E$17-0)>0)*(($E$8:$E$17-0)<1)*($E$8:$E$17-0)) -> 354597.57 | K25: =SUMPRODUCT(K$8:K$17,(($E$8:$E$17-0)>=1)*1+(($E$8:$E$17-0)>0)*(($E$8:$E$17-0)<1)*($E$8:$E$17-0)) -> 390303.09 | L25: =SUMPRODUCT(L$8:L$17,(($E$8:$E$17-0)>=1)*1+(($E$8:$E$17-0)>0)*(($E$8:$E$17-0)<1)*($E$8:$E$17-0)) -> 302589.92 | M25: =SUMPRODUCT(M$8:M$17,(($E$8:$E$17-0)>=1)*1+(($E$8:$E$17-0)>0)*(($E$8:$E$17-0)<1)*($E$8:$E$17-0)) -> 399670.36
B26: Operating year 2 depreciation on initial assets | G26: =SUMPRODUCT(G$8:G$17,(($E$8:$E$17-1)>=1)*1+(($E$8:$E$17-1)>0)*(($E$8:$E$17-1)<1)*($E$8:$E$17-1)) -> 295497.97 | H26: =SUMPRODUCT(H$8:H$17,(($E$8:$E$17-1)>=1)*1+(($E$8:$E$17-1)>0)*(($E$8:$E$17-1)<1)*($E$8:$E$17-1)) -> 295497.97 | I26: =SUMPRODUCT(I$8:I$17,(($E$8:$E$17-1)>=1)*1+(($E$8:$E$17-1)>0)*(($E$8:$E$17-1)<1)*($E$8:$E$17-1)) -> 325252.57 | J26: =SUMPRODUCT(J$8:J$17,(($E$8:$E$17-1)>=1)*1+(($E$8:$E$17-1)>0)*(($E$8:$E$17-1)<1)*($E$8:$E$17-1)) -> 354597.57 | K26: =SUMPRODUCT(K$8:K$17,(($E$8:$E$17-1)>=1)*1+(($E$8:$E$17-1)>0)*(($E$8:$E$17-1)<1)*($E$8:$E$17-1)) -> 390303.09 | L26: =SUMPRODUCT(L$8:L$17,(($E$8:$E$17-1)>=1)*1+(($E$8:$E$17-1)>0)*(($E$8:$E$17-1)<1)*($E$8:$E$17-1)) -> 302589.92 | M26: =SUMPRODUCT(M$8:M$17,(($E$8:$E$17-1)>=1)*1+(($E$8:$E$17-1)>0)*(($E$8:$E$17-1)<1)*($E$8:$E$17-1)) -> 399670.36
B27: Operating year 3 depreciation on initial assets | G27: =SUMPRODUCT(G$8:G$17,(($E$8:$E$17-2)>=1)*1+(($E$8:$E$17-2)>0)*(($E$8:$E$17-2)<1)*($E$8:$E$17-2)) -> 295497.97 | H27: =SUMPRODUCT(H$8:H$17,(($E$8:$E$17-2)>=1)*1+(($E$8:$E$17-2)>0)*(($E$8:$E$17-2)<1)*($E$8:$E$17-2)) -> 295497.97 | I27: =SUMPRODUCT(I$8:I$17,(($E$8:$E$17-2)>=1)*1+(($E$8:$E$17-2)>0)*(($E$8:$E$17-2)<1)*($E$8:$E$17-2)) -> 325252.57 | J27: =SUMPRODUCT(J$8:J$17,(($E$8:$E$17-2)>=1)*1+(($E$8:$E$17-2)>0)*(($E$8:$E$17-2)<1)*($E$8:$E$17-2)) -> 354597.57 | K27: =SUMPRODUCT(K$8:K$17,(($E$8:$E$17-2)>=1)*1+(($E$8:$E$17-2)>0)*(($E$8:$E$17-2)<1)*($E$8:$E$17-2)) -> 390303.09 | L27: =SUMPRODUCT(L$8:L$17,(($E$8:$E$17-2)>=1)*1+(($E$8:$E$17-2)>0)*(($E$8:$E$17-2)<1)*($E$8:$E$17-2)) -> 302589.92 | M27: =SUMPRODUCT(M$8:M$17,(($E$8:$E$17-2)>=1)*1+(($E$8:$E$17-2)>0)*(($E$8:$E$17-2)<1)*($E$8:$E$17-2)) -> 399670.36
B28: Operating year 4 depreciation on initial assets | G28: =SUMPRODUCT(G$8:G$17,(($E$8:$E$17-3)>=1)*1+(($E$8:$E$17-3)>0)*(($E$8:$E$17-3)<1)*($E$8:$E$17-3)) -> 295497.97 | H28: =SUMPRODUCT(H$8:H$17,(($E$8:$E$17-3)>=1)*1+(($E$8:$E$17-3)>0)*(($E$8:$E$17-3)<1)*($E$8:$E$17-3)) -> 295497.97 | I28: =SUMPRODUCT(I$8:I$17,(($E$8:$E$17-3)>=1)*1+(($E$8:$E$17-3)>0)*(($E$8:$E$17-3)<1)*($E$8:$E$17-3)) -> 325252.57 | J28: =SUMPRODUCT(J$8:J$17,(($E$8:$E$17-3)>=1)*1+(($E$8:$E$17-3)>0)*(($E$8:$E$17-3)<1)*($E$8:$E$17-3)) -> 354597.57 | K28: =SUMPRODUCT(K$8:K$17,(($E$8:$E$17-3)>=1)*1+(($E$8:$E$17-3)>0)*(($E$8:$E$17-3)<1)*($E$8:$E$17-3)) -> 390303.09 | L28: =SUMPRODUCT(L$8:L$17,(($E$8:$E$17-3)>=1)*1+(($E$8:$E$17-3)>0)*(($E$8:$E$17-3)<1)*($E$8:$E$17-3)) -> 302589.92 | M28: =SUMPRODUCT(M$8:M$17,(($E$8:$E$17-3)>=1)*1+(($E$8:$E$17-3)>0)*(($E$8:$E$17-3)<1)*($E$8:$E$17-3)) -> 399670.36
B29: Operating year 5 depreciation on initial assets | G29: =SUMPRODUCT(G$8:G$17,(($E$8:$E$17-4)>=1)*1+(($E$8:$E$17-4)>0)*(($E$8:$E$17-4)<1)*($E$8:$E$17-4)) -> 295497.97 | H29: =SUMPRODUCT(H$8:H$17,(($E$8:$E$17-4)>=1)*1+(($E$8:$E$17-4)>0)*(($E$8:$E$17-4)<1)*($E$8:$E$17-4)) -> 295497.97 | I29: =SUMPRODUCT(I$8:I$17,(($E$8:$E$17-4)>=1)*1+(($E$8:$E$17-4)>0)*(($E$8:$E$17-4)<1)*($E$8:$E$17-4)) -> 325252.57 | J29: =SUMPRODUCT(J$8:J$17,(($E$8:$E$17-4)>=1)*1+(($E$8:$E$17-4)>0)*(($E$8:$E$17-4)<1)*($E$8:$E$17-4)) -> 354597.57 | K29: =SUMPRODUCT(K$8:K$17,(($E$8:$E$17-4)>=1)*1+(($E$8:$E$17-4)>0)*(($E$8:$E$17-4)<1)*($E$8:$E$17-4)) -> 390303.09 | L29: =SUMPRODUCT(L$8:L$17,(($E$8:$E$17-4)>=1)*1+(($E$8:$E$17-4)>0)*(($E$8:$E$17-4)<1)*($E$8:$E$17-4)) -> 302589.92 | M29: =SUMPRODUCT(M$8:M$17,(($E$8:$E$17-4)>=1)*1+(($E$8:$E$17-4)>0)*(($E$8:$E$17-4)<1)*($E$8:$E$17-4)) -> 399670.36
B30: Row 18 shows the initial annual charge at full lives. Rows 25 to 29 are the charges actually used by the annual models, so editing a life on this sheet flows through correctly. With the current lives (minimum five years) every operating year carries the full charge and the reported outputs are unchanged.

Sheet Development
B2: Development draw schedule — 18-month pre-opening programme
B3: Months 1-3 design, ecology and tenure. Months 4-6 site works and procurement. Months 7-12 utilities and build. Months 13-15 fit-out. Months 16-18 commissioning and training. The actual programme depends on permits, weather and suppliers, and no raise is secured.
B5: Month | D5: 1 | E5: 2 | F5: 3 | G5: 4 | H5: 5 | I5: 6 | J5: 7 | K5: 8 | L5: 9 | M5: 10 | N5: 11 | O5: 12 | P5: 13 | Q5: 14 | R5: 15 | S5: 16 | T5: 17 | U5: 18 | W5: Total
B6: Phase | D6: Design, ecology, tenure | E6: Design, ecology, tenure | F6: Design, ecology, tenure | G6: Site works, procurement | H6: Site works, procurement | I6: Site works, procurement | J6: Utilities and build | K6: Utilities and build | L6: Utilities and build | M6: Utilities and build | N6: Utilities and build | O6: Utilities and build | P6: Fit-out | Q6: Fit-out | R6: Fit-out | S6: Commissioning, training | T6: Commissioning, training | U6: Commissioning, training
B7: Capital draw weight | D7: 0.02 | E7: 0.02 | F7: 0.02 | G7: 0.04 | H7: 0.04 | I7: 0.04 | J7: 0.08 | K7: 0.08 | L7: 0.08 | M7: 0.08 | N7: 0.08 | O7: 0.08 | P7: 0.07 | Q7: 0.07 | R7: 0.07 | S7: 0.05 | T7: 0.04 | U7: 0.04 | W7: =SUM(D7:U7) -> 1
B8: Capital draw (EUR) | D8: =D7*Capital!$D$28 -> 70764.081 | E8: =E7*Capital!$D$28 -> 70764.081 | F8: =F7*Capital!$D$28 -> 70764.081 | G8: =G7*Capital!$D$28 -> 141528.16 | H8: =H7*Capital!$D$28 -> 141528.16 | I8: =I7*Capital!$D$28 -> 141528.16 | J8: =J7*Capital!$D$28 -> 283056.32 | K8: =K7*Capital!$D$28 -> 283056.32 | ... U8: =U7*Capital!$D$28 -> 141528.16 | W8: =SUM(D8:U8) -> 3538204
B9: Pre-opening expense weight | D9: 0.033333333 | E9: 0.033333333 | F9: 0.033333333 | G9: 0.05 | H9: 0.05 | I9: 0.05 | J9: 0.041666667 | K9: 0.041666667 | L9: 0.041666667 | M9: 0.041666667 | N9: 0.041666667 | O9: 0.041666667 | P9: 0.066666667 | Q9: 0.066666667 | R9: 0.066666667 | S9: 0.1 | T9: 0.1 | U9: 0.1 | W9: =SUM(D9:U9) -> 1
B10: Pre-opening expense before contingency (EUR) | D10: =D9*(Capital!$D$29+Capital!$D$31) -> 7815.1863 | E10: =E9*(Capital!$D$29+Capital!$D$31) -> 7815.1863 | F10: =F9*(Capital!$D$29+Capital!$D$31) -> 7815.1863 | G10: =G9*(Capital!$D$29+Capital!$D$31) -> 11722.779 | H10: =H9*(Capital!$D$29+Capital!$D$31) -> 11722.779 | I10: =I9*(Capital!$D$29+Capital!$D$31) -> 11722.779 | J10: =J9*(Capital!$D$29+Capital!$D$31) -> 9768.9829 | K10: =K9*(Capital!$D$29+Capital!$D$31) -> 9768.9829 | ... U10: =U9*(Capital!$D$29+Capital!$D$31) -> 23445.559 | W10: =SUM(D10:U10) -> 234455.59
B11: Government partnership assumption — no land rent during development (set to zero, shown for transparency) | D11: 0 | E11: 0 | F11: 0 | G11: 0 | H11: 0 | I11: 0 | J11: 0 | K11: 0 | L11: 0 | M11: 0 | N11: 0 | O11: 0 | P11: 0 | Q11: 0 | R11: 0 | S11: 0 | T11: 0 | U11: 0 | W11: =SUM(D11:U11) -> 0
B12: Expense contingency at 20% | D12: =0.2*(D10+D11) -> 1563.0373 | E12: =0.2*(E10+E11) -> 1563.0373 | F12: =0.2*(F10+F11) -> 1563.0373 | G12: =0.2*(G10+G11) -> 2344.5559 | H12: =0.2*(H10+H11) -> 2344.5559 | I12: =0.2*(I10+I11) -> 2344.5559 | J12: =0.2*(J10+J11) -> 1953.7966 | K12: =0.2*(K10+K11) -> 1953.7966 | ... U12: =0.2*(U10+U11) -> 4689.1118 | W12: =SUM(D12:U12) -> 46891.118
B13: Government partnership assumption — no refundable land deposit | D13: =Capital!$D$35 -> 0 | W13: =SUM(D13:U13) -> 0
B14: Total monthly use of funds | D14: =D8+D10+D11+D12+IF(ISBLANK(D13),0,D13) -> 80142.304 | E14: =E8+E10+E11+E12+IF(ISBLANK(E13),0,E13) -> 80142.304 | F14: =F8+F10+F11+F12+IF(ISBLANK(F13),0,F13) -> 80142.304 | G14: =G8+G10+G11+G12+IF(ISBLANK(G13),0,G13) -> 155595.5 | H14: =H8+H10+H11+H12+IF(ISBLANK(H13),0,H13) -> 155595.5 | I14: =I8+I10+I11+I12+IF(ISBLANK(I13),0,I13) -> 155595.5 | J14: =J8+J10+J11+J12+IF(ISBLANK(J13),0,J13) -> 294779.1 | K14: =K8+K10+K11+K12+IF(ISBLANK(K13),0,K13) -> 294779.1 | ... U14: =U8+U10+U11+U12+IF(ISBLANK(U13),0,U13) -> 169662.83 | W14: =SUM(D14:U14) -> 3819550.8
B15: Funding drawn (available from month 1) | D15: =Capital!$D$37 -> 4619550.8
B16: Cash balance during development | D16: =D15-D14 -> 4539408.4 | E16: =D16-E14 -> 4459266.1 | F16: =E16-F14 -> 4379123.8 | G16: =F16-G14 -> 4223528.3 | H16: =G16-H14 -> 4067932.8 | I16: =H16-I14 -> 3912337.3 | J16: =I16-J14 -> 3617558.2 | K16: =J16-K14 -> 3322779.1 | L16: =K16-L14 -> 3028000 | ... U16: =T16-U14 -> 800000
B18: Cash at handover, end of month 18 | D18: =U16 -> 800000
B19: Opening cash reserve target | D19: =Inputs!$D$55 -> 800000
B20: Check — handover cash equals the opening reserve | D20: =IF(ABS(D18-D19)<1,"OK","CHECK") -> OK
B22: There is no guest revenue during construction, and no bookings are taken before handover. Pre-opening expenses are one-off items shown here; they do not repeat in the operating years. The 40 bookable weeks describe a full operating year, not a construction year.
B23: Funding is shown as available from month 1 for cash-modelling purposes only. No raise is secured, and no interest or debt terms are assumed.
